Workbook
Name _____________ANX1: #REF!
Name _____________ANX1: #REF!
Name _____________ANX1: #REF!
Name _____________ANX1: #REF!
Name _____________ANX1: #REF!
Name _____________ANX1: #REF!
Name _____________ANX1: #REF!
Name _____________ANX1: #REF!
Name _____________ANX1: #REF!
Name _____________ANX2: #REF!
Name _____________ANX2: #REF!
Name _____________ANX2: #REF!
Name _____________ANX2: #REF!
Name _____________ANX2: #REF!
Name _____________ANX2: #REF!
Name _____________ANX2: #REF!
Name _____________ANX2: #REF!
Name _____________ANX2: #REF!
Name _____________ANX3: #REF!
Name _____________ANX3: #REF!
Name _____________ANX3: #REF!
Name _____________ANX3: #REF!
Name _____________ANX3: #REF!
Name _____________ANX3: #REF!
Name _____________ANX3: #REF!
Name _____________ANX3: #REF!
Name _____________ANX3: #REF!
Name _____________SCH11: #REF!
Name _____________SCH11: #REF!
Name _____________SCH11: #REF!
Name _____________SCH11: #REF!
Name _____________SCH11: #REF!
Name _____________SCH11: #REF!
Name _____________SCH11: #REF!
Name _____________SCH11: #REF!
Name _____________SCH11: #REF!
Name ____________ANX1: #REF!
Name ____________ANX1: #REF!
Name ____________ANX1: #REF!
Name ____________ANX1: #REF!
Name ____________ANX1: #REF!
Name ____________ANX1: #REF!
Name ____________ANX1: #REF!
Name ____________ANX1: #REF!
Name ____________ANX1: #REF!
Name ____________ANX2: #REF!
Name ____________ANX2: #REF!
Name ____________ANX2: #REF!
Name ____________ANX2: #REF!
Name ____________ANX2: #REF!
Name ____________ANX2: #REF!
Name ____________ANX2: #REF!
Name ____________ANX2: #REF!
Name ____________ANX2: #REF!
Name ____________ANX3: #REF!
Name ____________ANX3: #REF!
Name ____________ANX3: #REF!
Name ____________ANX3: #REF!
Name ____________ANX3: #REF!
Name ____________ANX3: #REF!

Sheet GEN INFO(MLT)
C2: APPENDIX - VI
C3: GENERAL INFORMATION OF THE SOCIETY / INSTITUTION
D5: PLEASE NOTE THAT YOU SHOULD FILL IN PARTICULARS FOR ONLY THOSE PROGRAMMES WHICH ARE OFFERED IN THE COLLEGE AND DELETE THOSE WHICH ARE NOT OFFERED IN ALL THE SCHEDULES WHERE APPLICABLE
D8: NAME OF THE SOCIETY /TRUST : | F8: PRATHIMA EDUCATIONAL SOCIETY
D9: COURSE | I9: B.Sc (MLT) , B.Sc(AHS) & PARA MEDICAL
D11: ADDRESS OF THE TRUST | I11: PLOT NO.213, ROAD NO.1 FILM NAGAR, HYDERABAD-96
D13: NO. OF INSTITUTIONS UNDER THE SOCIETY | I13: 3
D15: NAMES OF THE INSTITUTIONS UNDER THE SOCIETY
D17: S.No. | E17: NAME | I17: EAMCET CODE
D19: A | E19: PRATHIMA INSTITUTE OF MEDICAL SCIENCES (PRIM)
D20: B | E20: PRATHIMA COLLEGE OF NURSING (PRCN)
D21: C | E21: PRATHIMA INSTITUTE OF MEDICAL SCIENCES (PRML)
D25: ADDRESS OF THE INSTITUTION | I25: VILLAGE NAGUNURU, DIST KARIMNAGAR, TS
D27: DETAILS OF SANCTIONED PROGRAMMES, INTAKE & STUDENTS ADMITTED FOR THE YEAR 2024-25
D29: S.NO. | E29: SANCTIONED | I29: STUDENTS ADMITTED | K29: FEE PROPOSAL FOR THE BLOCK PERIOD 2026-27 to 2028-29
E30: COURSE | F30: YEAR | G30: BRANCH | H30: INTAKE | I30: CATEGORY | J30: INTAKE
D31: Under Graduate Course:
D32: 1 | E32: B.Sc MLT | F32: 1ST YEAR | G32: ECE-1 | H32: 30 | I32: A | J32: 28 | K32: Fee proposed for the Block Period Rs.45,000 for Competent Authority and Upto Rs.90,000 for Management.
H33: 20 | I33: B | J33: 20
F34: Sub Total | H34: =SUM(H32:H33) -> 50 | J34: =SUM(J32:J33) -> 48
F35: 2ND YEAR | G35: ECE-2 | H35: 30 | I35: A | J35: 28
H36: 20 | I36: B | J36: 21
F37: Sub Total | H37: =SUM(H35:H36) -> 50 | J37: =SUM(J35:J36) -> 49
F38: 3RD YEAR | G38: EEE | H38: 30 | I38: A | J38: 28
H39: 20 | I39: B | J39: 20
F40: Sub Total | H40: =SUM(H38:H39) -> 50 | J40: =SUM(J38:J39) -> 48
D41: TOTAL | H41: =H34+H37+H40 -> 150 | J41: =J34+J37+J40 -> 145
D42: Under Graduate Course:
D43: 2 | E43: BSC (ALLIED) COURSES | F43: YEAR | G43: INTAKE | H43: INTAKE | I43: CATEGORY | J43: INTAKE | K43: Fee proposed for the Block Period Rs.45,000 for Competent Authority and Upto Rs.90,000 for Management.
E45: Anaesthesia Technology | F45: IST YEAR | H45: 12 | I45: Competent Authourity | J45: 11
H46: 8 | I46: Management seats | J46: 8
F48: 2ND YEAR | H48: 12 | I48: Competent Authourity | J48: 12
H49: 8 | I49: Management seats | J49: 8
F51: 3RD YEAR | H51: 0 | I51: Competent Authourity | J51: 0
H52: 0 | I52: Management seats | J52: 0
E54: Operation Theatre Technology | F54: IST YEAR | H54: 12 | I54: Competent Authourity | J54: 12
H55: 8 | I55: Management seats | J55: 7
F57: 2ND YEAR | H57: 12 | I57: Competent Authourity | J57: 10
H58: 8 | I58: Management seats | J58: 7
F60: 3RD YEAR | H60: 0 | I60: Competent Authourity | J60: 0
H61: 0 | I61: Management seats | J61: 0
E63: Cardiac & Cardio Vascular Technology | F63: IST YEAR | H63: 12 | I63: Competent Authourity | J63: 12
H64: 8 | I64: Management seats | J64: 8
F66: 2ND YEAR | H66: 12 | I66: Competent Authourity | J66: 11
H67: 8 | I67: Management seats | J67: 8
F69: 3RD YEAR | H69: 0 | I69: Competent Authourity | J69: 0
H70: 0 | I70: Management seats | J70: 0
E72: Rental Dialysis Technology | F72: IST YEAR | H72: 12 | I72: Competent Authourity | J72: 9
H73: 8 | I73: Management seats | J73: 7
F75: 2ND YEAR | H75: 12 | I75: Competent Authourity | J75: 9
H76: 8 | I76: Management seats | J76: 2
F78: 3RD YEAR | H78: 0 | I78: Competent Authourity | J78: 0
H79: 0 | I79: Management seats | J79: 0
E81: Optometry | F81: IST YEAR | H81: 12 | I81: Competent Authourity | J81: 9
H82: 8 | I82: Management seats | J82: 2
F84: 2ND YEAR | H84: 12 | I84: Competent Authourity | J84: 5
H85: 8 | I85: Management seats | J85: 0
F87: 3RD YEAR | H87: 0 | I87: Competent Authourity | J87: 0
H88: 0 | I88: Management seats | J88: 0
E90: Respiratory Therapy Technology | F90: IST YEAR | H90: 12 | I90: Competent Authourity | J90: 11
H91: 8 | I91: Management seats | J91: 4
F93: 2ND YEAR | H93: 12 | I93: Competent Authourity | J93: 10
H94: 8 | I94: Management seats | J94: 1
F96: 3RD YEAR | H96: 0 | I96: Competent Authourity | J96: 0
H97: 0 | I97: Management seats | J97: 0
E99: Neuro Science Technology | F99: IST YEAR | H99: 12 | I99: Competent Authourity | J99: 12
H100: 8 | I100: Management seats | J100: 6
F102: 2ND YEAR | H102: 12 | I102: Competent Authourity | J102: 12
H103: 8 | I103: Management seats | J103: 2
F105: 3RD YEAR | H105: 0 | I105: Competent Authourity | J105: 0
H106: 0 | I106: Management seats | J106: 0
E108: Critical Care Technology | F108: IST YEAR | H108: 12 | I108: Competent Authourity | J108: 12
H109: 8 | I109: Management seats | J109: 7
F111: 2ND YEAR | H111: 12 | I111: Competent Authourity | J111: 9
H112: 8 | I112: Management seats | J112: 2
F114: 3RD YEAR | H114: 0 | I114: Competent Authourity | J114: 0
H115: 0 | I115: Management seats | J115: 0
E117: Radiology & Imaging Technology | F117: IST YEAR | H117: 12 | I117: Competent Authourity | J117: 12
H118: 8 | I118: Management seats | J118: 8
F120: 2ND YEAR | H120: 12 | I120: Competent Authourity | J120: 11
H121: 8 | I121: Management seats | J121: 8
F123: 3RD YEAR | H123: 0 | I123: Competent Authourity | J123: 0
H124: 0 | I124: Management seats | J124: 0
E126: Audiology & Speech Therapy Technology | F126: IST YEAR | H126: 12 | I126: Competent Authourity | J126: 7
H127: 8 | I127: Management seats | J127: 0
F129: 2ND YEAR | H129: 12 | I129: Competent Authourity | J129: 9
H130: 8 | I130: Management seats | J130: 0
F132: 3RD YEAR | H132: 0 | I132: Competent Authourity | J132: 0
H133: 0 | I133: Management seats | J133: 0
E135: Medical Records Sciences | F135: IST YEAR | H135: 12 | I135: Competent Authourity | J135: 4
H136: 8 | I136: Management seats | J136: 0
F138: 2ND YEAR | H138: 12 | I138: Competent Authourity | J138: 6
H139: 8 | I139: Management seats | J139: 0
F141: 3RD YEAR | H141: 0 | I141: Competent Authourity | J141: 0
H142: 0 | I142: Management seats | J142: 0
D144: TOTAL | H144: =+SUM(H44:H143) -> 440 | J144: =+SUM(J44:J143) -> 310
D145: Post Graduate Course:
D146: 3 | E146: PARA MEDICAL COURSES | F146: YEAR | G146: INTAKE | H146: INTAKE | I146: CATEGORY | J146: INTAKE | K146: Fee proposed for the Block Period Rs.20,000 for Competent Authority and Upto Rs.40,000 for Management.
E147: (With each speciality Separtely)
E149: DOT | F149: 1ST YEAR | H149: 18 | I149: Competent Authourity | J149: 1
...

Sheet Statement1 BSC(MLT)
C3: NAME OF THE INSTITUTION | G3: PRATHIMA INSTITUTE OF MEDICAL SCIENCES
G4: BSC(MLT) , BSC(AHS) & PARA MEDICAL | J4: STATEMENT - 1
C5: INCOME & EXPENDITURE STATEMENT OF THE INSTITUTION FOR THE FINANCIAL YEAR 2023-24 & 2024-25 | L5: AMOUNT IN RS.
C6: PARTICULARS | G6: BSC(MLT) | I6: BSC(ALLIED) | K6: PARA MEDICAL | M6: CONSOLIDATED
G7: FOR THE PERIOD FROM 01/04/2023 TO 31/03/2024 | H7: FOR THE PERIOD FROM 01/04/2024 TO 31/03/2025 | I7: FOR THE PERIOD FROM 01/04/2023 TO 31/03/2024 | J7: FOR THE PERIOD FROM 01/04/2024 TO 31/03/2025 | K7: FOR THE PERIOD FROM 01/04/2024 TO 31/03/2025 | L7: FOR THE PERIOD FROM 01/04/2024 TO 31/03/2025 | M7: FOR THE PERIOD FROM 01/04/2024 TO 31/03/2025 | N7: FOR THE PERIOD FROM 01/04/2024 TO 31/03/2025
C8: INCOME:
D9: Fee Collection | G9: 4071000 | H9: 4215500 | I9: 6255000 | J9: 15480000 | K9: 0 | L9: 160000 | M9: =G9+I9+K9 -> 10326000 | N9: =H9+J9+L9 -> 19855500
F10: Less Development Fund (NRI) | G10: 0 | H10: 0 | I10: 0 | J10: 0 | K10: 0 | L10: 0 | M10: =G10+I10+K10 -> 0 | N10: =H10+J10+L10 -> 0
F11: Net Collection : (Fee Collection - Development Fund) | G11: 4071000 | H11: 4215500 | I11: 6255000 | J11: 15480000 | K11: 0 | L11: 160000 | M11: =G11+I11+K11 -> 10326000 | N11: =H11+J11+L11 -> 19855500
F12: Special fee | G12: 0 | H12: 0 | I12: 0 | J12: 0 | K12: 0 | L12: 0 | M12: =G12+I12+K12 -> 0 | N12: =H12+J12+L12 -> 0
D13: OTHER INCOME
E14: Income from Patients | G14: 0 | H14: 0 | I14: 0 | J14: 0 | K14: 0 | L14: 0 | M14: =G14+I14+K14 -> 0 | N14: =H14+J14+L14 -> 0
E15: Interest Received | G15: 0 | H15: 0 | I15: 0 | J15: 0 | K15: 0 | L15: 0 | M15: =G15+I15+K15 -> 0 | N15: =H15+J15+L15 -> 0
E16: College Bus FeeCollections | G16: 0 | H16: 0 | I16: 0 | J16: 0 | K16: 0 | L16: 0 | M16: =G16+I16+K16 -> 0 | N16: =H16+J16+L16 -> 0
E17: Interest on AICTE FDRs | G17: 0 | H17: 0 | I17: 0 | J17: 0 | K17: 0 | L17: 0 | M17: =G17+I17+K17 -> 0 | N17: =H17+J17+L17 -> 0
E18: Interest on Electricity Deposits | G18: 0 | H18: 0 | I18: 0 | J18: 0 | K18: 0 | L18: 0 | M18: =G18+I18+K18 -> 0 | N18: =H18+J18+L18 -> 0
E19: Surplus from Seminars | G19: 0 | H19: 0 | I19: 0 | J19: 0 | K19: 0 | L19: 0 | M19: =G19+I19+K19 -> 0 | N19: =H19+J19+L19 -> 0
E20: Miscellaneous Income | G20: 0 | H20: 0 | I20: 0 | J20: 0 | K20: 0 | L20: 0 | M20: =G20+I20+K20 -> 0 | N20: =H20+J20+L20 -> 0
E21: Any other Income (specify Head-wise) | G21: 0 | H21: 0 | I21: 0 | J21: 0 | K21: 0 | L21: 0 | M21: =G21+I21+K21 -> 0 | N21: =H21+J21+L21 -> 0
F22: Pharmacy Sales | G22: 0 | H22: 0 | I22: 0 | J22: 0 | K22: 0 | L22: 0 | M22: =G22+I22+K22 -> 0 | N22: =H22+J22+L22 -> 0
F23: Hostel / Other Fee | G23: 0 | H23: 0 | I23: 0 | J23: 0 | K23: 0 | L23: 0 | M23: =G23+I23+K23 -> 0 | N23: =H23+J23+L23 -> 0
D24: Revenue Grants
D25: Donations & Contributions
C26: TOTAL INCOME | G26: =+SUM(G11:G25) -> 4071000 | H26: =+SUM(H11:H25) -> 4215500 | I26: =+SUM(I11:I25) -> 6255000 | J26: =+SUM(J11:J25) -> 15480000 | K26: =+SUM(K11:K25) -> 0 | L26: =+SUM(L11:L25) -> 160000 | M26: =+SUM(M11:M25) -> 10326000 | N26: =+SUM(N11:N25) -> 19855500
C28: EXPENDITURE
D29: SALARIES
E30: Department wise Staff (Clinical) Salaries | G30: 2278345.8 | H30: 4407123.2 | I30: 2154354.2 | J30: 9141802.9 | K30: 0 | L30: 238222.88 | M30: =G30+I30+K30 -> 4432700 | N30: =H30+J30+L30 -> 13787149
F31: Eligible Staff
E32: Department wise Staff (Non-Clinical) Salaries | G32: 0 | H32: 0 | I32: 0 | J32: 0 | K32: 0 | L32: 0 | M32: =G32+I32+K32 -> 0 | N32: =H32+J32+L32 -> 0
F33: Eligible Staff
E34: Ancillary Serivices Staff Salaries | G34: 3138923.9 | H34: 2375301.2 | I34: 2968098.1 | J34: 4927145.1 | K34: 0 | L34: 128394.66 | M34: =G34+I34+K34 -> 6107022 | N34: =H34+J34+L34 -> 7430841
F35: Eligible Staff
D37: Administrative & Other Expenses | G37: 0 | H37: 0 | I37: 0 | J37: 0 | K37: 0 | L37: 0 | M37: =G37+I37+K37 -> 0 | N37: =H37+J37+L37 -> 0
D38: Finance Costs | G38: 0 | H38: 0 | I38: 0 | J38: 0 | K38: 0 | L38: 0 | M38: =G38+I38+K38 -> 0 | N38: =H38+J38+L38 -> 0
D39: Depreciation | G39: 0 | H39: 0 | I39: 0 | J39: 0 | K39: 0 | L39: 0 | M39: =G39+I39+K39 -> 0 | N39: =H39+J39+L39 -> 0
D40: Utilisation of Revenue Grants | G40: 0 | H40: 0 | I40: 0 | J40: 0 | K40: 0 | L40: 0 | M40: =G40+I40+K40 -> 0 | N40: =H40+J40+L40 -> 0
C41: TOTAL EXPENDITURE | G41: =+SUM(G28:G40) -> 5417269.7 | H41: =+SUM(H28:H40) -> 6782424.4 | I41: =+SUM(I28:I40) -> 5122452.3 | J41: =+SUM(J28:J40) -> 14068948 | K41: =+SUM(K28:K40) -> 0 | L41: =+SUM(L28:L40) -> 366617.54 | M41: =+SUM(M28:M40) -> 10539722 | N41: =+SUM(N28:N40) -> 21217990
D42: Surplus/ (Deficit) | G42: =+G26-G41 -> -1346269.7 | H42: =+H26-H41 -> -2566924.4 | I42: =+I26-I41 -> 1132547.7 | J42: =+J26-J41 -> 1411052 | K42: =+K26-K41 -> 0 | L42: =+L26-L41 -> -206617.54 | M42: =G42+I42+K42 -> -213722 | N42: =H42+J42+L42 -> -1362490
C43: SANCTIONED INTAKE / APPROVED BY UNIVERSITY | G43: 147 | H43: 148 | I43: 139 | J43: 307 | K43: 0 | L43: 8 | M43: =G43+I43+K43 -> 286 | N43: =H43+J43+L43 -> 463
C44: AVERAGE EXPENDITURE PER STUDENT | G44: =G41/G43 -> 36852.175 | H44: =H41/H43 -> 45827.192 | I44: =I41/I43 -> 36852.175 | J44: =J41/J43 -> 45827.192 | K44: 0 | L44: =L41/L43 -> 45827.192 | M44: =M41/M43 -> 36852.175 | N44: =N41/N43 -> 45827.192

Sheet Statement2 BSC(MLT)
B2: NAME OF THE SOCIETY | F2: PRATHIMA EDUCATION SOCIETY
B3: STATEMENT - 2
B4: INCOME & EXPENDITURE STATEMENT OF THE SOCIETY FOR THE FINANCIAL YEAR 2020-21 , 2021-22 & 2022-23
B5: PARTICULARS | F5: SOCIETY | H5: PIMS-BSC(MLT) , BSC(ALLIED) & PARA MEDICAL | J5: PIMS(MBBS & PG) AND PRATHIMA COLLEGE OF NURSING
F6: FOR THE PERIOD FROM 01/04/2023 TO 31/03/2024 | G6: FOR THE PERIOD FROM 01/04/2024 TO 31/03/2025 | H6: FOR THE PERIOD FROM 01/04/2023 TO 31/03/2024 | I6: FOR THE PERIOD FROM 01/04/2024 TO 31/03/2025 | J6: FOR THE PERIOD FROM 01/04/2023 TO 31/03/2024 | K6: FOR THE PERIOD FROM 01/04/2024 TO 31/03/2025
B7: INCOME:
C8: Fee Collection | F8: 1132356825 | G8: 1335340600 | H8: 10326000 | I8: 19855500 | J8: =F8-H8 -> 1122030825 | K8: =G8-I8 -> 1315485100
E9: Less Development Fund (NRI) | F9: 0 | G9: 0 | H9: 0 | I9: 0 | J9: =F9-H9 -> 0 | K9: =G9-I9 -> 0
E10: Net Collection : (Fee Collection - Development Fund) | F10: 1132356825 | G10: 1335340600 | H10: 10326000 | I10: 19855500 | J10: =F10-H10 -> 1122030825 | K10: =G10-I10 -> 1315485100
E11: Special fee | F11: 0 | G11: 0 | H11: 0 | I11: 0 | J11: =F11-H11 -> 0 | K11: =G11-I11 -> 0
C12: OTHER INCOME
D13: Income from Patients | F13: 2.2669178e+08 | G13: 2.6459093e+08 | H13: 0 | I13: 0 | J13: =F13-H13 -> 2.2669178e+08 | K13: =G13-I13 -> 2.6459093e+08
D14: Interest Received | F14: 0 | G14: 0 | H14: 0 | I14: 0 | J14: =F14-H14 -> 0 | K14: =G14-I14 -> 0
D15: College Bus FeeCollections | F15: 0 | G15: 0 | H15: 0 | I15: 0 | J15: =F15-H15 -> 0 | K15: =G15-I15 -> 0
D16: Interest on AICTE FDRs | F16: 29693262 | G16: 32480235 | H16: 0 | I16: 0 | J16: =F16-H16 -> 29693262 | K16: =G16-I16 -> 32480235
D17: Interest on Electricity Deposits | F17: 32609 | G17: 845281 | H17: 0 | I17: 0 | J17: =F17-H17 -> 32609 | K17: =G17-I17 -> 845281
D18: Surplus from Seminars | F18: 0 | G18: 0 | H18: 0 | I18: 0 | J18: =F18-H18 -> 0 | K18: =G18-I18 -> 0
D19: Miscellaneous Income | F19: 31138052 | G19: 1891964.1 | H19: 0 | I19: 0 | J19: =F19-H19 -> 31138052 | K19: =G19-I19 -> 1891964.1
D20: Any other Income (specify Head-wise)
E21: Pharmacy Sales | F21: 11828455 | G21: 14880580 | H21: 0 | I21: 0 | J21: =F21-H21 -> 11828455 | K21: =G21-I21 -> 14880580
E22: Hostel / Other Fee | F22: 1.3558956e+08 | G22: 1.4558773e+08 | H22: 0 | I22: 0 | J22: =F22-H22 -> 1.3558956e+08 | K22: =G22-I22 -> 1.4558773e+08
C23: Revenue Grants
C24: Donations & Contributions
B25: TOTAL INCOME | F25: =+SUM(F10:F24) -> 1.5673305e+09 | G25: =+SUM(G10:G24) -> 1.7956173e+09 | H25: =+SUM(H10:H24) -> 10326000 | I25: =+SUM(I10:I24) -> 19855500 | J25: =+SUM(J10:J24) -> 1.5570045e+09 | K25: =+SUM(K10:K24) -> 1.7757618e+09
B27: EXPENDITURE
C28: SALARIES
D29: Department wise Staff (Clinical) Salaries | F29: 241498762 | G29: 213010978 | H29: 4432700 | I29: 13787149 | J29: =F29-H29 -> 237066062 | K29: =G29-I29 -> 199223829
E30: Eligible Staff
D31: Department wise Staff (Non-Clinical) Salaries | F31: 78210975 | G31: 90924931 | H31: 0 | I31: 0 | J31: =F31-H31 -> 78210975 | K31: =G31-I31 -> 90924931
E32: Eligible Staff
D33: Ancillary Serivices Staff Salaries | F33: 121199093 | G33: 147603759 | H33: 6107022 | I33: 7430841 | J33: =F33-H33 -> 115092071 | K33: =G33-I33 -> 140172918
E34: Eligible Staff
C36: Administrative & Other Expenses | F36: 8.8900253e+08 | G36: 9.1058733e+08 | H36: 0 | I36: 0 | J36: =F36-H36 -> 8.8900253e+08 | K36: =G36-I36 -> 9.1058733e+08
C37: Finance Costs | F37: 30890897 | G37: 32521821 | H37: 0 | I37: 0 | J37: =F37-H37 -> 30890897 | K37: =G37-I37 -> 32521821
C38: Depreciation | F38: 1.0006939e+08 | G38: 1.0189739e+08 | H38: 0 | I38: 0 | J38: =F38-H38 -> 1.0006939e+08 | K38: =G38-I38 -> 1.0189739e+08
C39: Utilisation of Revenue Grants | F39: 0 | G39: 0 | H39: 0 | I39: 0 | J39: =F39-H39 -> 0 | K39: =G39-I39 -> 0
B40: TOTAL EXPENDITURE | F40: =+SUM(F27:F39) -> 1.4608716e+09 | G40: =+SUM(G27:G39) -> 1.4965462e+09 | H40: =+SUM(H27:H39) -> 10539722 | I40: =+SUM(I27:I39) -> 21217990 | J40: =+SUM(J27:J39) -> 1.4503319e+09 | K40: =+SUM(K27:K39) -> 1.4753282e+09
C41: Surplus/ (Deficit) | F41: =F25-F40 -> 1.0645889e+08 | G41: =G25-G40 -> 2.9907112e+08 | H41: =H25-H40 -> -213722 | I41: =I25-I40 -> -1362490 | J41: =J25-J40 -> 1.0667261e+08 | K41: =K25-K40 -> 3.0043361e+08
B42: SANCTIONED INTAKE / APPROVED BY UNIVERSITY | F42: 2249 | G42: 2500 | H42: 286 | I42: 463 | J42: =F42-H42 -> 1963 | K42: =G42-I42 -> 2037
B43: AVERAGE EXPENDITURE PER STUDENT | F43: =F40/F42 -> 649564.98 | G43: =G40/G42 -> 598618.48 | H43: =H40/H42 -> 36852.175 | I43: =I40/I42 -> 45827.192 | J43: =J40/J42 -> 738834.4 | K43: =K40/K42 -> 724265.2

Sheet SCH-1 (B.Sc(MLT)
C3: NAME OF THE INSTITUTION PRATHIMA INSTITUTE OF MEDICAL SCIENCES
F4: B.Sc (MLT) , B.Sc(AHS) & PARA MEDICAL
C5: CODE OF THE INSTITUTION | L5: SCHEDULE - 1
C7: DETAILS OF FEE COLLECTIONS FOR ALL THE PROGRAMMES IN THE INSTITUTION FOR THE FINANCIAL YEAR 2024-25 , 2023-24 , 2022-23 & 2021-22
V8: AMOUNT IN Rs.
C9: S.No. | D9: PROGRAMME | E9: YEAR | F9: SANCTIONED | G9: FEE COLLECTIONS | K9: SANCTIONED | L9: FEE COLLECTIONS | P9: SANCTIONED | Q9: FEE COLLECTIONS | U9: SANCTIONED | V9: FEE COLLECTIONS
G10: CATEGORY | H10: ACADEMIC YEAR 2024-25 | L10: CATEGORY | M10: ACADEMIC YEAR 2023-24 | Q10: CATEGORY | R10: ACADEMIC YEAR 2022-23 | V10: CATEGORY | W10: ACADEMIC YEAR 2021-22
F11: INTAKE | H11: ADMITTED | I11: FEE | J11: TOTAL FEE | K11: INTAKE | M11: ADMITTED | N11: FEE | O11: TOTAL FEE | P11: INTAKE | R11: ADMITTED | S11: FEE | T11: TOTAL FEE | U11: INTAKE | W11: ADMITTED | X11: FEE | Y11: TOTAL FEE
C12: UNDER-GRADUATE COURSE:
I13: 1 | J13: 3=(1+2)
C14: 1 | D14: BSC(MLT) | E14: IST YEAR | F14: 30 | G14: A | H14: 30 | I14: =J14/H14 -> 24750 | J14: 742500 | K14: 30 | L14: A | M14: 30 | N14: 22500 | O14: =M14*N14 -> 675000 | P14: 30 | Q14: A | R14: 28 | S14: 16000 | T14: =S14*R14 -> 448000 | U14: 30 | V14: A | W14: 29 | X14: =Y14/W14 -> 16948.276 | Y14: 491500
F15: 20 | G15: B | H15: 20 | I15: 45000 | J15: =H15*I15 -> 900000 | K15: 20 | L15: B | M15: 20 | N15: 22500 | O15: =M15*N15 -> 450000 | P15: 20 | Q15: B | R15: 20 | S15: 50000 | T15: =S15*R15 -> 1000000 | U15: 20 | V15: B | W15: 20 | X15: 43500 | Y15: =W15*X15 -> 870000
E16: Sub Total | F16: =SUM(F14:F15) -> 50 | G16: TOTAL | H16: =SUM(H14:H15) -> 50 | J16: =SUM(J14:J15) -> 1642500 | K16: =SUM(K14:K15) -> 50 | L16: TOTAL | M16: =SUM(M14:M15) -> 50 | O16: =SUM(O14:O15) -> 1125000 | P16: =SUM(P14:P15) -> 50 | Q16: TOTAL | R16: =SUM(R14:R15) -> 48 | T16: =SUM(T14:T15) -> 1448000 | U16: =SUM(U14:U15) -> 50 | V16: TOTAL | W16: =SUM(W14:W15) -> 49 | Y16: =SUM(Y14:Y15) -> 1361500
E17: 2ND YEAR | F17: 30 | G17: A | H17: 30 | I17: 22500 | J17: =H17*I17 -> 675000 | K17: 30 | L17: A | M17: 28 | N17: 16000 | O17: =N17*M17 -> 448000 | P17: 30 | Q17: A | R17: 29 | S17: =T17/R17 -> 17172.414 | T17: 498000 | U17: 30 | V17: A | W17: 28 | X17: 16000 | Y17: =W17*X17 -> 448000
F18: 20 | G18: B | H18: 20 | I18: 22500 | J18: =H18*I18 -> 450000 | K18: 20 | L18: B | M18: 20 | N18: 50000 | O18: =N18*M18 -> 1000000 | P18: 20 | Q18: B | R18: 20 | S18: 50000 | T18: =S18*R18 -> 1000000 | U18: 20 | V18: B | W18: 20 | X18: 16000 | Y18: =W18*X18 -> 320000
E19: Sub Total | F19: =SUM(F17:F18) -> 50 | G19: TOTAL | H19: =SUM(H17:H18) -> 50 | J19: =SUM(J17:J18) -> 1125000 | K19: =SUM(K17:K18) -> 50 | L19: TOTAL | M19: =SUM(M17:M18) -> 48 | O19: =SUM(O17:O18) -> 1448000 | P19: =SUM(P17:P18) -> 50 | Q19: TOTAL | R19: =SUM(R17:R18) -> 49 | T19: =SUM(T17:T18) -> 1498000 | U19: =SUM(U17:U18) -> 50 | V19: TOTAL | W19: =SUM(W17:W18) -> 48 | Y19: =SUM(Y17:Y18) -> 768000
E20: 3RD YEAR | F20: 30 | G20: A | H20: 28 | I20: 16000 | J20: =I20*H20 -> 448000 | K20: 30 | L20: A | M20: 29 | N20: =O20/M20 -> 17172.414 | O20: 498000 | P20: 30 | Q20: A | R20: 28 | S20: 16000 | T20: =R20*S20 -> 448000 | U20: 30 | V20: A | W20: 30 | X20: 16000 | Y20: =W20*X20 -> 480000
F21: 20 | G21: B | H21: 20 | I21: 50000 | J21: =I21*H21 -> 1000000 | K21: 20 | L21: B | M21: 20 | N21: 50000 | O21: =N21*M21 -> 1000000 | P21: 20 | Q21: B | R21: 20 | S21: 16000 | T21: =R21*S21 -> 320000 | U21: 20 | V21: B | W21: 20 | X21: 16000 | Y21: =W21*X21 -> 320000
E22: Sub Total | F22: =SUM(F20:F21) -> 50 | G22: TOTAL | H22: =SUM(H20:H21) -> 48 | J22: =SUM(J20:J21) -> 1448000 | K22: =SUM(K20:K21) -> 50 | L22: TOTAL | M22: =SUM(M20:M21) -> 49 | O22: =SUM(O20:O21) -> 1498000 | P22: =SUM(P20:P21) -> 50 | Q22: TOTAL | R22: =SUM(R20:R21) -> 48 | T22: =SUM(T20:T21) -> 768000 | U22: =SUM(U20:U21) -> 50 | V22: TOTAL | W22: =SUM(W20:W21) -> 50 | Y22: =SUM(Y20:Y21) -> 800000
C23: Sub Totals | F23: =F22+F19+F16 -> 150 | H23: =H22+H19+H16 -> 148 | J23: =J22+J19+J16 -> 4215500 | K23: =K22+K19+K16 -> 150 | M23: =M22+M19+M16 -> 147 | O23: =O22+O19+O16 -> 4071000 | P23: =P22+P19+P16 -> 150 | R23: =R22+R19+R16 -> 145 | T23: =T22+T19+T16 -> 3714000 | U23: =U22+U19+U16 -> 150 | W23: =W22+W19+W16 -> 147 | Y23: =Y22+Y19+Y16 -> 2929500
C24: 2 | D24: BSC(ALLIED) COURSES
D25: Anaesthesia Technology
E26: IST YEAR | F26: 12 | G26: Competent Authourity | H26: 11 | I26: 45000 | J26: =H26*I26 -> 495000 | K26: 12 | L26: Competent Authourity | M26: 12 | N26: 45000 | O26: =M26*N26 -> 540000 | P26: 0 | Q26: Competent Authourity | R26: 0 | S26: 0 | T26: 0 | U26: 0 | V26: Competent Authourity | W26: 0 | X26: 0 | Y26: 0
F27: 8 | G27: Management seats | H27: 8 | I27: 45000 | J27: =H27*I27 -> 360000 | K27: 8 | L27: Management seats | M27: 8 | N27: 45000 | O27: =M27*N27 -> 360000 | P27: 0 | Q27: Management seats | R27: 0 | S27: 0 | T27: 0 | U27: 0 | V27: Management seats | W27: 0 | X27: 0 | Y27: 0
E28: 2ND YEAR | F28: 12 | G28: Competent Authourity | H28: 12 | I28: 45000 | J28: =H28*I28 -> 540000 | K28: 0 | L28: Competent Authourity | M28: 0 | N28: 0 | O28: 0 | P28: 0 | Q28: Competent Authourity | R28: 0 | S28: 0 | T28: 0 | U28: 0 | V28: Competent Authourity | W28: 0 | X28: 0 | Y28: 0
F29: 8 | G29: Management seats | H29: 8 | I29: 45000 | J29: =H29*I29 -> 360000 | K29: 0 | L29: Management seats | M29: 0 | N29: 0 | O29: 0 | P29: 0 | Q29: Management seats | R29: 0 | S29: 0 | T29: 0 | U29: 0 | V29: Management seats | W29: 0 | X29: 0 | Y29: 0
E30: 3RD YEAR | F30: 0 | G30: Competent Authourity | H30: 0 | I30: 0 | J30: 0 | K30: 0 | L30: Competent Authourity | M30: 0 | N30: 0 | O30: 0 | P30: 0 | Q30: Competent Authourity | R30: 0 | S30: 0 | T30: 0 | U30: 0 | V30: Competent Authourity | W30: 0 | X30: 0 | Y30: 0
F31: 0 | G31: Management seats | H31: 0 | I31: 0 | J31: 0 | K31: 0 | L31: Management seats | M31: 0 | N31: 0 | O31: 0 | P31: 0 | Q31: Management seats | R31: 0 | S31: 0 | T31: 0 | U31: 0 | V31: Management seats | W31: 0 | X31: 0 | Y31: 0
E32: Sub Total | F32: =SUM(F26:F31) -> 40 | G32: TOTAL | H32: =SUM(H26:H31) -> 39 | J32: =SUM(J26:J31) -> 1755000 | K32: =SUM(K26:K31) -> 20 | L32: TOTAL | M32: =SUM(M26:M31) -> 20 | O32: =SUM(O26:O31) -> 900000 | P32: =SUM(P26:P31) -> 0 | Q32: TOTAL | R32: =SUM(R26:R31) -> 0 | T32: =SUM(T26:T31) -> 0 | U32: =SUM(U26:U31) -> 0 | V32: TOTAL | W32: =SUM(W26:W31) -> 0 | Y32: =SUM(Y26:Y31) -> 0
D33: Operation Theatre Technology
E34: IST YEAR | F34: 12 | G34: Competent Authourity | H34: 12 | I34: 45000 | J34: =H34*I34 -> 540000 | K34: 12 | L34: Competent Authourity | M34: 10 | N34: 45000 | O34: =M34*N34 -> 450000 | P34: 0 | Q34: Competent Authourity | R34: 0 | S34: 0 | T34: 0 | U34: 0 | V34: Competent Authourity | W34: 0 | X34: 0 | Y34: 0
F35: 8 | G35: Management seats | H35: 7 | I35: 45000 | J35: =H35*I35 -> 315000 | K35: 8 | L35: Management seats | M35: 4 | N35: 45000 | O35: =M35*N35 -> 180000 | P35: 0 | Q35: Management seats | R35: 0 | S35: 0 | T35: 0 | U35: 0 | V35: Management seats | W35: 0 | X35: 0 | Y35: 0
E36: 2ND YEAR | F36: 12 | G36: Competent Authourity | H36: 10 | I36: 45000 | J36: =H36*I36 -> 450000 | K36: 0 | L36: Competent Authourity | M36: 0 | N36: 0 | O36: 0 | P36: 0 | Q36: Competent Authourity | R36: 0 | S36: 0 | T36: 0 | U36: 0 | V36: Competent Authourity | W36: 0 | X36: 0 | Y36: 0
F37: 8 | G37: Management seats | H37: 4 | I37: 45000 | J37: =H37*I37 -> 180000 | K37: 0 | L37: Management seats | M37: 0 | N37: 0 | O37: 0 | P37: 0 | Q37: Management seats | R37: 0 | S37: 0 | T37: 0 | U37: 0 | V37: Management seats | W37: 0 | X37: 0 | Y37: 0
E38: 3RD YEAR | F38: 0 | G38: Competent Authourity | H38: 0 | I38: 0 | J38: 0 | K38: 0 | L38: Competent Authourity | M38: 0 | N38: 0 | O38: 0 | P38: 0 | Q38: Competent Authourity | R38: 0 | S38: 0 | T38: 0 | U38: 0 | V38: Competent Authourity | W38: 0 | X38: 0 | Y38: 0
F39: 0 | G39: Management seats | H39: 0 | I39: 0 | J39: 0 | K39: 0 | L39: Management seats | M39: 0 | N39: 0 | O39: 0 | P39: 0 | Q39: Management seats | R39: 0 | S39: 0 | T39: 0 | U39: 0 | V39: Management seats | W39: 0 | X39: 0 | Y39: 0
E40: Sub Total | F40: =SUM(F34:F39) -> 40 | G40: TOTAL | H40: =SUM(H34:H39) -> 33 | J40: =SUM(J34:J39) -> 1485000 | K40: =SUM(K34:K39) -> 20 | L40: TOTAL | M40: =SUM(M34:M39) -> 14 | O40: =SUM(O34:O39) -> 630000 | P40: =SUM(P34:P39) -> 0 | Q40: TOTAL | R40: =SUM(R34:R39) -> 0 | T40: =SUM(T34:T39) -> 0 | U40: =SUM(U34:U39) -> 0 | V40: TOTAL | W40: =SUM(W34:W39) -> 0 | Y40: =SUM(Y34:Y39) -> 0
D41: Cardiac & Cardio Vascular Technology
E42: IST YEAR | F42: 12 | G42: Competent Authourity | H42: 12 | I42: 45000 | J42: =H42*I42 -> 540000 | K42: 12 | L42: Competent Authourity | M42: 11 | N42: 45000 | O42: =M42*N42 -> 495000 | P42: 0 | Q42: Competent Authourity | R42: 0 | S42: 0 | T42: 0 | U42: 0 | V42: Competent Authourity | W42: 0 | X42: 0 | Y42: 0
F43: 8 | G43: Management seats | H43: 8 | I43: 45000 | J43: =H43*I43 -> 360000 | K43: 8 | L43: Management seats | M43: 8 | N43: 45000 | O43: =M43*N43 -> 360000 | P43: 0 | Q43: Management seats | R43: 0 | S43: 0 | T43: 0 | U43: 0 | V43: Management seats | W43: 0 | X43: 0 | Y43: 0
E44: 2ND YEAR | F44: 12 | G44: Competent Authourity | H44: 11 | I44: 45000 | J44: =H44*I44 -> 495000 | K44: 0 | L44: Competent Authourity | M44: 0 | N44: 0 | O44: 0 | P44: 0 | Q44: Competent Authourity | R44: 0 | S44: 0 | T44: 0 | U44: 0 | V44: Competent Authourity | W44: 0 | X44: 0 | Y44: 0
F45: 8 | G45: Management seats | H45: 8 | I45: 45000 | J45: =H45*I45 -> 360000 | K45: 0 | L45: Management seats | M45: 0 | N45: 0 | O45: 0 | P45: 0 | Q45: Management seats | R45: 0 | S45: 0 | T45: 0 | U45: 0 | V45: Management seats | W45: 0 | X45: 0 | Y45: 0
E46: 3RD YEAR | F46: 0 | G46: Competent Authourity | H46: 0 | I46: 0 | J46: 0 | K46: 0 | L46: Competent Authourity | M46: 0 | N46: 0 | O46: 0 | P46: 0 | Q46: Competent Authourity | R46: 0 | S46: 0 | T46: 0 | U46: 0 | V46: Competent Authourity | W46: 0 | X46: 0 | Y46: 0
F47: 0 | G47: Management seats | H47: 0 | I47: 0 | J47: 0 | K47: 0 | L47: Management seats | M47: 0 | N47: 0 | O47: 0 | P47: 0 | Q47: Management seats | R47: 0 | S47: 0 | T47: 0 | U47: 0 | V47: Management seats | W47: 0 | X47: 0 | Y47: 0
E48: Sub Total | F48: =SUM(F42:F47) -> 40 | G48: TOTAL | H48: =SUM(H42:H47) -> 39 | J48: =SUM(J42:J47) -> 1755000 | K48: =SUM(K42:K47) -> 20 | L48: TOTAL | M48: =SUM(M42:M47) -> 19 | O48: =SUM(O42:O47) -> 855000 | P48: =SUM(P42:P47) -> 0 | Q48: TOTAL | R48: =SUM(R42:R47) -> 0 | T48: =SUM(T42:T47) -> 0 | U48: =SUM(U42:U47) -> 0 | V48: TOTAL | W48: =SUM(W42:W47) -> 0 | Y48: =SUM(Y42:Y47) -> 0
D49: Rental Dialysis Technology
E50: IST YEAR | F50: 12 | G50: Competent Authourity | H50: 9 | I50: 45000 | J50: =H50*I50 -> 405000 | K50: 12 | L50: Competent Authourity | M50: 9 | N50: 45000 | O50: =M50*N50 -> 405000 | P50: 0 | Q50: Competent Authourity | R50: 0 | S50: 0 | T50: 0 | U50: 0 | V50: Competent Authourity | W50: 0 | X50: 0 | Y50: 0
F51: 8 | G51: Management seats | H51: 7 | I51: 45000 | J51: =H51*I51 -> 315000 | K51: 8 | L51: Management seats | M51: 2 | N51: 45000 | O51: =M51*N51 -> 90000 | P51: 0 | Q51: Management seats | R51: 0 | S51: 0 | T51: 0 | U51: 0 | V51: Management seats | W51: 0 | X51: 0 | Y51: 0
E52: 2ND YEAR | F52: 12 | G52: Competent Authourity | H52: 9 | I52: 45000 | J52: =H52*I52 -> 405000 | K52: 0 | L52: Competent Authourity | M52: 0 | N52: 0 | O52: 0 | P52: 0 | Q52: Competent Authourity | R52: 0 | S52: 0 | T52: 0 | U52: 0 | V52: Competent Authourity | W52: 0 | X52: 0 | Y52: 0
F53: 8 | G53: Management seats | H53: 2 | I53: 45000 | J53: =H53*I53 -> 90000 | K53: 0 | L53: Management seats | M53: 0 | N53: 0 | O53: 0 | P53: 0 | Q53: Management seats | R53: 0 | S53: 0 | T53: 0 | U53: 0 | V53: Management seats | W53: 0 | X53: 0 | Y53: 0
E54: 3RD YEAR | F54: 0 | G54: Competent Authourity | H54: 0 | I54: 0 | J54: 0 | K54: 0 | L54: Competent Authourity | M54: 0 | N54: 0 | O54: 0 | P54: 0 | Q54: Competent Authourity | R54: 0 | S54: 0 | T54: 0 | U54: 0 | V54: Competent Authourity | W54: 0 | X54: 0 | Y54: 0
F55: 0 | G55: Management seats | H55: 0 | I55: 0 | J55: 0 | K55: 0 | L55: Management seats | M55: 0 | N55: 0 | O55: 0 | P55: 0 | Q55: Management seats | R55: 0 | S55: 0 | T55: 0 | U55: 0 | V55: Management seats | W55: 0 | X55: 0 | Y55: 0
E56: Sub Total | F56: =SUM(F50:F55) -> 40 | G56: TOTAL | H56: =SUM(H50:H55) -> 27 | J56: =SUM(J50:J55) -> 1215000 | K56: =SUM(K50:K55) -> 20 | L56: TOTAL | M56: =SUM(M50:M55) -> 11 | O56: =SUM(O50:O55) -> 495000 | P56: =SUM(P50:P55) -> 0 | Q56: TOTAL | R56: =SUM(R50:R55) -> 0 | T56: =SUM(T50:T55) -> 0 | U56: =SUM(U50:U55) -> 0 | V56: TOTAL | W56: =SUM(W50:W55) -> 0 | Y56: =SUM(Y50:Y55) -> 0
D57: Optometry
E58: IST YEAR | F58: 12 | G58: Competent Authourity | H58: 9 | I58: 45000 | J58: =H58*I58 -> 405000 | K58: 12 | L58: Competent Authourity | M58: 5 | N58: 45000 | O58: =M58*N58 -> 225000 | P58: 0 | Q58: Competent Authourity | R58: 0 | S58: 0 | T58: 0 | U58: 0 | V58: Competent Authourity | W58: 0 | X58: 0 | Y58: 0
F59: 8 | G59: Management seats | H59: 2 | I59: 45000 | J59: =H59*I59 -> 90000 | K59: 8 | L59: Management seats | M59: 0 | N59: 0 | O59: 0 | P59: 0 | Q59: Management seats | R59: 0 | S59: 0 | T59: 0 | U59: 0 | V59: Management seats | W59: 0 | X59: 0 | Y59: 0
E60: 2ND YEAR | F60: 12 | G60: Competent Authourity | H60: 5 | I60: 45000 | J60: =H60*I60 -> 225000 | K60: 0 | L60: Competent Authourity | M60: 0 | N60: 0 | O60: 0 | P60: 0 | Q60: Competent Authourity | R60: 0 | S60: 0 | T60: 0 | U60: 0 | V60: Competent Authourity | W60: 0 | X60: 0 | Y60: 0
F61: 8 | G61: Management seats | H61: 0 | I61: 0 | J61: 0 | K61: 0 | L61: Management seats | M61: 0 | N61: 0 | O61: 0 | P61: 0 | Q61: Management seats | R61: 0 | S61: 0 | T61: 0 | U61: 0 | V61: Management seats | W61: 0 | X61: 0 | Y61: 0
E62: 3RD YEAR | F62: 0 | G62: Competent Authourity | H62: 0 | I62: 0 | J62: 0 | K62: 0 | L62: Competent Authourity | M62: 0 | N62: 0 | O62: 0 | P62: 0 | Q62: Competent Authourity | R62: 0 | S62: 0 | T62: 0 | U62: 0 | V62: Competent Authourity | W62: 0 | X62: 0 | Y62: 0
F63: 0 | G63: Management seats | H63: 0 | I63: 0 | J63: 0 | K63: 0 | L63: Management seats | M63: 0 | N63: 0 | O63: 0 | P63: 0 | Q63: Management seats | R63: 0 | S63: 0 | T63: 0 | U63: 0 | V63: Management seats | W63: 0 | X63: 0 | Y63: 0
E64: Sub Total | F64: =SUM(F58:F63) -> 40 | G64: TOTAL | H64: =SUM(H58:H63) -> 16 | J64: =SUM(J58:J63) -> 720000 | K64: =SUM(K58:K63) -> 20 | L64: TOTAL | M64: =SUM(M58:M63) -> 5 | O64: =SUM(O58:O63) -> 225000 | P64: =SUM(P58:P63) -> 0 | Q64: TOTAL | R64: =SUM(R58:R63) -> 0 | T64: =SUM(T58:T63) -> 0 | U64: =SUM(U58:U63) -> 0 | V64: TOTAL | W64: =SUM(W58:W63) -> 0 | Y64: =SUM(Y58:Y63) -> 0
D65: Respiratory Therapy Technology
E66: IST YEAR | F66: 12 | G66: Competent Authourity | H66: 11 | I66: 45000 | J66: =H66*I66 -> 495000 | K66: 12 | L66: Competent Authourity | M66: 10 | N66: 45000 | O66: =M66*N66 -> 450000 | P66: 0 | Q66: Competent Authourity | R66: 0 | S66: 0 | T66: 0 | U66: 0 | V66: Competent Authourity | W66: 0 | X66: 0 | Y66: 0
F67: 8 | G67: Management seats | H67: 4 | I67: 45000 | J67: =H67*I67 -> 180000 | K67: 8 | L67: Management seats | M67: 1 | N67: 45000 | O67: =M67*N67 -> 45000 | P67: 0 | Q67: Management seats | R67: 0 | S67: 0 | T67: 0 | U67: 0 | V67: Management seats | W67: 0 | X67: 0 | Y67: 0
E68: 2ND YEAR | F68: 12 | G68: Competent Authourity | H68: 10 | I68: 45000 | J68: =H68*I68 -> 450000 | K68: 0 | L68: Competent Authourity | M68: 0 | N68: 0 | O68: 0 | P68: 0 | Q68: Competent Authourity | R68: 0 | S68: 0 | T68: 0 | U68: 0 | V68: Competent Authourity | W68: 0 | X68: 0 | Y68: 0
F69: 8 | G69: Management seats | H69: 1 | I69: 45000 | J69: =H69*I69 -> 45000 | K69: 0 | L69: Management seats | M69: 0 | N69: 0 | O69: 0 | P69: 0 | Q69: Management seats | R69: 0 | S69: 0 | T69: 0 | U69: 0 | V69: Management seats | W69: 0 | X69: 0 | Y69: 0
E70: 3RD YEAR | F70: 0 | G70: Competent Authourity | H70: 0 | I70: 0 | J70: 0 | K70: 0 | L70: Competent Authourity | M70: 0 | N70: 0 | O70: 0 | P70: 0 | Q70: Competent Authourity | R70: 0 | S70: 0 | T70: 0 | U70: 0 | V70: Competent Authourity | W70: 0 | X70: 0 | Y70: 0
F71: 0 | G71: Management seats | H71: 0 | I71: 0 | J71: 0 | K71: 0 | L71: Management seats | M71: 0 | N71: 0 | O71: 0 | P71: 0 | Q71: Management seats | R71: 0 | S71: 0 | T71: 0 | U71: 0 | V71: Management seats | W71: 0 | X71: 0 | Y71: 0
E72: Sub Total | F72: =SUM(F66:F71) -> 40 | G72: TOTAL | H72: =SUM(H66:H71) -> 26 | J72: =SUM(J66:J71) -> 1170000 | K72: =SUM(K66:K71) -> 20 | L72: TOTAL | M72: =SUM(M66:M71) -> 11 | O72: =SUM(O66:O71) -> 495000 | P72: =SUM(P66:P71) -> 0 | Q72: TOTAL | R72: =SUM(R66:R71) -> 0 | T72: =SUM(T66:T71) -> 0 | U72: =SUM(U66:U71) -> 0 | V72: TOTAL | W72: =SUM(W66:W71) -> 0 | Y72: =SUM(Y66:Y71) -> 0
D73: Neuro Science Technology
E74: IST YEAR | F74: 12 | G74: Competent Authourity | H74: 12 | I74: 45000 | J74: =H74*I74 -> 540000 | K74: 12 | L74: Competent Authourity | M74: 12 | N74: 45000 | O74: =M74*N74 -> 540000 | P74: 0 | Q74: Competent Authourity | R74: 0 | S74: 0 | T74: 0 | U74: 0 | V74: Competent Authourity | W74: 0 | X74: 0 | Y74: 0
F75: 8 | G75: Management seats | H75: 6 | I75: 45000 | J75: =H75*I75 -> 270000 | K75: 8 | L75: Management seats | M75: 2 | N75: 45000 | O75: =M75*N75 -> 90000 | P75: 0 | Q75: Management seats | R75: 0 | S75: 0 | T75: 0 | U75: 0 | V75: Management seats | W75: 0 | X75: 0 | Y75: 0
E76: 2ND YEAR | F76: 12 | G76: Competent Authourity | H76: 12 | I76: 45000 | J76: =H76*I76 -> 540000 | K76: 0 | L76: Competent Authourity | M76: 0 | N76: 0 | O76: 0 | P76: 0 | Q76: Competent Authourity | R76: 0 | S76: 0 | T76: 0 | U76: 0 | V76: Competent Authourity | W76: 0 | X76: 0 | Y76: 0
F77: 8 | G77: Management seats | H77: 2 | I77: 45000 | J77: =H77*I77 -> 90000 | K77: 0 | L77: Management seats | M77: 0 | N77: 0 | O77: 0 | P77: 0 | Q77: Management seats | R77: 0 | S77: 0 | T77: 0 | U77: 0 | V77: Management seats | W77: 0 | X77: 0 | Y77: 0
E78: 3RD YEAR | F78: 0 | G78: Competent Authourity | H78: 0 | I78: 0 | J78: 0 | K78: 0 | L78: Competent Authourity | M78: 0 | N78: 0 | O78: 0 | P78: 0 | Q78: Competent Authourity | R78: 0 | S78: 0 | T78: 0 | U78: 0 | V78: Competent Authourity | W78: 0 | X78: 0 | Y78: 0
F79: 0 | G79: Management seats | H79: 0 | I79: 0 | J79: 0 | K79: 0 | L79: Management seats | M79: 0 | N79: 0 | O79: 0 | P79: 0 | Q79: Management seats | R79: 0 | S79: 0 | T79: 0 | U79: 0 | V79: Management seats | W79: 0 | X79: 0 | Y79: 0
E80: Sub Total | F80: =SUM(F74:F79) -> 40 | G80: TOTAL | H80: =SUM(H74:H79) -> 32 | J80: =SUM(J74:J79) -> 1440000 | K80: =SUM(K74:K79) -> 20 | L80: TOTAL | M80: =SUM(M74:M79) -> 14 | O80: =SUM(O74:O79) -> 630000 | P80: =SUM(P74:P79) -> 0 | Q80: TOTAL | R80: =SUM(R74:R79) -> 0 | T80: =SUM(T74:T79) -> 0 | U80: =SUM(U74:U79) -> 0 | V80: TOTAL | W80: =SUM(W74:W79) -> 0 | Y80: =SUM(Y74:Y79) -> 0
D81: Critical Care Technology
E82: IST YEAR | F82: 12 | G82: Competent Authourity | H82: 12 | I82: 45000 | J82: =H82*I82 -> 540000 | K82: 12 | L82: Competent Authourity | M82: 9 | N82: 45000 | O82: =M82*N82 -> 405000 | P82: 0 | Q82: Competent Authourity | R82: 0 | S82: 0 | T82: 0 | U82: 0 | V82: Competent Authourity | W82: 0 | X82: 0 | Y82: 0
F83: 8 | G83: Management seats | H83: 7 | I83: 45000 | J83: =H83*I83 -> 315000 | K83: 8 | L83: Management seats | M83: 2 | N83: 45000 | O83: =M83*N83 -> 90000 | P83: 0 | Q83: Management seats | R83: 0 | S83: 0 | T83: 0 | U83: 0 | V83: Management seats | W83: 0 | X83: 0 | Y83: 0
E84: 2ND YEAR | F84: 12 | G84: Competent Authourity | H84: 9 | I84: 45000 | J84: =H84*I84 -> 405000 | K84: 0 | L84: Competent Authourity | M84: 0 | N84: 0 | O84: 0 | P84: 0 | Q84: Competent Authourity | R84: 0 | S84: 0 | T84: 0 | U84: 0 | V84: Competent Authourity | W84: 0 | X84: 0 | Y84: 0
F85: 8 | G85: Management seats | H85: 2 | I85: 45000 | J85: =H85*I85 -> 90000 | K85: 0 | L85: Management seats | M85: 0 | N85: 0 | O85: 0 | P85: 0 | Q85: Management seats | R85: 0 | S85: 0 | T85: 0 | U85: 0 | V85: Management seats | W85: 0 | X85: 0 | Y85: 0
E86: 3RD YEAR | F86: 0 | G86: Competent Authourity | H86: 0 | I86: 0 | J86: 0 | K86: 0 | L86: Competent Authourity | M86: 0 | N86: 0 | O86: 0 | P86: 0 | Q86: Competent Authourity | R86: 0 | S86: 0 | T86: 0 | U86: 0 | V86: Competent Authourity | W86: 0 | X86: 0 | Y86: 0
F87: 0 | G87: Management seats | H87: 0 | I87: 0 | J87: 0 | K87: 0 | L87: Management seats | M87: 0 | N87: 0 | O87: 0 | P87: 0 | Q87: Management seats | R87: 0 | S87: 0 | T87: 0 | U87: 0 | V87: Management seats | W87: 0 | X87: 0 | Y87: 0
E88: Sub Total | F88: =SUM(F82:F87) -> 40 | G88: TOTAL | H88: =SUM(H82:H87) -> 30 | J88: =SUM(J82:J87) -> 1350000 | K88: =SUM(K82:K87) -> 20 | L88: TOTAL | M88: =SUM(M82:M87) -> 11 | O88: =SUM(O82:O87) -> 495000 | P88: =SUM(P82:P87) -> 0 | Q88: TOTAL | R88: =SUM(R82:R87) -> 0 | T88: =SUM(T82:T87) -> 0 | U88: =SUM(U82:U87) -> 0 | V88: TOTAL | W88: =SUM(W82:W87) -> 0 | Y88: =SUM(Y82:Y87) -> 0
D89: Radiology & Imaging Technology
E90: IST YEAR | F90: 12 | G90: Competent Authourity | H90: 12 | I90: 45000 | J90: =H90*I90 -> 540000 | K90: 12 | L90: Competent Authourity | M90: 11 | N90: 45000 | O90: =M90*N90 -> 495000 | P90: 0 | Q90: Competent Authourity | R90: 0 | S90: 0 | T90: 0 | U90: 0 | V90: Competent Authourity | W90: 0 | X90: 0 | Y90: 0
F91: 8 | G91: Management seats | H91: 8 | I91: 45000 | J91: =H91*I91 -> 360000 | K91: 8 | L91: Management seats | M91: 8 | N91: 45000 | O91: =M91*N91 -> 360000 | P91: 0 | Q91: Management seats | R91: 0 | S91: 0 | T91: 0 | U91: 0 | V91: Management seats | W91: 0 | X91: 0 | Y91: 0
E92: 2ND YEAR | F92: 12 | G92: Competent Authourity | H92: 11 | I92: 45000 | J92: =H92*I92 -> 495000 | K92: 0 | L92: Competent Authourity | M92: 0 | N92: 0 | O92: 0 | P92: 0 | Q92: Competent Authourity | R92: 0 | S92: 0 | T92: 0 | U92: 0 | V92: Competent Authourity | W92: 0 | X92: 0 | Y92: 0
F93: 8 | G93: Management seats | H93: 8 | I93: 45000 | J93: =H93*I93 -> 360000 | K93: 0 | L93: Management seats | M93: 0 | N93: 0 | O93: 0 | P93: 0 | Q93: Management seats | R93: 0 | S93: 0 | T93: 0 | U93: 0 | V93: Management seats | W93: 0 | X93: 0 | Y93: 0
E94: 3RD YEAR | F94: 0 | G94: Competent Authourity | H94: 0 | I94: 0 | J94: 0 | K94: 0 | L94: Competent Authourity | M94: 0 | N94: 0 | O94: 0 | P94: 0 | Q94: Competent Authourity | R94: 0 | S94: 0 | T94: 0 | U94: 0 | V94: Competent Authourity | W94: 0 | X94: 0 | Y94: 0
F95: 0 | G95: Management seats | H95: 0 | I95: 0 | J95: 0 | K95: 0 | L95: Management seats | M95: 0 | N95: 0 | O95: 0 | P95: 0 | Q95: Management seats | R95: 0 | S95: 0 | T95: 0 | U95: 0 | V95: Management seats | W95: 0 | X95: 0 | Y95: 0
E96: Sub Total | F96: =SUM(F90:F95) -> 40 | G96: TOTAL | H96: =SUM(H90:H95) -> 39 | J96: =SUM(J90:J95) -> 1755000 | K96: =SUM(K90:K95) -> 20 | L96: TOTAL | M96: =SUM(M90:M95) -> 19 | O96: =SUM(O90:O95) -> 855000 | P96: =SUM(P90:P95) -> 0 | Q96: TOTAL | R96: =SUM(R90:R95) -> 0 | T96: =SUM(T90:T95) -> 0 | U96: =SUM(U90:U95) -> 0 | V96: TOTAL | W96: =SUM(W90:W95) -> 0 | Y96: =SUM(Y90:Y95) -> 0
D97: Audiology & Speech Therapy Technology
E98: IST YEAR | F98: 12 | G98: Competent Authourity | H98: 7 | I98: 45000 | J98: =H98*I98 -> 315000 | K98: 12 | L98: Competent Authourity | M98: 9 | N98: 45000 | O98: =M98*N98 -> 405000 | P98: 0 | Q98: Competent Authourity | R98: 0 | S98: 0 | T98: 0 | U98: 0 | V98: Competent Authourity | W98: 0 | X98: 0 | Y98: 0
F99: 8 | G99: Management seats | H99: 0 | I99: 0 | J99: 0 | K99: 8 | L99: Management seats | M99: 0 | N99: 0 | O99: 0 | P99: 0 | Q99: Management seats | R99: 0 | S99: 0 | T99: 0 | U99: 0 | V99: Management seats | W99: 0 | X99: 0 | Y99: 0
E100: 2ND YEAR | F100: 12 | G100: Competent Authourity | H100: 9 | I100: 45000 | J100: =H100*I100 -> 405000 | K100: 0 | L100: Competent Authourity | M100: 0 | N100: 0 | O100: 0 | P100: 0 | Q100: Competent Authourity | R100: 0 | S100: 0 | T100: 0 | U100: 0 | V100: Competent Authourity | W100: 0 | X100: 0 | Y100: 0
F101: 8 | G101: Management seats | H101: 0 | I101: 0 | J101: 0 | K101: 0 | L101: Management seats | M101: 0 | N101: 0 | O101: 0 | P101: 0 | Q101: Management seats | R101: 0 | S101: 0 | T101: 0 | U101: 0 | V101: Management seats | W101: 0 | X101: 0 | Y101: 0
E102: 3RD YEAR | F102: 0 | G102: Competent Authourity | H102: 0 | I102: 0 | J102: 0 | K102: 0 | L102: Competent Authourity | M102: 0 | N102: 0 | O102: 0 | P102: 0 | Q102: Competent Authourity | R102: 0 | S102: 0 | T102: 0 | U102: 0 | V102: Competent Authourity | W102: 0 | X102: 0 | Y102: 0
F103: 0 | G103: Management seats | H103: 0 | I103: 0 | J103: 0 | K103: 0 | L103: Management seats | M103: 0 | N103: 0 | O103: 0 | P103: 0 | Q103: Management seats | R103: 0 | S103: 0 | T103: 0 | U103: 0 | V103: Management seats | W103: 0 | X103: 0 | Y103: 0
...

Sheet SCH-2
F2: NAME OF THE COLLEGE PRATHIMA INSTITUTE OF MEDICAL SCIENCES
F3: COURSE B.Sc (MLT) | G3: B.Sc (MLT) , B.Sc(AHS) & PARA MEDICAL
K4: SCHEDULE - 2
C5: STATEMENT OF INCOME FROM PATIENTS OF THE INSTITUTION FOR THE FINANCIAL YEAR 2023-24 & 2024-25
I6: AMOUNT IN RS.
C7: PARTICULARS | G7: FINANCIAL YEARS 2023-24 & 2024-25
G8: COURSES OFFERED
G9: B.Sc(MLT) | I9: B.Sc(AHS) | K9: PARA MEDICAL
G10: FOR THE PERIOD FROM 01/04/2024 TO 31/03/2025 (2024-25) | H10: FOR THE PERIOD FROM 01/04/2023 TO 31/03/2024 (2023-24) | I10: FOR THE PERIOD FROM 01/04/2024 TO 31/03/2025 (2024-25) | J10: FOR THE PERIOD FROM 01/04/2023 TO 31/03/2024 (2023-24) | K10: FOR THE PERIOD FROM 01/04/2024 TO 31/03/2025 (2024-25) | L10: FOR THE PERIOD FROM 01/04/2023 TO 31/03/2024 (2023-24)
G11: 1 | H11: 2 | I11: 3 | J11: 4 | K11: 5 | L11: 6
C13: (1) | D13: Fee From Patients:
C14: a) | D14: In Patents | G14: 0 | H14: 0 | I14: 0 | J14: 0 | K14: 0 | L14: 0
C15: b) | D15: Out Patents | G15: 0 | H15: 0 | I15: 0 | J15: 0 | K15: 0 | L15: 0
C16: c) | D16: Investigation Charges (Blood Tests, ECG, X-ray, CTC, MRI, Culture etc., | G16: 0 | H16: 0 | I16: 0 | J16: 0 | K16: 0 | L16: 0
C17: d) | D17: Other Charges from Patients (Specify with details) | G17: 0 | H17: 0 | I17: 0 | J17: 0 | K17: 0 | L17: 0
C18: (2) | D18: Total Fee from Patients (a)+(b)+(c)+(d) | G18: =G14+G15+G16+G17 -> 0 | H18: =H14+H15+H16+H17 -> 0 | I18: =I14+I15+I16+I17 -> 0 | J18: =J14+J15+J16+J17 -> 0 | K18: =K14+K15+K16+K17 -> 0 | L18: =L14+L15+L16+L17 -> 0
C20: (3) | D20: Aarogyasri Receipts | G20: 0 | H20: 0 | I20: 0 | J20: 0 | K20: 0 | L20: 0
C22: (4) | D22: Any other Fee (Specify with Details) | G22: 0 | H22: 0 | I22: 0 | J22: 0 | K22: 0 | L22: 0
C24: (5) GRAND TOTAL (2)+(3)+(4) | G24: =G18+G20+G22 -> 0 | H24: =H18+H20+H22 -> 0 | I24: =I18+I20+I22 -> 0 | J24: =J18+J20+J22 -> 0 | K24: =K18+K20+K22 -> 0 | L24: =L18+L20+L22 -> 0

Sheet SCH-3
D2: NAME OF THE INSTITUTION PRATHIMA INSTITUTE OF MEDICAL SCIENCES
D3: COURSE B.Sc (MLT) | E3: B.Sc (MLT) , B.Sc(AHS) & PARA MEDICAL
E5: SCHEDULE - 3
B6: STATEMENT OF OTHER INCOME OF THE INSTITUTION FOR THE FINANCIAL YEAR 2023-24 & 2024-25
I7: AMOUNT IN RS.
B8: PARTICULARS | E8: FINANCIAL YEAR 2023-24 & 2024-25
E9: B.Sc(MLT) | G9: B.Sc(AHS) | I9: PARA MEDICAL
E10: FOR THE PERIOD FROM 01/04/2023 TO 31/03/2024 (2023-24) | F10: FOR THE PERIOD FROM 01/04/2024 TO 31/03/2025 (2024-25) | G10: FOR THE PERIOD FROM 01/04/2023 TO 31/03/2024 (2023-24) | H10: FOR THE PERIOD FROM 01/04/2024 TO 31/03/2025 (2024-25) | I10: FOR THE PERIOD FROM 01/04/2023 TO 31/03/2024 (2023-24) | J10: FOR THE PERIOD FROM 01/04/2024 TO 31/03/2025 (2024-25)
E13: 1 | F13: 2 | G13: 3 | H13: 4 | I13: 5 | J13: 6
C14: Interest Received | E14: 0 | F14: 0 | G14: 0 | H14: 0 | I14: 0 | J14: 0
C15: College Bus Fee Collections | E15: 0 | F15: 0 | G15: 0 | H15: 0 | I15: 0 | J15: 0
C16: Interest on FDRs | E16: 0 | F16: 0 | G16: 0 | H16: 0 | I16: 0 | J16: 0
C17: Interest on Electricity Deposits | E17: 0 | F17: 0 | G17: 0 | H17: 0 | I17: 0 | J17: 0
C18: Surplus from Seminars | E18: 0 | F18: 0 | G18: 0 | H18: 0 | I18: 0 | J18: 0
C19: Donations and Contributions | E19: 0 | F19: 0 | G19: 0 | H19: 0 | I19: 0 | J19: 0
C20: Miscellaneous Income | E20: 0 | F20: 0 | G20: 0 | H20: 0 | I20: 0 | J20: 0
C21: Any other income (Specify Head wise) | E21: 0 | F21: 0 | G21: 0 | H21: 0 | I21: 0 | J21: 0
B23: TOTAL | E23: =SUM(E14:E22) -> 0 | F23: =SUM(F14:F22) -> 0 | G23: =SUM(G14:G22) -> 0 | H23: =SUM(H14:H22) -> 0 | I23: =SUM(I14:I22) -> 0 | J23: =SUM(J14:J22) -> 0

Sheet SCH-4(MLT)
B2: NAME OF THE INSTITUTION PRATHIMA INSTITUTE OF MEDICAL SCIENCES
B3: COURSE B.Sc (MLT) | E3: B.Sc (MLT) , B.Sc(AHS) & PARA MEDICAL
B4: DETAILS OF DEPARTMENT (Clinical) WISE ELIGIBLE TEACHING STAFF FOR THE PERIOD 2023-24 AND 2024-25 | AD4: SCHEDULE -4
B5: (please furnish the details department wIse course wise as per the following departments)
B7: 1. Department of General Medicine (a) General Medicine; (b) Tuberculosis & Respiratory Dieases; (c) Dermatology Venereology & Leprosy; (d) Psychiatry; & (e) Other ancillary Staff
B8: 2. Department of Paediatrics; 3. Department of General Surgery; 4. Department of Orthopaedics; 5. Depatment of OTO-RHINO-LARYGOLOGY; 6. Department of Opththalmology; 7. Depatment of Obstetrics and Gynaecology; 8. Depatment of Radio-Diagnosis; 9. Depatment of Anaesthesology; 10. Department of Detistry;
B10: DETAILS OF DEPARTMENT (Clinical) WISE ELIGIBLE TEACHING STAFF FOR THE PERIOD FROM 01/04/2023 TO 31/03/2024
B11: BSC ALLIED HEALTH SCIENCES | AD11: AMOUNT IN RS.
B13: S. No. | C13: EMPLOYEE NAME | D13: PAN No. | E13: AADHAR NO. | F13: DATE OF BIRTH | G13: QUALIFICATION | H13: WHETHER THE EMPLOYEE POSSESSES THE EQUIVALENT QUALIFICATION | I13: BRANCH | J13: DESIGNATION | K13: DATE OF APPOINTMENT TO DESIGNATION | L13: Vth PAY SCALE/ VIth PAY SCALE/ OTHERS | M13: PAY SCALE (BAND) | N13: FOR 01/04/2023 TO 31/03/2024 | V13: PREVIOUS YEARS ARREARS PAID (IF ANY) | W13: PF CONTRIBUTION | Y13: ESI CONTRIBUTION | AA13: PROF. TAX | AB13: TDS | AC13: OTHER DEDUCTIONS | AD13: TOTAL DEDUCTIONS | AE13: NET SALARY | AF13: GRATUITY CONTRIBUTION | AG13: BANK DETAILS IN WHICH SALARY IS BEING CREDITED
N14: BASIC PAY (including AGP) | O14: DA | P14: HRA | Q14: CCA | R14: OTHERS | S14: TOTAL | T14: ARREARS (2023-24) | U14: GROSS SALARY | W14: EMPLOYEE | X14: EMPLOYER | Y14: EMPLOYEE | Z14: EMPLOYER | AG14: NAME | AH14: Account No. | AI14: IFSC
B15: 1 | C15: 2 | D15: 3 | E15: 4 | F15: 5 | G15: 6 | H15: 7 | I15: 8 | J15: 9 | K15: 10 | L15: 11 | M15: 12 | N15: 13 | O15: 14 | P15: 15 | Q15: 16 | R15: 17 | S15: 18 = 13+14+15+16+17) | T15: 19 | U15: 20=(18+19) | V15: 21 | W15: 22 | X15: 23 | Y15: 24 | Z15: 25 | AA15: 26 | AB15: 27 | AC15: 28 | AD15: 29= (22+24+26+27+28) | AE15: 30=(18-29) | AF15: 31 | AG15: 32 | AH15: 33 | AI15: 34
B16: 1 | C16: ANANDAM G | D16: AGYPG9603M | E16: 487157609359 | F16: 23868 | G16: MD | H16: YES | I16: PATHOLOGY | J16: PROF & HOD | K16: 39527 | L16: OTEHRS | M16: - | N16: 600000 | O16: 0 | P16: 0 | Q16: 0 | R16: 1682700 | S16: =SUM(N16:R16) -> 2282700 | T16: 0 | U16: =S16+T16 -> 2282700 | V16: 0 | W16: 0 | X16: 0 | Y16: 0 | Z16: 0 | AA16: 2400 | AB16: 393962.4 | AC16: 4664.5 | AD16: =SUM(W16:AC16) -> 401026.9 | AE16: =U16-AD16 -> 1881673.1 | AF16: 0 | AG16: Union Bank Of India | AH16: 73610100092211 | AI16: UBIN0807362
B17: 2 | C17: JOHN ISRAEL P L | D17: AJAPP5529Q | E17: 365411753431 | F17: 20847 | G17: MD | H17: YES | I17: GENERAL MEDICINE | J17: PROFESSOR & PRINCIPAL | K17: 41568 | L17: OTEHRS | M17: - | N17: 600000 | O17: 0 | P17: 0 | Q17: 0 | R17: 1550000 | S17: =SUM(N17:R17) -> 2150000 | T17: 0 | U17: =S17+T17 -> 2150000 | V17: 0 | W17: 0 | X17: 0 | Y17: 0 | Z17: 0 | AA17: 2400 | AB17: 352560 | AC17: 11751 | AD17: =SUM(W17:AC17) -> 366711 | AE17: =U17-AD17 -> 1783289 | AF17: 0 | AG17: Union Bank Of India | AH17: 328002011000857 | AI17: UBIN0532801
N18: =SUM(N16:N17) -> 1200000 | O18: =SUM(O16:O17) -> 0 | P18: =SUM(P16:P17) -> 0 | Q18: =SUM(Q16:Q17) -> 0 | R18: =SUM(R16:R17) -> 3232700 | S18: =SUM(S16:S17) -> 4432700 | T18: =SUM(T16:T17) -> 0 | U18: =SUM(U16:U17) -> 4432700 | ... AF18: =SUM(AF16:AF17) -> 0
B19: TOTAL
B21: DETAILS OF DEPARTMENT (Clinical) WISE ELIGIBLE TEACHING STAFF FOR THE PERIOD FROM 01/04/2024 TO 31/03/2025
B23: =B11 -> BSC ALLIED HEALTH SCIENCES
B25: S. No. | C25: EMPLOYEE NAME | D25: PAN No. | E25: AADHAR NO. | F25: DATE OF BIRTH | G25: QUALIFICATION | H25: WHETHER THE EMPLOYEE POSSESSES THE EQUIVALENT QUALIFICATION | I25: BRANCH | J25: DESIGNATION | K25: DATE OF APPOINTMENT TO DESIGNATION | L25: Vth PAY SCALE/ VIth PAY SCALE/ OTHERS | M25: PAY SCALE (BAND) | N25: FOR 01/04/2024 TO 31/03/2025 | V25: PREVIOUS YEARS ARREARS PAID (IF ANY) | W25: PF CONTRIBUTION | Y25: ESI CONTRIBUTION | AA25: PROF. TAX | AB25: TDS | AC25: OTHER DEDUCTIONS | AD25: TOTAL DEDUCTIONS | AE25: NET SALARY | AF25: GRATUITY CONTRIBUTION | AG25: BANK DETAILS IN WHICH SALARY IS BEING CREDITED
N26: BASIC PAY (including AGP) | O26: DA | P26: HRA | Q26: CCA | R26: OTHERS | S26: TOTAL | T26: ARREARS (2023-24) | U26: GROSS SALARY | W26: EMPLOYEE | X26: EMPLOYER | Y26: EMPLOYEE | Z26: EMPLOYER | AG26: NAME | AH26: Account No. | AI26: IFSC
B27: 1 | C27: 2 | D27: 3 | E27: 4 | F27: 5 | G27: 6 | H27: 7 | I27: 8 | J27: 9 | K27: 10 | L27: 11 | M27: 12 | N27: 13 | O27: 14 | P27: 15 | Q27: 16 | R27: 17 | S27: 18 = 13+14+15+16+17) | T27: 19 | U27: 20=(18+19) | V27: 21 | W27: 22 | X27: 23 | Y27: 24 | Z27: 25 | AA27: 26 | AB27: 27 | AC27: 28 | AD27: 29= (22+24+26+27+28) | AE27: 30=(18-29) | AF27: 31 | AG27: 32 | AH27: 33 | AI27: 34
B28: 1 | C28: ANANDAM G | D28: AGYPG9603M | E28: 487157609359 | F28: 23868 | G28: MD | H28: YES | I28: PATHOLOGY | J28: PROF & HOD | K28: 39527 | L28: OTEHRS | M28: - | N28: 600000 | O28: 0 | P28: 0 | Q28: 0 | R28: 1693500 | S28: =SUM(N28:R28) -> 2293500 | T28: 0 | U28: =S28+T28 -> 2293500 | V28: 0 | W28: 0 | X28: 0 | Y28: 0 | Z28: 0 | AA28: 2400 | AB28: 379132 | AC28: 7112.9 | AD28: =W28+Y28+AA28+AB28+AC28 -> 388644.9 | AE28: =U28-AD28 -> 1904855.1 | AF28: 0 | AG28: Union Bank Of India | AH28: 73610100092211 | AI28: UBIN0807362
B29: =B28+1 -> 2 | C29: VENKATARAMANA K | D29: AMLPK7055Q | E29: 265311442675 | F29: 28525 | G29: M.Sc Med. Micro | H29: YES | I29: MICROBIOLOGY | J29: ASST PROF | K29: 40434 | L29: OTEHRS | M29: - | N29: 350097 | O29: 0 | P29: 0 | Q29: 0 | R29: 525145 | S29: =SUM(N29:R29) -> 875242 | T29: 0 | U29: =S29+T29 -> 875242 | V29: 0 | W29: 0 | X29: 0 | Y29: 0 | Z29: 0 | AA29: 2400 | AB29: 31225 | AC29: 250 | AD29: =W29+Y29+AA29+AB29+AC29 -> 33875 | AE29: =U29-AD29 -> 841367 | AF29: 0 | AG29: Union Bank Of India | AH29: 610002010005186 | AI29: UBIN0815837
B30: =B29+1 -> 3 | C30: JOHN ISRAEL P L | D30: AJAPP5529Q | E30: 365411753431 | F30: 20847 | G30: MD | H30: YES | I30: GENERAL MEDICINE | J30: PROFESSOR & PRINCIPAL | K30: 41568 | L30: OTEHRS | M30: - | N30: 598387 | O30: 0 | P30: 0 | Q30: 0 | R30: 2094355 | S30: =SUM(N30:R30) -> 2692742 | T30: 0 | U30: =S30+T30 -> 2692742 | V30: 0 | W30: 0 | X30: 0 | Y30: 0 | Z30: 0 | AA30: 2400 | AB30: 503696 | AC30: 10324.5 | AD30: =W30+Y30+AA30+AB30+AC30 -> 516420.5 | AE30: =U30-AD30 -> 2176321.5 | AF30: 0 | AG30: Union Bank Of India | AH30: 328002011000857 | AI30: UBIN0532801
B31: =B30+1 -> 4 | C31: NAGARAMYA NARALA | D31: AUDPN1100B | E31: 598418994308 | F31: 32281 | G31: MD | H31: YES | I31: ANAESTHESIOLOGY | J31: ASSOC PROF | K31: 43645 | L31: OTEHRS | M31: - | N31: 356129 | O31: 0 | P31: 0 | Q31: 0 | R31: 830968 | S31: =SUM(N31:R31) -> 1187097 | T31: 0 | U31: =S31+T31 -> 1187097 | V31: 0 | W31: 0 | X31: 0 | Y31: 0 | Z31: 0 | AA31: 2400 | AB31: 69487 | AC31: 0 | AD31: =W31+Y31+AA31+AB31+AC31 -> 71887 | AE31: =U31-AD31 -> 1115210 | AF31: 0 | AG31: Union Bank Of India | AH31: 610002010008052 | AI31: UBIN0815837
B32: =B31+1 -> 5 | C32: BANDI RAGA DEEPTHI | D32: ASWPB0221G | E32: 347163337829 | F32: 32542 | G32: DNB Neph | H32: YES | I32: GENERAL MEDICINE | J32: ASST PROF | K32: 44763 | L32: OTEHRS | M32: - | N32: 206000 | O32: 0 | P32: 0 | Q32: 0 | R32: 824000 | S32: =SUM(N32:R32) -> 1030000 | T32: 0 | U32: =S32+T32 -> 1030000 | V32: 0 | W32: 0 | X32: 0 | Y32: 0 | Z32: 0 | AA32: 1400 | AB32: 47497 | AC32: 2449.032 | AD32: =W32+Y32+AA32+AB32+AC32 -> 51346.032 | AE32: =U32-AD32 -> 978653.97 | AF32: 0 | AG32: Union Bank Of India | AH32: 151110100177895 | AI32: UBIN0801151
B33: =B32+1 -> 6 | C33: PIRISINGULA SHRUTHI | D33: HYFPS0253F | E33: 647887105702 | F33: 31879 | G33: MSC | H33: YES | I33: MICROBIOLOGY | J33: ASST PROF | K33: 44848 | L33: OTEHRS | M33: - | N33: 300000 | O33: 0 | P33: 0 | Q33: 0 | R33: 349000 | S33: =SUM(N33:R33) -> 649000 | T33: 0 | U33: =S33+T33 -> 649000 | V33: 0 | W33: 0 | X33: 0 | Y33: 0 | Z33: 0 | AA33: 2400 | AB33: 3320 | AC33: 14918 | AD33: =W33+Y33+AA33+AB33+AC33 -> 20638 | AE33: =U33-AD33 -> 628362 | AF33: 0 | AG33: Union Bank Of India | AH33: 53610100137125 | AI33: 0
B34: =B33+1 -> 7 | C34: SABITHA V | D34: ADZPV9399K | E34: 927492445507 | F34: 28606 | G34: M.Sc | H34: YES | I34: BIOCHEMISTRY | J34: ASST PROF | K34: 43544 | L34: OTEHRS | M34: - | N34: 358032 | O34: 0 | P34: 0 | Q34: 0 | R34: 377793 | S34: =SUM(N34:R34) -> 735825 | T34: 0 | U34: =S34+T34 -> 735825 | V34: 0 | W34: 0 | X34: 0 | Y34: 0 | Z34: 0 | AA34: 2400 | AB34: 0 | AC34: 0 | AD34: =W34+Y34+AA34+AB34+AC34 -> 2400 | AE34: =U34-AD34 -> 733425 | AF34: 0 | AG34: Union Bank Of India | AH34: 610002010014162 | AI34: UBIN0815837
B35: =B34+1 -> 8 | C35: K ASHOK CHAITANYA | D35: EEGPK3251D | E35: 854670555671 | F35: 33042 | G35: MD | H35: YES | I35: ANAESTHESIOLOGY | J35: ASST PROF | K35: 45108 | L35: OTEHRS | M35: - | N35: 351257 | O35: 0 | P35: 0 | Q35: 0 | R35: 468346 | S35: =SUM(N35:R35) -> 819603 | T35: 0 | U35: =S35+T35 -> 819603 | V35: 0 | W35: 0 | X35: 0 | Y35: 0 | Z35: 0 | AA35: 2400 | AB35: 25439 | AC35: 0 | AD35: =W35+Y35+AA35+AB35+AC35 -> 27839 | AE35: =U35-AD35 -> 791764 | AF35: 0 | AG35: Union Bank Of India | AH35: 214810100082287 | AI35: UBIN0821489
B36: =B35+1 -> 9 | C36: KRANTHI REKHA YADA | D36: ALRPY0980B | E36: 812023723381 | F36: 34444 | G36: MD | H36: YES | I36: MICROBIOLOGY | J36: ASST PROF | K36: 45190 | L36: OTEHRS | M36: - | N36: 360000 | O36: 0 | P36: 0 | Q36: 0 | R36: 720000 | S36: =SUM(N36:R36) -> 1080000 | T36: 0 | U36: =S36+T36 -> 1080000 | V36: 0 | W36: 0 | X36: 0 | Y36: 0 | Z36: 0 | AA36: 2400 | AB36: 52780 | AC36: 0 | AD36: =W36+Y36+AA36+AB36+AC36 -> 55180 | AE36: =U36-AD36 -> 1024820 | AF36: 0 | AG36: Union Bank Of India | AH36: 274412010001359 | AI36: UBIN0827444
B37: =B36+1 -> 10 | C37: AKSHAY SAXENA | D37: BPUPS0990D | E37: 636665553556 | F37: 32807 | G37: MD | H37: YES | I37: GENERAL MEDICINE | J37: ASST PROF | K37: 45398 | L37: OTEHRS | M37: - | N37: 344032 | O37: 0 | P37: 0 | Q37: 0 | R37: 917420 | S37: =SUM(N37:R37) -> 1261452 | T37: 0 | U37: =S37+T37 -> 1261452 | V37: 0 | W37: 0 | X37: 0 | Y37: 0 | Z37: 0 | AA37: 2400 | AB37: 84625 | AC37: 26526.5 | AD37: =W37+Y37+AA37+AB37+AC37 -> 113551.5 | AE37: =U37-AD37 -> 1147900.5 | AF37: 0 | AG37: Union Bank Of India | AH37: 214812010001920 | AI37: UBIN0821489
B38: =B37+1 -> 11 | C38: KANDI SRILEKHA | D38: EHZPK6678E | E38: 838284080003 | F38: 32865 | G38: MS | H38: YES | I38: OPHTHALMOLOGY | J38: ASST PROF | K38: 45481 | L38: OTEHRS | M38: - | N38: 262259 | O38: 0 | P38: 0 | Q38: 0 | R38: 437096 | S38: =SUM(N38:R38) -> 699355 | T38: 0 | U38: =S38+T38 -> 699355 | V38: 0 | W38: 0 | X38: 0 | Y38: 0 | Z38: 0 | AA38: 1800 | AB38: 0 | AC38: 0 | AD38: =W38+Y38+AA38+AB38+AC38 -> 1800 | AE38: =U38-AD38 -> 697555 | AF38: 0 | AG38: Union Bank Of India | AH38: 30210100105074 | AI38: UBIN0821489
B39: =B38+1 -> 12 | C39: ADURI RAJA SUMAN DATTA | D39: BBDPA2489J | E39: 863179559127 | F39: 33446 | G39: MS & MCH | H39: YES | I39: CARDIO THORACIC AND VASCULAR SURGERY | J39: ASST PROF | K39: 45608 | L39: OTEHRS | M39: - | N39: 139000 | O39: 0 | P39: 0 | Q39: 0 | R39: 324333 | S39: =SUM(N39:R39) -> 463333 | T39: 0 | U39: =S39+T39 -> 463333 | V39: 0 | W39: 0 | X39: 0 | Y39: 0 | Z39: 0 | AA39: 1000 | AB39: 0 | AC39: 2092 | AD39: =W39+Y39+AA39+AB39+AC39 -> 3092 | AE39: =U39-AD39 -> 460241 | AF39: 0 | AG39: Union Bank Of India | AH39: 27910100007037 | AI39: 0
N40: =SUM(N28:N39) -> 4225193 | O40: =SUM(O28:O39) -> 0 | P40: =SUM(P28:P39) -> 0 | Q40: =SUM(Q28:Q39) -> 0 | R40: =SUM(R28:R39) -> 9561956 | S40: =SUM(S28:S39) -> 13787149 | T40: =SUM(T28:T39) -> 0 | U40: =SUM(U28:U39) -> 13787149 | ... AF40: =SUM(AF28:AF39) -> 0
B41: TOTAL
B44: NOTE:
C45: Furnish the details of the other courses by applying the above format.

Sheet SCH-5(MLT)
B2: NAME OF THE INSTITUTION PRATHIMA INSTITUTE OF MEDICAL SCIENCES
B3: COURSE B.Sc (MLT)
B5: DETAILS OF DEPARTMENT (Non-Clinical) WISE ELIGIBLE TEACHING STAFF FOR THE PERIOD 2023-24 AND 2024-25
B6: (please furnish the details department wase course wise as per the following departments)
S7: SCHEDULE -5
B8: 1. Department of Anatomy; 2. Department of Physiology; 3. Department of Biochemistry; 4. Department of Patholgy; 5. Department of Microbiology; 6. Department of Pharmacology; 7. Department of Forensic Medicine; 8. Department of Communy Medicine; 9. Rural Training Health Centre; 10. Urban Training Health Centre
B11: DETAILS OF DEPARTMENT (Non-Clinical) WISE ELIGIBLE TEACHING STAFF FOR THE PERIOD FOR 2023-24
B12: ='SCH-4(MLT)'!B11 -> BSC ALLIED HEALTH SCIENCES | AD12: AMOUNT IN Rs.
B14: S. No. | C14: EMPLOYEE NAME | D14: PAN No. | E14: AADHAR NO. | F14: DATE OF BIRTH | G14: QUALIFICATION | H14: WHETHER THE EMPLOYEE POSSESSES THE EQUIVALENT QUALIFICATION | I14: BRANCH | J14: DESIGNATION | K14: DATE OF APPOINTMENT TO DESIGNATION | L14: Vth PAY SCALE/ VIth PAY SCALE/ OTHERS | M14: PAY SCALE (BAND) | N14: FOR 01/04/2024 TO 31/03/2024 | V14: PREVIOUS YEARS ARREARS PAID (IF ANY) | W14: PF CONTRIBUTION | Y14: ESI CONTRIBUTION | AA14: PROF. TAX | AB14: TDS | AC14: OTHER DEDUCTIONS | AD14: TOTAL DEDUCTIONS | AE14: NET SALARY | AF14: GRATUITY CONTRIBUTION | AG14: BANK DETAILS IN WHICH SALARY IS BEING CREDITED
N15: BASIC PAY (including AGP) | O15: DA | P15: HRA | Q15: CCA | R15: OTHERS | S15: TOTAL | T15: ARREARS (2023-24) | U15: GROSS SALARY | W15: EMPLOYEE | X15: EMPLOYER | Y15: EMPLOYEE | Z15: EMPLOYER | AG15: NAME | AH15: Account No. | AI15: IFSC
B16: 1 | C16: 2 | D16: 3 | E16: 4 | F16: 5 | G16: 6 | H16: 7 | I16: 8 | J16: 9 | K16: 10 | L16: 11 | M16: 12 | N16: 13 | O16: 14 | P16: 15 | Q16: 16 | R16: 17 | S16: 18 = 13+14+15+16+17) | T16: 19 | U16: 20=(18+19) | V16: 21 | W16: 22 | X16: 23 | Y16: 24 | Z16: 25 | AA16: 26 | AB16: 27 | AC16: 28 | AD16: 29= (22+24+26+27+28) | AE16: 30=(18-29) | AF16: 31 | AG16: 32 | AH16: 33 | AI16: 34
B17: 1
B18: 2 | C18: NIL
B20: TOTAL
B22: DETAILS OF DEPARTMENT (Non-Clinical) WISE ELIGIBLE TEACHING STAFF FOR THE PERIOD FOR 2024-25
B23: =B12 -> BSC ALLIED HEALTH SCIENCES
B25: S. No. | C25: EMPLOYEE NAME | D25: PAN No. | E25: AADHAR NO. | F25: DATE OF BIRTH | G25: QUALIFICATION | H25: WHETHER THE EMPLOYEE POSSESSES THE EQUIVALENT QUALIFICATION | I25: BRANCH | J25: DESIGNATION | K25: DATE OF APPOINTMENT TO DESIGNATION | L25: Vth PAY SCALE/ VIth PAY SCALE/ OTHERS | M25: PAY SCALE (BAND) | N25: FOR 01/04/2024 TO 31/03/2025 | V25: PREVIOUS YEARS ARREARS PAID (IF ANY) | W25: PF CONTRIBUTION | Y25: ESI CONTRIBUTION | AA25: PROF. TAX | AB25: TDS | AC25: OTHER DEDUCTIONS | AD25: TOTAL DEDUCTIONS | AE25: NET SALARY | AF25: GRATUITY CONTRIBUTION | AG25: BANK DETAILS IN WHICH SALARY IS BEING CREDITED
N26: BASIC PAY (including AGP) | O26: DA | P26: HRA | Q26: CCA | R26: OTHERS | S26: TOTAL | T26: ARREARS (2024-25) | U26: GROSS SALARY | W26: EMPLOYEE | X26: EMPLOYER | Y26: EMPLOYEE | Z26: EMPLOYER | AG26: NAME | AH26: Account No. | AI26: IFSC
B27: 1 | C27: 2 | D27: 3 | E27: 4 | F27: 5 | G27: 6 | H27: 7 | I27: 8 | J27: 9 | K27: 10 | L27: 11 | M27: 12 | N27: 13 | O27: 14 | P27: 15 | Q27: 16 | R27: 17 | S27: 18 = 13+14+15+16+17) | T27: 19 | U27: 20=(18+19) | V27: 21 | W27: 22 | X27: 23 | Y27: 24 | Z27: 25 | AA27: 26 | AB27: 27 | AC27: 28 | AD27: 29= (22+24+26+27+28) | AE27: 30=(18-29) | AF27: 31 | AG27: 32 | AH27: 33 | AI27: 34
B28: 1
B29: 2 | C29: NIL
B31: TOTAL
B34: NOTE:
C35: Furnish the details of the other courses by applying the above format.

Sheet SCH-6(MLT)
A2: NAME OF THE INSTITUTION PRATHIMA INSTITUTE OF MEDICAL SCIENCES
A3: COURSE B.Sc (MLT)
A5: DETAILS OF ANCILLARY SERIVICES STAFF FOR THE PERIOD 2023-24 and 2024-25 | AD5: SCHEDULE -6
A6: (please furnish the details department wase course wise as per the following departments)
A8: 1. Cenral Record Section; 2. Cenral Animal House; 3. Central Library; 4. Central Photographic cum audiovisual unit; 5. Medical Education Unit; 6. Central Sterization Services Department; 7. Laundry; 8. Blood Bank; 9. Central Casualty Services; 10. Central Workshop; 11. Other Hospital Staff - Nursing Staff; 12 Any other Staff
A10: DETAILS OF ANCILLARY SERIVICES STAFF FOR THE PERIOD FOR 2023-24
A12: ='SCH-5(MLT)'!B12 -> BSC ALLIED HEALTH SCIENCES
A14: S. No. | B14: EMPLOYEE NAME | C14: PAN No. | D14: AADHAR NO. | E14: DATE OF BIRTH | F14: QUALIFICATION | G14: WHETHER THE EMPLOYEE POSSESSES THE EQUIVALENT QUALIFICATION | H14: BRANCH | I14: DESIGNATION | J14: DATE OF APPOINTMENT TO DESIGNATION | K14: Vth PAY SCALE/ VIth PAY SCALE/ OTHERS | L14: PAY SCALE (BAND) | M14: FOR 01/04/2023 TO 31/03/2024 | U14: PREVIOUS YEARS ARREARS PAID (IF ANY) | V14: PF CONTRIBUTION | X14: ESI CONTRIBUTION | Z14: PROF. TAX | AA14: TDS | AB14: OTHER DEDUCTIONS | AC14: TOTAL DEDUCTIONS | AD14: NET SALARY | AE14: GRATUITY CONTRIBUTION | AF14: BANK DETAILS IN WHICH SALARY IS BEING CREDITED
M15: BASIC PAY (including AGP) | N15: DA | O15: HRA | P15: CCA | Q15: OTHERS | R15: TOTAL | S15: ARREARS (2023-24) | T15: GROSS SALARY | V15: EMPLOYEE | W15: EMPLOYER | X15: EMPLOYEE | Y15: EMPLOYER | AF15: NAME | AG15: Account No. | AH15: IFSC
A16: 1 | B16: 2 | C16: 3 | D16: 4 | E16: 5 | F16: 6 | G16: 7 | H16: 8 | I16: 9 | J16: 10 | K16: 11 | L16: 12 | M16: 13 | N16: 14 | O16: 15 | P16: 16 | Q16: 17 | R16: 18 = 13+14+15+16+17) | S16: 19 | T16: 20=(18+19) | U16: 21 | V16: 22 | W16: 23 | X16: 24 | Y16: 25 | Z16: 26 | AA16: 27 | AB16: 28 | AC16: 29= (22+24+26+27+28) | AD16: 30=(18-29) | AE16: 31 | AF16: 32 | AG16: 33 | AH16: 34
A17: 1 | B17: SREEVANI JOGINIPELLI | C17: AHLPJ3327P | D17: 819118532534 | E17: 25739 | F17: PG | G17: YES | H17: LIBRARY | I17: LIBRARIAN | J17: 37530 | K17: OTEHRS | L17: - | M17: 237192 | N17: 0 | O17: 0 | P17: 0 | Q17: 68858 | R17: =SUM(M17:Q17) -> 306050 | S17: 0 | T17: =R17+S17 -> 306050 | U17: 0 | V17: 0 | W17: 0 | X17: 0 | Y17: 0 | Z17: 2400 | AA17: 0 | AB17: 0 | AC17: =V17+X17+Z17+AA17+AB17 -> 2400 | AD17: =T17-AC17 -> 303650 | AE17: 0 | AF17: Union Bank Of India | AG17: 328002011000411 | AH17: UBIN0532801
A18: =A17+1 -> 2 | B18: RAJENDER S | D18: 503661107177 | E18: 29321 | F18: SSC | G18: YES | H18: MAINTENANCE | I18: TECHNICIAN | J18: 37539 | K18: OTEHRS | L18: - | M18: 55866 | N18: 0 | O18: 0 | P18: 0 | Q18: 79387 | R18: =SUM(M18:Q18) -> 135253 | S18: 0 | T18: =R18+S18 -> 135253 | U18: 0 | V18: 13410 | W18: 0 | X18: 1047 | Y18: 0 | Z18: 150 | AA18: 0 | AB18: 0 | AC18: =V18+X18+Z18+AA18+AB18 -> 14607 | AD18: =T18-AC18 -> 120646 | AE18: 0 | AF18: Union Bank Of India | AG18: 328002011001704 | AH18: UBIN0532801
A19: =A18+1 -> 3 | B19: CHIMA KANAKAIAH A | D19: 499524087294 | E19: 28857 | F19: INTERMEDIATE | G19: YES | H19: PHYSIOLOGY | I19: TECHNICIAN | J19: 37550 | K19: OTEHRS | L19: - | M19: 56013 | N19: 0 | O19: 0 | P19: 0 | Q19: 66521 | R19: =SUM(M19:Q19) -> 122534 | S19: 0 | T19: =R19+S19 -> 122534 | U19: 0 | V19: 13452 | W19: 0 | X19: 1056 | Y19: 0 | Z19: 0 | AA19: 0 | AB19: 0 | AC19: =V19+X19+Z19+AA19+AB19 -> 14508 | AD19: =T19-AC19 -> 108026 | AE19: 0 | AF19: Union Bank Of India | AG19: 328002011000864 | AH19: UBIN0532801
A20: =A19+1 -> 4 | B20: G. VENKATESHWAR RAO | D20: 847592888245 | E20: 27758 | F20: iti | G20: YES | H20: PHYSICAL EDUCATION DEPARTMENT | I20: GROUNDS MEN | J20: 37762 | K20: OTEHRS | L20: - | M20: 49307 | N20: 0 | O20: 0 | P20: 0 | Q20: 56460 | R20: =SUM(M20:Q20) -> 105767 | S20: 0 | T20: =R20+S20 -> 105767 | U20: 0 | V20: 11836 | W20: 0 | X20: 929 | Y20: 0 | Z20: 0 | AA20: 0 | AB20: 0 | AC20: =V20+X20+Z20+AA20+AB20 -> 12765 | AD20: =T20-AC20 -> 93002 | AE20: 0 | AF20: Union Bank Of India | AG20: 328002011001011 | AH20: UBIN0532801
A21: =A20+1 -> 5 | B21: THIRUPATHI B | C21: DBAPK3422G | D21: 463976415143 | E21: 30047 | G21: YES | H21: PATHOLOGY | I21: TECHNICIAN | J21: 38616 | K21: OTEHRS | L21: - | M21: 57516 | N21: 0 | O21: 0 | P21: 0 | Q21: 68771 | R21: =SUM(M21:Q21) -> 126287 | S21: 0 | T21: =R21+S21 -> 126287 | U21: 0 | V21: 13818 | W21: 0 | X21: 1080 | Y21: 0 | Z21: 0 | AA21: 0 | AB21: 0 | AC21: =V21+X21+Z21+AA21+AB21 -> 14898 | AD21: =T21-AC21 -> 111389 | AE21: 0 | AF21: Union Bank Of India | AG21: 328002011001813 | AH21: UBIN0532801
A22: =A21+1 -> 6 | B22: SYED SHAH MOHD QUADRI | D22: 869509479602 | E22: 28666 | F22: DIPLOMA | G22: YES | H22: MICROBIOLOGY | I22: TECHNICIAN | J22: 39032 | K22: OTEHRS | L22: - | M22: 57063 | N22: 0 | O22: 0 | P22: 0 | Q22: 68093 | R22: =SUM(M22:Q22) -> 125156 | S22: 0 | T22: =R22+S22 -> 125156 | U22: 0 | V22: 13710 | W22: 0 | X22: 1071 | Y22: 0 | Z22: 0 | AA22: 0 | AB22: 0 | AC22: =V22+X22+Z22+AA22+AB22 -> 14781 | AD22: =T22-AC22 -> 110375 | AE22: 0 | AF22: Union Bank Of India | AG22: 328002011013380 | AH22: UBIN0532801
A23: =A22+1 -> 7 | B23: SATYAM D | C23: EJEPD6068J | D23: 861872122061 | E23: 34199 | F23: INTERMEDIATE | G23: YES | H23: RADIOLOGY | I23: TECHNICIAN | J23: 40336 | K23: OTEHRS | L23: - | M23: 56857 | N23: 0 | O23: 0 | P23: 0 | Q23: 67786 | R23: =SUM(M23:Q23) -> 124643 | S23: 0 | T23: =R23+S23 -> 124643 | U23: 0 | V23: 13638 | W23: 0 | X23: 1068 | Y23: 0 | Z23: 0 | AA23: 0 | AB23: 0 | AC23: =V23+X23+Z23+AA23+AB23 -> 14706 | AD23: =T23-AC23 -> 109937 | AE23: 0 | AF23: Union Bank Of India | AG23: 610002010008097 | AH23: UBIN0815837
A24: =A23+1 -> 8 | B24: VENU KISHAN RAO CH | C24: AIYPC8178P | D24: 678631587087 | E24: 19154 | G24: YES | H24: PHYSICAL EDUCATION DEPARTMENT | I24: PHYSICAL DIRECTOR | J24: 40658 | K24: OTEHRS | L24: - | M24: 245495 | N24: 0 | O24: 0 | P24: 0 | Q24: 0 | R24: =SUM(M24:Q24) -> 245495 | S24: 0 | T24: =R24+S24 -> 245495 | U24: 0 | V24: 0 | W24: 0 | X24: 0 | Y24: 0 | Z24: 1800 | AA24: 0 | AB24: 0 | AC24: =V24+X24+Z24+AA24+AB24 -> 1800 | AD24: =T24-AC24 -> 243695 | AE24: 0 | AF24: Union Bank Of India | AG24: 610002010005918 | AH24: UBIN0815837
A25: =A24+1 -> 9 | B25: HANEEF SHAIK ABDUL | D25: 305998100418 | E25: 32303 | G25: YES | H25: BIOCHEMISTRY | I25: TECHNICIAN | J25: 41183 | K25: OTEHRS | L25: - | M25: 57063 | N25: 0 | O25: 0 | P25: 0 | Q25: 68093 | R25: =SUM(M25:Q25) -> 125156 | S25: 0 | T25: =R25+S25 -> 125156 | U25: 0 | V25: 13710 | W25: 0 | X25: 1071 | Y25: 0 | Z25: 0 | AA25: 0 | AB25: 0 | AC25: =V25+X25+Z25+AA25+AB25 -> 14781 | AD25: =T25-AC25 -> 110375 | AE25: 0 | AF25: Union Bank Of India | AG25: 610002010008958 | AH25: UBIN0815837
A26: =A25+1 -> 10 | B26: RATHNAKAR K | C26: GVGPK4235L | D26: 804041774126 | E26: 31990 | F26: 10th | G26: YES | H26: ADMINISTRATION | I26: ATTENDER | J26: 41183 | K26: OTEHRS | L26: - | M26: 47970 | N26: 0 | O26: 0 | P26: 0 | Q26: 54455 | R26: =SUM(M26:Q26) -> 102425 | S26: 0 | T26: =R26+S26 -> 102425 | U26: 0 | V26: 11514 | W26: 0 | X26: 906 | Y26: 0 | Z26: 0 | AA26: 0 | AB26: 0 | AC26: =V26+X26+Z26+AA26+AB26 -> 12420 | AD26: =T26-AC26 -> 90005 | AE26: 0 | AF26: Union Bank Of India | AG26: 328002011014850 | AH26: UBIN0532801
A27: =A26+1 -> 11 | B27: SRINIVAS KUMAR PENTI | C27: BBIPP6394N | D27: 971290507315 | E27: 28686 | G27: YES | H27: NEPHROLOGY | I27: DIALYSIS TECHINICIAN | J27: 40026 | K27: OTEHRS | L27: - | M27: 285303 | N27: 0 | O27: 0 | P27: 0 | Q27: 176820 | R27: =SUM(M27:Q27) -> 462123 | S27: 0 | T27: =R27+S27 -> 462123 | U27: 0 | V27: 0 | W27: 0 | X27: 0 | Y27: 0 | Z27: 2400 | AA27: 0 | AB27: 0 | AC27: =V27+X27+Z27+AA27+AB27 -> 2400 | AD27: =T27-AC27 -> 459723 | AE27: 0 | AF27: Union Bank Of India | AG27: 328002011001683 | AH27: UBIN0532801
A28: =A27+1 -> 12 | B28: RAVINDER E | D28: 298534951931 | E28: 30888 | F28: DEGREE | G28: YES | H28: MAINTENANCE | I28: TECHNICIAN | J28: 39025 | K28: OTEHRS | L28: - | M28: 57516 | N28: 0 | O28: 0 | P28: 0 | Q28: 100561 | R28: =SUM(M28:Q28) -> 158077 | S28: 0 | T28: =R28+S28 -> 158077 | U28: 0 | V28: 13800 | W28: 0 | X28: 1080 | Y28: 0 | Z28: 750 | AA28: 0 | AB28: 0 | AC28: =V28+X28+Z28+AA28+AB28 -> 15630 | AD28: =T28-AC28 -> 142447 | AE28: 0 | AF28: Union Bank Of India | AG28: 328002011006096 | AH28: UBIN0532801
A29: =A28+1 -> 13 | B29: GANESH PORANDLA | D29: 371376931343 | E29: 30415 | F29: DEGREE | G29: YES | H29: MEDICAL RECORDS | I29: ASSISTANT | J29: 42524 | K29: OTEHRS | L29: - | M29: 58614 | N29: 0 | O29: 0 | P29: 0 | Q29: 70425 | R29: =SUM(M29:Q29) -> 129039 | S29: 0 | T29: =R29+S29 -> 129039 | U29: 0 | V29: 14072 | W29: 0 | X29: 1100 | Y29: 0 | Z29: 0 | AA29: 0 | AB29: 0 | AC29: =V29+X29+Z29+AA29+AB29 -> 15172 | AD29: =T29-AC29 -> 113867 | AE29: 0 | AF29: Union Bank Of India | AG29: 610002010001594 | AH29: UBIN0815837
A30: =A29+1 -> 14 | B30: RUPA KALLA | C30: DQTPK7635H | D30: 511351520802 | E30: 33069 | F30: MSC B.ED | G30: YES | H30: ADMINISTRATION | I30: ADMINSTRATOR | J30: 42583 | K30: OTEHRS | L30: - | M30: 173280 | N30: 0 | O30: 0 | P30: 0 | Q30: 0 | R30: =SUM(M30:Q30) -> 173280 | S30: 0 | T30: =R30+S30 -> 173280 | U30: 0 | V30: 0 | W30: 0 | X30: 0 | Y30: 0 | Z30: 1650 | AA30: 0 | AB30: 0 | AC30: =V30+X30+Z30+AA30+AB30 -> 1650 | AD30: =T30-AC30 -> 171630 | AE30: 0 | AF30: Union Bank Of India | AG30: 610002010012264 | AH30: UBIN0815837
A31: =A30+1 -> 15 | B31: CHINTHANIPPULA HARISH | D31: 793772641248 | E31: 34313 | F31: DEGREE | G31: YES | H31: MAINTENANCE | I31: TECHNICIAN | J31: 43191 | K31: OTEHRS | L31: - | M31: 53136 | N31: 0 | O31: 0 | P31: 0 | Q31: 83635 | R31: =SUM(M31:Q31) -> 136771 | S31: 0 | T31: =R31+S31 -> 136771 | U31: 0 | V31: 12744 | W31: 0 | X31: 996 | Y31: 0 | Z31: 0 | AA31: 0 | AB31: 0 | AC31: =V31+X31+Z31+AA31+AB31 -> 13740 | AD31: =T31-AC31 -> 123031 | AE31: 0 | AF31: Union Bank Of India | AG31: 679102010003903 | AH31: UBIN0821489
A32: =A31+1 -> 16 | B32: JEELUKA MAHESH | D32: 407603724571 | E32: 33760 | F32: ITI | G32: YES | H32: MAINTENANCE | I32: ELECTRICIAN | J32: 43435 | K32: OTEHRS | L32: - | M32: 46192 | N32: 0 | O32: 0 | P32: 0 | Q32: 66869 | R32: =SUM(M32:Q32) -> 113061 | S32: 0 | T32: =R32+S32 -> 113061 | U32: 0 | V32: 11094 | W32: 0 | X32: 862 | Y32: 0 | Z32: 0 | AA32: 0 | AB32: 0 | AC32: =V32+X32+Z32+AA32+AB32 -> 11956 | AD32: =T32-AC32 -> 101105 | AE32: 0 | AF32: Union Bank Of India | AG32: 610002010012485 | AH32: UBIN0815837
A33: =A32+1 -> 17 | B33: GASIKANTI SRIKANTH | D33: 415053144803 | E33: 36658 | F33: ITI | G33: YES | H33: MAINTENANCE | I33: ELECTRICIAN | J33: 43525 | K33: OTEHRS | L33: - | M33: 47232 | N33: 0 | O33: 0 | P33: 0 | Q33: 80853 | R33: =SUM(M33:Q33) -> 128085 | S33: 0 | T33: =R33+S33 -> 128085 | U33: 0 | V33: 11340 | W33: 0 | X33: 885 | Y33: 0 | Z33: 0 | AA33: 0 | AB33: 0 | AC33: =V33+X33+Z33+AA33+AB33 -> 12225 | AD33: =T33-AC33 -> 115860 | AE33: 0 | AF33: Union Bank Of India | AG33: 328002120001746 | AH33: UBIN0532801
A34: =A33+1 -> 18 | B34: VADLURI RAJKUMAR | C34: AZRPV5876H | D34: 901657805074 | E34: 33848 | G34: YES | H34: NEPHROLOGY | I34: DIALYSIS TECHINICIAN | J34: 43617 | K34: OTEHRS | L34: - | M34: 244008 | N34: 0 | O34: 0 | P34: 0 | Q34: 21035 | R34: =SUM(M34:Q34) -> 265043 | S34: 0 | T34: =R34+S34 -> 265043 | U34: 0 | V34: 0 | W34: 0 | X34: 0 | Y34: 0 | Z34: 2400 | AA34: 0 | AB34: 0 | AC34: =V34+X34+Z34+AA34+AB34 -> 2400 | AD34: =T34-AC34 -> 262643 | AE34: 0 | AF34: Union Bank Of India | AG34: 328002011021088 | AH34: UBIN0532801
A35: =A34+1 -> 19 | B35: KOTHAKONDA SWETHA | C35: NBEPS6678N | D35: 859611046619 | E35: 35971 | G35: YES | H35: NEPHROLOGY | I35: DIALYSIS TECHINICIAN | J35: 43895 | K35: OTEHRS | L35: - | M35: 80314 | N35: 0 | O35: 0 | P35: 0 | Q35: 90471 | R35: =SUM(M35:Q35) -> 170785 | S35: 0 | T35: =R35+S35 -> 170785 | U35: 0 | V35: 19274 | W35: 0 | X35: 1508 | Y35: 0 | Z35: 1800 | AA35: 0 | AB35: 0 | AC35: =V35+X35+Z35+AA35+AB35 -> 22582 | AD35: =T35-AC35 -> 148203 | AE35: 0 | AF35: Union Bank Of India | AG35: 610002010015037 | AH35: UBIN0815837
A36: =A35+1 -> 20 | B36: KARNE ANUSHA | C36: IIDPK7969D | D36: 466329196484 | E36: 36474 | F36: DIPLOMA IN CARDIO | G36: YES | H36: CARDIOLOGY | I36: TECHNICIAN | J36: 43998 | K36: OTEHRS | L36: - | M36: 38720 | N36: 0 | O36: 0 | P36: 0 | Q36: 40580 | R36: =SUM(M36:Q36) -> 79300 | S36: 0 | T36: =R36+S36 -> 79300 | U36: 0 | V36: 9294 | W36: 0 | X36: 726 | Y36: 0 | Z36: 750 | AA36: 0 | AB36: 0 | AC36: =V36+X36+Z36+AA36+AB36 -> 10770 | AD36: =T36-AC36 -> 68530 | AE36: 0 | AF36: Union Bank Of India | AG36: 610002010015008 | AH36: UBIN0815837
A37: =A36+1 -> 21 | B37: POLDASARI HEMALATHA | C37: EQNPP2690Q | D37: 229339242330 | E37: 34980 | F37: PG DIPLOMA | G37: YES | H37: CARDIOLOGY | I37: TECHNICIAN | J37: 43998 | K37: OTEHRS | L37: - | M37: 107212 | N37: 0 | O37: 0 | P37: 0 | Q37: 76818 | R37: =SUM(M37:Q37) -> 184030 | S37: 0 | T37: =R37+S37 -> 184030 | U37: 0 | V37: 14214 | W37: 0 | X37: 1110 | Y37: 0 | Z37: 1800 | AA37: 0 | AB37: 0 | AC37: =V37+X37+Z37+AA37+AB37 -> 17124 | AD37: =T37-AC37 -> 166906 | AE37: 0 | AF37: Union Bank Of India | AG37: 610002010015007 | AH37: UBIN0815837
A38: =A37+1 -> 22 | B38: GUDATI HARIKRISHNA | C38: CJUPG2872D | D38: 329370301838 | E38: 29587 | G38: YES | H38: NEPHROLOGY | I38: DIALYSIS TECHINICIAN | J38: 44056 | K38: OTEHRS | L38: - | M38: 244663 | N38: 0 | O38: 0 | P38: 0 | Q38: 22216 | R38: =SUM(M38:Q38) -> 266879 | S38: 0 | T38: =R38+S38 -> 266879 | U38: 0 | V38: 0 | W38: 0 | X38: 0 | Y38: 0 | Z38: 2400 | AA38: 0 | AB38: 0 | AC38: =V38+X38+Z38+AA38+AB38 -> 2400 | AD38: =T38-AC38 -> 264479 | AE38: 0 | AF38: Union Bank Of India | AG38: 111310100251179 | AH38: UBIN0561002
A39: =A38+1 -> 23 | B39: SRIDHAR DONGARI | C39: BZMPD0448R | D39: 572983907307 | E39: 31157 | G39: YES | H39: NEPHROLOGY | I39: DIALYSIS TECHINICIAN | J39: 44063 | K39: OTEHRS | L39: - | M39: 246097 | N39: 0 | O39: 0 | P39: 0 | Q39: 104760 | R39: =SUM(M39:Q39) -> 350857 | S39: 0 | T39: =R39+S39 -> 350857 | U39: 0 | V39: 0 | W39: 0 | X39: 0 | Y39: 0 | Z39: 2400 | AA39: 0 | AB39: 0 | AC39: =V39+X39+Z39+AA39+AB39 -> 2400 | AD39: =T39-AC39 -> 348457 | AE39: 0 | AF39: Union Bank Of India | AG39: 45710100121762 | AH39: UBIN0561002
A40: =A39+1 -> 24 | B40: BEJJANKI KISHORE | C40: BLEPB9201Q | D40: 743123531529 | E40: 33039 | F40: DMIT | G40: YES | H40: RADIOLOGY | I40: TECHNICIAN | J40: 44105 | K40: OTEHRS | L40: - | M40: 186371 | N40: 0 | O40: 0 | P40: 0 | Q40: 148301 | R40: =SUM(M40:Q40) -> 334672 | S40: 0 | T40: =R40+S40 -> 334672 | U40: 0 | V40: 0 | W40: 0 | X40: 0 | Y40: 0 | Z40: 2400 | AA40: 0 | AB40: 0 | AC40: =V40+X40+Z40+AA40+AB40 -> 2400 | AD40: =T40-AC40 -> 332272 | AE40: 0 | AF40: Union Bank Of India | AG40: 610002010015226 | AH40: UBIN0815837
A41: =A40+1 -> 25 | B41: MACHARLA NAVEEN | C41: FRRPM7127R | D41: 503143125363 | E41: 36286 | F41: DIPLOMA IN CAT LAB | G41: YES | H41: CARDIOLOGY | I41: TECHNICIAN | J41: 44277 | K41: OTEHRS | L41: - | M41: 183397 | N41: 0 | O41: 0 | P41: 0 | Q41: 136803 | R41: =SUM(M41:Q41) -> 320200 | S41: 0 | T41: =R41+S41 -> 320200 | U41: 0 | V41: 0 | W41: 0 | X41: 0 | Y41: 0 | Z41: 2400 | AA41: 0 | AB41: 0 | AC41: =V41+X41+Z41+AA41+AB41 -> 2400 | AD41: =T41-AC41 -> 317800 | AE41: 0 | AF41: Union Bank Of India | AG41: 84412010000116 | AH41: UBIN0532801
A42: =A41+1 -> 26 | B42: MOHANNAD ABDUL HAKEEM | C42: AGRPH0645P | D42: 672497646890 | E42: 31178 | F42: BSC | G42: YES | H42: E N T | I42: AUDIOLOGIST CUM SPEECH THERAPIST | J42: 44452 | K42: OTEHRS | L42: - | M42: 215936 | N42: 0 | O42: 0 | P42: 0 | Q42: 134037 | R42: =SUM(M42:Q42) -> 349973 | S42: 0 | T42: =R42+S42 -> 349973 | U42: 0 | V42: 0 | W42: 0 | X42: 0 | Y42: 0 | Z42: 2400 | AA42: 0 | AB42: 0 | AC42: =V42+X42+Z42+AA42+AB42 -> 2400 | AD42: =T42-AC42 -> 347573 | AE42: 0 | AF42: Union Bank Of India | AG42: 15710100044074 | AH42: UBIN0532801
A43: =A42+1 -> 27 | B43: KANCHENA SANDHYA | D43: 247235148802 | E43: 33394 | F43: BSC | G43: YES | H43: MEDICAL RECORDS | I43: COMPUTER OPERATOR | J43: 44896 | K43: OTEHRS | L43: - | M43: 49727 | N43: 0 | O43: 0 | P43: 0 | Q43: 67588 | R43: =SUM(M43:Q43) -> 117315 | S43: 0 | T43: =R43+S43 -> 117315 | U43: 0 | V43: 11932 | W43: 0 | X43: 935 | Y43: 0 | Z43: 200 | AA43: 0 | AB43: 0 | AC43: =V43+X43+Z43+AA43+AB43 -> 13067 | AD43: =T43-AC43 -> 104248 | AE43: 0 | AF43: Union Bank Of India | AG43: 221512010000528 | AH43: 0
A44: =A43+1 -> 28 | B44: BATHINI ROHITH KUMAR | D44: 969324126264 | E44: 31796 | F44: MBA | G44: YES | H44: MEDICAL RECORDS | I44: COMPUTER OPERATOR | J44: 45057 | K44: OTEHRS | L44: - | M44: 46841 | N44: 0 | O44: 0 | P44: 0 | Q44: 71760 | R44: =SUM(M44:Q44) -> 118601 | S44: 0 | T44: =R44+S44 -> 118601 | U44: 0 | V44: 11242 | W44: 0 | X44: 878 | Y44: 0 | Z44: 350 | AA44: 0 | AB44: 0 | AC44: =V44+X44+Z44+AA44+AB44 -> 12470 | AD44: =T44-AC44 -> 106131 | AE44: 0 | AF44: Union Bank Of India | AG44: 610002010012505 | AH44: UBIN0815837
A45: =A44+1 -> 29 | B45: JERUPOTHULA PRAKASH | D45: 862286495714 | E45: 35866 | F45: Inter, Diploma | G45: YES | H45: CARDIOLOGY | I45: TECHNICIAN | J45: 45226 | K45: OTEHRS | L45: - | M45: 103204 | N45: 0 | O45: 0 | P45: 0 | Q45: 61919 | R45: =SUM(M45:Q45) -> 165123 | S45: 0 | T45: =R45+S45 -> 165123 | U45: 0 | V45: 0 | W45: 0 | X45: 0 | Y45: 0 | Z45: 1000 | AA45: 0 | AB45: 0 | AC45: =V45+X45+Z45+AA45+AB45 -> 1000 | AD45: =T45-AC45 -> 164123 | AE45: 0 | AF45: Union Bank Of India | AG45: 346802010017275 | AH45: 0
A46: =A45+1 -> 30 | B46: NANNAVENI RAJU | D46: 979927055109 | E46: 34566 | F46: DMIT | G46: YES | H46: RADIOLOGY | I46: TECHNICIAN | J46: 45231 | K46: OTEHRS | L46: - | M46: 24000 | N46: 0 | O46: 0 | P46: 0 | Q46: 43500 | R46: =SUM(M46:Q46) -> 67500 | S46: 0 | T46: =R46+S46 -> 67500 | U46: 0 | V46: 5760 | W46: 0 | X46: 448 | Y46: 0 | Z46: 400 | AA46: 0 | AB46: 0 | AC46: =V46+X46+Z46+AA46+AB46 -> 6608 | AD46: =T46-AC46 -> 60892 | AE46: 0 | AF46: Union Bank Of India | AG46: 112310100040731 | AH46: 0
A47: =A46+1 -> 31 | B47: KOTHA MUNINDAR | C47: FXNPM3777B | D47: 813545110382 | E47: 34517 | F47: DAT | G47: YES | H47: GENERAL MEDICINE | I47: STAFF NURSE | J47: 43775 | K47: OTEHRS | L47: - | M47: 110961 | N47: 0 | O47: 0 | P47: 0 | Q47: 114513 | R47: =SUM(M47:Q47) -> 225474 | S47: 0 | T47: =R47+S47 -> 225474 | U47: 0 | V47: 15904 | W47: 0 | X47: 1242 | Y47: 0 | Z47: 1900 | AA47: 0 | AB47: 0 | AC47: =V47+X47+Z47+AA47+AB47 -> 19046 | AD47: =T47-AC47 -> 206428 | AE47: 0 | AF47: Union Bank Of India | AG47: 610002010014676 | AH47: UBIN0815837
A48: =A47+1 -> 32 | B48: GANUPA THIRUPATHI REDY | D48: 822971991698 | E48: 24633 | F48: ssc, Diploma | G48: YES | H48: ORTHOPAEDICS | I48: TECHNICIAN | J48: 45139 | K48: OTEHRS | L48: - | M48: 56000 | N48: 0 | O48: 0 | P48: 0 | Q48: 84000 | R48: =SUM(M48:Q48) -> 140000 | S48: 0 | T48: =R48+S48 -> 140000 | U48: 0 | V48: 13440 | W48: 0 | X48: 1050 | Y48: 0 | Z48: 1100 | AA48: 0 | AB48: 0 | AC48: =V48+X48+Z48+AA48+AB48 -> 15590 | AD48: =T48-AC48 -> 124410 | AE48: 0 | AF48: Union Bank Of India | AG48: 328002011000264 | AH48: UBIN0532801
A49: =A48+1 -> 33 | B49: MANUPATI RAJU | D49: 391575768558 | E49: 35991 | F49: DmST | G49: YES | H49: CARDIOLOGY | I49: TECHNICIAN | J49: 45089 | K49: OTEHRS | L49: - | M49: 44387 | N49: 0 | O49: 0 | P49: 0 | Q49: 87681 | R49: =SUM(M49:Q49) -> 132068 | S49: 0 | T49: =R49+S49 -> 132068 | U49: 0 | V49: 10652 | W49: 0 | X49: 832 | Y49: 0 | Z49: 1100 | AA49: 0 | AB49: 0 | AC49: =V49+X49+Z49+AA49+AB49 -> 12584 | AD49: =T49-AC49 -> 119484 | AE49: 0 | AF49: Union Bank Of India | AG49: 214812010001492 | AH49: UBIN0821489
A50: TOTAL | M50: =SUM(M17:M49) -> 3623453 | N50: =SUM(N17:N49) -> 0 | O50: =SUM(O17:O49) -> 0 | P50: =SUM(P17:P49) -> 0 | Q50: =SUM(Q17:Q49) -> 2483569 | R50: =SUM(R17:R49) -> 6107022 | S50: =SUM(S17:S49) -> 0 | T50: =SUM(T17:T49) -> 6107022 | ... AE50: =SUM(AE17:AE49) -> 0
M51: =M50+'[2]SCH-4(MLT)'!O18 -> 4823453 | AE51: =AE50+'[2]SCH-4(MLT)'!AG18 -> 0
A53: DETAILS OF ANCILLARY SERIVICES STAFF FOR THE PERIOD FROM 01/04/2024 TO 31/03/2025
A54: =A12 -> BSC ALLIED HEALTH SCIENCES
A56: S. No. | B56: EMPLOYEE NAME | C56: PAN No. | D56: AADHAR NO. | E56: DATE OF BIRTH | F56: QUALIFICATION | G56: WHETHER THE EMPLOYEE POSSESSES THE EQUIVALENT QUALIFICATION | H56: BRANCH | I56: DESIGNATION | J56: DATE OF APPOINTMENT TO DESIGNATION | K56: Vth PAY SCALE/ VIth PAY SCALE/ OTHERS | L56: PAY SCALE (BAND) | M56: FOR 01/04/2024 TO 31/03/2025 | U56: PREVIOUS YEARS ARREARS PAID (IF ANY) | V56: PF CONTRIBUTION | X56: ESI CONTRIBUTION | Z56: PROF. TAX | AA56: TDS | AB56: OTHER DEDUCTIONS | AC56: TOTAL DEDUCTIONS | AD56: NET SALARY | AE56: GRATUITY CONTRIBUTION | AF56: BANK DETAILS IN WHICH SALARY IS BEING CREDITED
M57: BASIC PAY (including AGP) | N57: DA | O57: HRA | P57: CCA | Q57: OTHERS | R57: TOTAL | S57: ARREARS (2024-25) | T57: GROSS SALARY | V57: EMPLOYEE | W57: EMPLOYER | X57: EMPLOYEE | Y57: EMPLOYER | AF57: NAME | AG57: Account No. | AH57: IFSC
A58: 1 | B58: 2 | C58: 3 | D58: 4 | E58: 5 | F58: 6 | G58: 7 | H58: 8 | I58: 9 | J58: 10 | K58: 11 | L58: 12 | M58: 13 | N58: 14 | O58: 15 | P58: 16 | Q58: 17 | R58: 18 = 13+14+15+16+17) | S58: 19 | T58: 20=(18+19) | U58: 21 | V58: 22 | W58: 23 | X58: 24 | Y58: 25 | Z58: 26 | AA58: 27 | AB58: 28 | AC58: 29= (22+24+26+27+28) | AD58: 30=(18-29) | AE58: 31 | AF58: 32 | AG58: 33 | AH58: 34
A59: 1 | B59: SREEVANI JOGINIPELLI | C59: AHLPJ3327P | D59: 819118532534 | E59: 25739 | F59: PG | G59: YES | H59: LIBRARY | I59: LIBRARIAN | J59: 37530 | K59: OTHERS | L59: - | M59: 192000 | N59: 0 | O59: 0 | P59: 0 | Q59: 140952 | R59: =SUM(M59:Q59) -> 332952 | S59: 0 | T59: =R59+S59 -> 332952 | U59: 0 | V59: 0 | W59: 0 | X59: 0 | Y59: 0 | Z59: 2400 | AA59: 0 | AB59: 0 | AC59: =V59+X59+Z59+AA59+AB59 -> 2400 | AD59: =T59-AC59 -> 330552 | AE59: 0 | AF59: Union Bank Of India | AG59: 328002011000411 | AH59: UBIN0532801
A60: =A59+1 -> 2 | B60: RAJENDER S | D60: 503661107177 | E60: 29321 | F60: SSC | G60: YES | H60: MAINTENANCE | I60: TECHNICIAN | J60: 37539 | K60: OTHERS | L60: - | M60: 58502 | N60: 0 | O60: 0 | P60: 0 | Q60: 104342 | R60: =SUM(M60:Q60) -> 162844 | S60: 0 | T60: =R60+S60 -> 162844 | U60: 0 | V60: 14054 | W60: 0 | X60: 1101 | Y60: 0 | Z60: 300 | AA60: 0 | AB60: 0 | AC60: =V60+X60+Z60+AA60+AB60 -> 15455 | AD60: =T60-AC60 -> 147389 | AE60: 0 | AF60: Union Bank Of India | AG60: 328002011001704 | AH60: UBIN0532801
A61: =A60+1 -> 3 | B61: CHIMA KANAKAIAH A | D61: 499524087294 | E61: 28857 | F61: INTERMEDIATE | G61: YES | H61: PHYSIOLOGY | I61: TECHNICIAN | J61: 37550 | K61: OTHERS | L61: - | M61: 58788 | N61: 0 | O61: 0 | P61: 0 | Q61: 88190 | R61: =SUM(M61:Q61) -> 146978 | S61: 0 | T61: =R61+S61 -> 146978 | U61: 0 | V61: 14108 | W61: 0 | X61: 1104 | Y61: 0 | Z61: 0 | AA61: 0 | AB61: 0 | AC61: =V61+X61+Z61+AA61+AB61 -> 15212 | AD61: =T61-AC61 -> 131766 | AE61: 0 | AF61: Union Bank Of India | AG61: 328002011000864 | AH61: UBIN0532801
A62: =A61+1 -> 4 | B62: G. VENKATESHWAR RAO | D62: 847592888245 | E62: 27758 | F62: iti | G62: YES | H62: PHYSICAL EDUCATION DEPARTMENT | I62: GROUNDS MEN | J62: 37762 | K62: OTHERS | L62: - | M62: 56449 | N62: 0 | O62: 0 | P62: 0 | Q62: 84676 | R62: =SUM(M62:Q62) -> 141125 | S62: 0 | T62: =R62+S62 -> 141125 | U62: 0 | V62: 13558 | W62: 0 | X62: 1062 | Y62: 0 | Z62: 0 | AA62: 0 | AB62: 0 | AC62: =V62+X62+Z62+AA62+AB62 -> 14620 | AD62: =T62-AC62 -> 126505 | AE62: 0 | AF62: Union Bank Of India | AG62: 328002011001011 | AH62: UBIN0532801
A63: =A62+1 -> 5 | B63: THIRUPATHI B | C63: DBAPK3422G | D63: 463976415143 | E63: 30047 | G63: YES | H63: PATHOLOGY | I63: TECHNICIAN | J63: 38616 | K63: OTHERS | L63: - | M63: 61385 | N63: 0 | O63: 0 | P63: 0 | Q63: 92066 | R63: =SUM(M63:Q63) -> 153451 | S63: 0 | T63: =R63+S63 -> 153451 | U63: 0 | V63: 14726 | W63: 0 | X63: 1146 | Y63: 0 | Z63: 0 | AA63: 0 | AB63: 0 | AC63: =V63+X63+Z63+AA63+AB63 -> 15872 | AD63: =T63-AC63 -> 137579 | AE63: 0 | AF63: Union Bank Of India | AG63: 328002011001813 | AH63: UBIN0532801
A64: =A63+1 -> 6 | B64: SYED SHAH MOHD QUADRI | D64: 869509479602 | E64: 28666 | F64: DIPLOMA | G64: YES | H64: MICROBIOLOGY | I64: TECHNICIAN | J64: 39032 | K64: OTHERS | L64: - | M64: 61396 | N64: 0 | O64: 0 | P64: 0 | Q64: 92082 | R64: =SUM(M64:Q64) -> 153478 | S64: 0 | T64: =R64+S64 -> 153478 | U64: 0 | V64: 14728 | W64: 0 | X64: 1146 | Y64: 0 | Z64: 0 | AA64: 0 | AB64: 0 | AC64: =V64+X64+Z64+AA64+AB64 -> 15874 | AD64: =T64-AC64 -> 137604 | AE64: 0 | AF64: Union Bank Of India | AG64: 328002011013380 | AH64: UBIN0532801
A65: =A64+1 -> 7 | B65: SATYAM D | D65: 861872125061 | E65: 34199 | F65: INTERMEDIATE | G65: YES | H65: RADIOLOGY | I65: TECHNICIAN | J65: 40336 | K65: OTHERS | L65: - | M65: 62352 | N65: 0 | O65: 0 | P65: 0 | Q65: 93516 | R65: =SUM(M65:Q65) -> 155868 | S65: 0 | T65: =R65+S65 -> 155868 | U65: 0 | V65: 14960 | W65: 0 | X65: 1173 | Y65: 0 | Z65: 0 | AA65: 0 | AB65: 0 | AC65: =V65+X65+Z65+AA65+AB65 -> 16133 | AD65: =T65-AC65 -> 139735 | AE65: 0 | AF65: Union Bank Of India | AG65: 610002010008097 | AH65: UBIN0815837
A66: =A65+1 -> 8 | B66: VENU KISHAN RAO CH | C66: AIYPC8178P | D66: 678631587087 | E66: 19154 | G66: YES | H66: PHYSICAL EDUCATION DEPARTMENT | I66: PHYSICAL DIRECTOR | J66: 40658 | K66: OTHERS | L66: - | M66: 306592 | N66: 0 | O66: 0 | P66: 0 | Q66: 34983 | R66: =SUM(M66:Q66) -> 341575 | S66: 0 | T66: =R66+S66 -> 341575 | U66: 0 | V66: 0 | W66: 0 | X66: 0 | Y66: 0 | Z66: 2400 | AA66: 0 | AB66: 0 | AC66: =V66+X66+Z66+AA66+AB66 -> 2400 | AD66: =T66-AC66 -> 339175 | AE66: 0 | AF66: Union Bank Of India | AG66: 610002010005918 | AH66: UBIN0815837
A67: =A66+1 -> 9 | B67: HANEEF SHAIK ABDUL | D67: 305998100418 | E67: 32303 | G67: YES | H67: BIOCHEMISTRY | I67: TECHNICIAN | J67: 41183 | K67: OTHERS | L67: - | M67: 60395 | N67: 0 | O67: 0 | P67: 0 | Q67: 90581 | R67: =SUM(M67:Q67) -> 150976 | S67: 0 | T67: =R67+S67 -> 150976 | U67: 0 | V67: 14486 | W67: 0 | X67: 1128 | Y67: 0 | Z67: 0 | AA67: 0 | AB67: 0 | AC67: =V67+X67+Z67+AA67+AB67 -> 15614 | AD67: =T67-AC67 -> 135362 | AE67: 0 | AF67: Union Bank Of India | AG67: 610002010008958 | AH67: UBIN0815837
A68: =A67+1 -> 10 | B68: RATHNAKAR K | C68: GVGPK4235L | D68: 804041774126 | E68: 31990 | F68: 10th | G68: YES | H68: ADMINISTRATION | I68: ATTENDER | J68: 41183 | K68: OTHERS | L68: - | M68: 51480 | N68: 0 | O68: 0 | P68: 0 | Q68: 77220 | R68: =SUM(M68:Q68) -> 128700 | S68: 0 | T68: =R68+S68 -> 128700 | U68: 0 | V68: 12360 | W68: 0 | X68: 960 | Y68: 0 | Z68: 0 | AA68: 0 | AB68: 0 | AC68: =V68+X68+Z68+AA68+AB68 -> 13320 | AD68: =T68-AC68 -> 115380 | AE68: 0 | AF68: Union Bank Of India | AG68: 328002011014850 | AH68: UBIN0532801
A69: =A68+1 -> 11 | B69: SRINIVAS KUMAR PENTI | C69: BBIPP6394N | D69: 971290507315 | E69: 28686 | G69: YES | H69: NEPHROLOGY | I69: DIALYSIS TECHINICIAN | J69: 40026 | K69: OTHERS | L69: - | M69: 191467 | N69: 0 | O69: 0 | P69: 0 | Q69: 303091 | R69: =SUM(M69:Q69) -> 494558 | S69: 0 | T69: =R69+S69 -> 494558 | U69: 0 | V69: 0 | W69: 0 | X69: 0 | Y69: 0 | Z69: 2400 | AA69: 0 | AB69: 0 | AC69: =V69+X69+Z69+AA69+AB69 -> 2400 | AD69: =T69-AC69 -> 492158 | AE69: 0 | AF69: Union Bank Of India | AG69: 328002011001683 | AH69: UBIN0532801
A70: =A69+1 -> 12 | B70: RAVINDER E | D70: 298534951931 | E70: 30888 | F70: DEGREE | G70: YES | H70: MAINTENANCE | I70: TECHNICIAN | J70: 39025 | K70: OTHERS | L70: - | M70: 61728 | N70: 0 | O70: 0 | P70: 0 | Q70: 132844 | R70: =SUM(M70:Q70) -> 194572 | S70: 0 | T70: =R70+S70 -> 194572 | U70: 0 | V70: 14808 | W70: 0 | X70: 1152 | Y70: 0 | Z70: 1550 | AA70: 0 | AB70: 0 | AC70: =V70+X70+Z70+AA70+AB70 -> 17510 | AD70: =T70-AC70 -> 177062 | AE70: 0 | AF70: Union Bank Of India | AG70: 328002011006096 | AH70: UBIN0532801
A71: =A70+1 -> 13 | B71: GANESH PORANDLA | D71: 371376931343 | E71: 30415 | F71: DEGREE | G71: YES | H71: MEDICAL RECORDS | I71: ASSISTANT | J71: 42524 | K71: OTHERS | L71: - | M71: 70272 | N71: 0 | O71: 0 | P71: 0 | Q71: 105420 | R71: =SUM(M71:Q71) -> 175692 | S71: 0 | T71: =R71+S71 -> 175692 | U71: 0 | V71: 16872 | W71: 0 | X71: 1320 | Y71: 0 | Z71: 0 | AA71: 0 | AB71: 0 | AC71: =V71+X71+Z71+AA71+AB71 -> 18192 | AD71: =T71-AC71 -> 157500 | AE71: 0 | AF71: Union Bank Of India | AG71: 610002010001594 | AH71: UBIN0815837
A72: =A71+1 -> 14 | B72: RUPA KALLA | C72: DQTPK7635H | D72: 511351520802 | E72: 33069 | F72: MSC B.ED | G72: YES | H72: ADMINISTRATION | I72: ADMINSTRATOR | J72: 42583 | K72: OTHERS | L72: - | M72: 189120 | N72: 0 | O72: 0 | P72: 0 | Q72: 50460 | R72: =SUM(M72:Q72) -> 239580 | S72: 0 | T72: =R72+S72 -> 239580 | U72: 0 | V72: 0 | W72: 0 | X72: 0 | Y72: 0 | Z72: 1800 | AA72: 0 | AB72: 0 | AC72: =V72+X72+Z72+AA72+AB72 -> 1800 | AD72: =T72-AC72 -> 237780 | AE72: 0 | AF72: Union Bank Of India | AG72: 610002010012264 | AH72: UBIN0815837
A73: =A72+1 -> 15 | B73: CHINTHANIPPULA HARISH | D73: 793772641248 | E73: 34313 | F73: DEGREE | G73: YES | H73: MAINTENANCE | I73: TECHNICIAN | J73: 43191 | K73: OTHERS | L73: - | M73: 13147 | N73: 0 | O73: 0 | P73: 0 | Q73: 23246 | R73: =SUM(M73:Q73) -> 36393 | S73: 0 | T73: =R73+S73 -> 36393 | U73: 0 | V73: 3154 | W73: 0 | X73: 246 | Y73: 0 | Z73: 0 | AA73: 0 | AB73: 0 | AC73: =V73+X73+Z73+AA73+AB73 -> 3400 | AD73: =T73-AC73 -> 32993 | AE73: 0 | AF73: Union Bank Of India | AG73: 679102010003903 | AH73: UBIN0821489
A74: =A73+1 -> 16 | B74: JEELUKA MAHESH | D74: 407603724571 | E74: 33760 | F74: ITI | G74: YES | H74: MAINTENANCE | I74: ELECTRICIAN | J74: 43435 | K74: OTHERS | L74: - | M74: 51612 | N74: 0 | O74: 0 | P74: 0 | Q74: 100088 | R74: =SUM(M74:Q74) -> 151700 | S74: 0 | T74: =R74+S74 -> 151700 | U74: 0 | V74: 12398 | W74: 0 | X74: 966 | Y74: 0 | Z74: 0 | AA74: 0 | AB74: 0 | AC74: =V74+X74+Z74+AA74+AB74 -> 13364 | AD74: =T74-AC74 -> 138336 | AE74: 0 | AF74: Union Bank Of India | AG74: 610002010012485 | AH74: UBIN0815837
A75: =A74+1 -> 17 | B75: GASIKANTI SRIKANTH | D75: 415053144803 | E75: 36658 | F75: ITI | G75: YES | H75: MAINTENANCE | I75: ELECTRICIAN | J75: 43525 | K75: OTHERS | L75: - | M75: 50688 | N75: 0 | O75: 0 | P75: 0 | Q75: 98106 | R75: =SUM(M75:Q75) -> 148794 | S75: 0 | T75: =R75+S75 -> 148794 | U75: 0 | V75: 12168 | W75: 0 | X75: 948 | Y75: 0 | Z75: 0 | AA75: 0 | AB75: 0 | AC75: =V75+X75+Z75+AA75+AB75 -> 13116 | AD75: =T75-AC75 -> 135678 | AE75: 0 | AF75: Union Bank Of India | AG75: 328002120001746 | AH75: UBIN0532801
A76: =A75+1 -> 18 | B76: VADLURI RAJKUMAR | C76: AZRPV5876H | D76: 901657805074 | E76: 33848 | G76: YES | H76: NEPHROLOGY | I76: DIALYSIS TECHINICIAN | J76: 43617 | K76: OTHERS | L76: - | M76: 192000 | N76: 0 | O76: 0 | P76: 0 | Q76: 127440 | R76: =SUM(M76:Q76) -> 319440 | S76: 0 | T76: =R76+S76 -> 319440 | U76: 0 | V76: 0 | W76: 0 | X76: 0 | Y76: 0 | Z76: 2400 | AA76: 0 | AB76: 0 | AC76: =V76+X76+Z76+AA76+AB76 -> 2400 | AD76: =T76-AC76 -> 317040 | AE76: 0 | AF76: Union Bank Of India | AG76: 328002011021088 | AH76: UBIN0532801
A77: =A76+1 -> 19 | B77: KOTHAKONDA SWETHA | C77: NBEPS6678N | D77: 859611046619 | E77: 35971 | G77: YES | H77: NEPHROLOGY | I77: DIALYSIS TECHINICIAN | J77: 43895 | K77: OTHERS | L77: - | M77: 85473 | N77: 0 | O77: 0 | P77: 0 | Q77: 128209 | R77: =SUM(M77:Q77) -> 213682 | S77: 0 | T77: =R77+S77 -> 213682 | U77: 0 | V77: 20510 | W77: 0 | X77: 1600 | Y77: 0 | Z77: 1800 | AA77: 0 | AB77: 0 | AC77: =V77+X77+Z77+AA77+AB77 -> 23910 | AD77: =T77-AC77 -> 189772 | AE77: 0 | AF77: Union Bank Of India | AG77: 610002010015037 | AH77: UBIN0815837
A78: =A77+1 -> 20 | B78: POLDASARI HEMALATHA | C78: EQNPP2690Q | D78: 229339242330 | E78: 34980 | F78: PG DIPLOMA | G78: YES | H78: CARDIOLOGY | I78: TECHNICIAN | J78: 43998 | K78: OTHERS | L78: - | M78: 192000 | N78: 0 | O78: 0 | P78: 0 | Q78: 72000 | R78: =SUM(M78:Q78) -> 264000 | S78: 0 | T78: =R78+S78 -> 264000 | U78: 0 | V78: 0 | W78: 0 | X78: 0 | Y78: 0 | Z78: 2400 | AA78: 0 | AB78: 0 | AC78: =V78+X78+Z78+AA78+AB78 -> 2400 | AD78: =T78-AC78 -> 261600 | AE78: 0 | AF78: Union Bank Of India | AG78: 610002010015007 | AH78: UBIN0815837
A79: =A78+1 -> 21 | B79: GUDATI HARIKRISHNA | C79: CJUPG2872D | D79: 329370301838 | E79: 29587 | G79: YES | H79: NEPHROLOGY | I79: DIALYSIS TECHINICIAN | J79: 44056 | K79: OTHERS | L79: - | M79: 190968 | N79: 0 | O79: 0 | P79: 0 | Q79: 126755 | R79: =SUM(M79:Q79) -> 317723 | S79: 0 | T79: =R79+S79 -> 317723 | U79: 0 | V79: 0 | W79: 0 | X79: 0 | Y79: 0 | Z79: 2400 | AA79: 0 | AB79: 0 | AC79: =V79+X79+Z79+AA79+AB79 -> 2400 | AD79: =T79-AC79 -> 315323 | AE79: 0 | AF79: Union Bank Of India | AG79: 111310100251179 | AH79: UBIN0561002
A80: =A79+1 -> 22 | B80: SRIDHAR DONGARI | C80: BZMPD0448R | D80: 572983907307 | E80: 31157 | G80: YES | H80: NEPHROLOGY | I80: DIALYSIS TECHINICIAN | J80: 44063 | K80: OTHERS | L80: - | M80: 190968 | N80: 0 | O80: 0 | P80: 0 | Q80: 184522 | R80: =SUM(M80:Q80) -> 375490 | S80: 0 | T80: =R80+S80 -> 375490 | U80: 0 | V80: 0 | W80: 0 | X80: 0 | Y80: 0 | Z80: 2400 | AA80: 0 | AB80: 0 | AC80: =V80+X80+Z80+AA80+AB80 -> 2400 | AD80: =T80-AC80 -> 373090 | AE80: 0 | AF80: Union Bank Of India | AG80: 45710100121762 | AH80: UBIN0561002
A81: =A80+1 -> 23 | B81: BEJJANKI KISHORE | C81: BLEPB9201Q | D81: 743123531529 | E81: 33039 | F81: DMIT | G81: YES | H81: RADIOLOGY | I81: TECHNICIAN | J81: 44105 | K81: OTHERS | L81: - | M81: 190951 | N81: 0 | O81: 0 | P81: 0 | Q81: 170065 | R81: =SUM(M81:Q81) -> 361016 | S81: 0 | T81: =R81+S81 -> 361016 | U81: 0 | V81: 0 | W81: 0 | X81: 0 | Y81: 0 | Z81: 2400 | AA81: 0 | AB81: 0 | AC81: =V81+X81+Z81+AA81+AB81 -> 2400 | AD81: =T81-AC81 -> 358616 | AE81: 0 | AF81: Union Bank Of India | AG81: 610002010015226 | AH81: UBIN0815837
A82: =A81+1 -> 24 | B82: MACHARLA NAVEEN | C82: FRRPM7127R | D82: 503143125363 | E82: 36286 | F82: DIPLOMA IN CAT LAB | G82: YES | H82: CARDIOLOGY | I82: TECHNICIAN | J82: 44277 | K82: OTHERS | L82: - | M82: 192000 | N82: 0 | O82: 0 | P82: 0 | Q82: 228000 | R82: =SUM(M82:Q82) -> 420000 | S82: 0 | T82: =R82+S82 -> 420000 | U82: 0 | V82: 0 | W82: 0 | X82: 0 | Y82: 0 | Z82: 2400 | AA82: 0 | AB82: 0 | AC82: =V82+X82+Z82+AA82+AB82 -> 2400 | AD82: =T82-AC82 -> 417600 | AE82: 0 | AF82: Union Bank Of India | AG82: 84412010000116 | AH82: UBIN0532801
A83: =A82+1 -> 25 | B83: MOHANNAD ABDUL HAKEEM | C83: AGRPH0645P | D83: 672497646890 | E83: 31178 | F83: BSC | G83: YES | H83: E N T | I83: AUDIOLOGIST CUM SPEECH THERAPIST | J83: 44452 | K83: OTHERS | L83: - | M83: 180939 | N83: 0 | O83: 0 | P83: 0 | Q83: 192243 | R83: =SUM(M83:Q83) -> 373182 | S83: 0 | T83: =R83+S83 -> 373182 | U83: 0 | V83: 0 | W83: 0 | X83: 0 | Y83: 0 | Z83: 2400 | AA83: 0 | AB83: 0 | AC83: =V83+X83+Z83+AA83+AB83 -> 2400 | AD83: =T83-AC83 -> 370782 | AE83: 0 | AF83: Union Bank Of India | AG83: 15710100044074 | AH83: UBIN0532801
A84: =A83+1 -> 26 | B84: KANCHENA SANDHYA | D84: 247235148802 | E84: 33394 | F84: BSC | G84: YES | H84: MEDICAL RECORDS | I84: COMPUTER OPERATOR | J84: 44896 | K84: OTHERS | L84: - | M84: 55291 | N84: 0 | O84: 0 | P84: 0 | Q84: 82936 | R84: =SUM(M84:Q84) -> 138227 | S84: 0 | T84: =R84+S84 -> 138227 | U84: 0 | V84: 13260 | W84: 0 | X84: 1041 | Y84: 0 | Z84: 0 | AA84: 0 | AB84: 0 | AC84: =V84+X84+Z84+AA84+AB84 -> 14301 | AD84: =T84-AC84 -> 123926 | AE84: 0 | AF84: Union Bank Of India | AG84: 221512010000528 | AH84: 0
A85: =A84+1 -> 27 | B85: BATHINI ROHITH KUMAR | D85: 969324126264 | E85: 31796 | F85: MBA | G85: YES | H85: MEDICAL RECORDS | I85: COMPUTER OPERATOR | J85: 45057 | K85: OTHERS | L85: - | M85: 56792 | N85: 0 | O85: 0 | P85: 0 | Q85: 85190 | R85: =SUM(M85:Q85) -> 141982 | S85: 0 | T85: =R85+S85 -> 141982 | U85: 0 | V85: 13630 | W85: 0 | X85: 1065 | Y85: 0 | Z85: 0 | AA85: 0 | AB85: 0 | AC85: =V85+X85+Z85+AA85+AB85 -> 14695 | AD85: =T85-AC85 -> 127287 | AE85: 0 | AF85: Union Bank Of India | AG85: 610002010012505 | AH85: UBIN0815837
A86: =A85+1 -> 28 | B86: JERUPOTHULA PRAKASH | D86: 862286495714 | E86: 35866 | F86: Inter, Diploma | G86: YES | H86: CARDIOLOGY | I86: TECHNICIAN | J86: 45226 | K86: OTHERS | L86: - | M86: 56667 | N86: 0 | O86: 0 | P86: 0 | Q86: 42500 | R86: =SUM(M86:Q86) -> 99167 | S86: 0 | T86: =R86+S86 -> 99167 | U86: 0 | V86: 0 | W86: 0 | X86: 0 | Y86: 0 | Z86: 600 | AA86: 0 | AB86: 0 | AC86: =V86+X86+Z86+AA86+AB86 -> 600 | AD86: =T86-AC86 -> 98567 | AE86: 0 | AF86: Union Bank Of India | AG86: 346802010017275 | AH86: 0
A87: =A86+1 -> 29 | B87: NANNAVENI RAJU | D87: 979927055109 | E87: 34566 | F87: DMIT | G87: YES | H87: RADIOLOGY | I87: TECHNICIAN | J87: 45231 | K87: OTHERS | L87: - | M87: 72000 | N87: 0 | O87: 0 | P87: 0 | Q87: 108000 | R87: =SUM(M87:Q87) -> 180000 | S87: 0 | T87: =R87+S87 -> 180000 | U87: 0 | V87: 17280 | W87: 0 | X87: 1344 | Y87: 0 | Z87: 0 | AA87: 0 | AB87: 0 | AC87: =V87+X87+Z87+AA87+AB87 -> 18624 | AD87: =T87-AC87 -> 161376 | AE87: 0 | AF87: Union Bank Of India | AG87: 112310100040731 | AH87: 0
A88: =A87+1 -> 30 | B88: PATAKULA SURESH | D88: 718777937090 | E88: 32180 | F88: 10 th | G88: YES | H88: MARKETING | I88: DRIVER | J88: 45536 | K88: OTHERS | L88: - | M88: 36400 | N88: 0 | O88: 0 | P88: 0 | Q88: 59600 | R88: =SUM(M88:Q88) -> 96000 | S88: 0 | T88: =R88+S88 -> 96000 | U88: 0 | V88: 8736 | W88: 0 | X88: 686 | Y88: 0 | Z88: 0 | AA88: 0 | AB88: 0 | AC88: =V88+X88+Z88+AA88+AB88 -> 9422 | AD88: =T88-AC88 -> 86578 | AE88: 0 | AF88: Union Bank Of India | AG88: 27010100140396 | AH88: 0
A89: =A88+1 -> 31 | B89: KOTHA MUNINDAR | C89: FXNPM3777B | D89: 813545110382 | E89: 34517 | F89: DAT | G89: YES | H89: GENERAL MEDICINE | I89: STAFF NURSE | J89: 43775 | K89: OTHERS | L89: - | M89: 176638 | N89: 0 | O89: 0 | P89: 0 | Q89: 159561 | R89: =SUM(M89:Q89) -> 336199 | S89: 0 | T89: =R89+S89 -> 336199 | U89: 0 | V89: 0 | W89: 0 | X89: 0 | Y89: 0 | Z89: 2400 | AA89: 0 | AB89: 0 | AC89: =V89+X89+Z89+AA89+AB89 -> 2400 | AD89: =T89-AC89 -> 333799 | AE89: 0 | AF89: Union Bank Of India | AG89: 610002010014676 | AH89: UBIN0815837
A90: =A89+1 -> 32 | B90: GANUPA THIRUPATHI REDY | D90: 822971991698 | E90: 24633 | F90: ssc, Diploma | G90: YES | H90: ORTHOPAEDICS | I90: TECHNICIAN | J90: 45139 | K90: OTHERS | L90: - | M90: 96000 | N90: 0 | O90: 0 | P90: 0 | Q90: 150654 | R90: =SUM(M90:Q90) -> 246654 | S90: 0 | T90: =R90+S90 -> 246654 | U90: 0 | V90: 23040 | W90: 0 | X90: 1800 | Y90: 0 | Z90: 1950 | AA90: 0 | AB90: 0 | AC90: =V90+X90+Z90+AA90+AB90 -> 26790 | AD90: =T90-AC90 -> 219864 | AE90: 0 | AF90: Union Bank Of India | AG90: 328002011000264 | AH90: UBIN0532801
A91: =A90+1 -> 33 | B91: MANUPATI RAJU | D91: 391575768558 | E91: 35991 | F91: DmST | G91: YES | H91: CARDIOLOGY | I91: TECHNICIAN | J91: 45089 | K91: OTHERS | L91: - | M91: 116977 | N91: 0 | O91: 0 | P91: 0 | Q91: 121866 | R91: =SUM(M91:Q91) -> 238843 | S91: 0 | T91: =R91+S91 -> 238843 | U91: 0 | V91: 10550 | W91: 0 | X91: 824 | Y91: 0 | Z91: 1900 | AA91: 0 | AB91: 0 | AC91: =V91+X91+Z91+AA91+AB91 -> 13274 | AD91: =T91-AC91 -> 225569 | AE91: 0 | AF91: Union Bank Of India | AG91: 214812010001492 | AH91: UBIN0821489
A92: TOTAL | M92: =SUM(M59:M91) -> 3679437 | N92: =SUM(N59:N91) -> 0 | O92: =SUM(O59:O91) -> 0 | P92: =SUM(P59:P91) -> 0 | Q92: =SUM(Q59:Q91) -> 3751404 | R92: =SUM(R59:R91) -> 7430841 | S92: =SUM(S59:S91) -> 0 | T92: =SUM(T59:T91) -> 7430841 | ... AE92: =SUM(AE59:AE91) -> 0
A95: NOTE:
B96: Furnish the details of the other courses by applying the above format.
E101: PRATHIMA INSTITUTE OF MEDICAL SCIENCES B.SC (MLT), B.SC(AHS) & PARA MEDICAL COURSES KARIMNAGAR
E102: STATEMENT SHOWING SALARY EXPENDITURE DEPARTMENT WISE
E103: SL NO | F103: YEAR | G103: 2023-24 | H103: 2024-25
E104: 1 | F104: CLINICAL | G104: ='[2]SCH-4(MLT)'!V18 -> 4432700 | H104: ='[2]SCH-4(MLT)'!V40 -> 13787149
E105: 1 | F105: NON CLINICAL | G105: ='[2]SCH-5(MLT)'!U19 -> 0 | H105: ='[2]SCH-5(MLT)'!U30 -> 0
E106: 2 | F106: ANCILLARY | G106: =T50 -> 6107022 | H106: =T92 -> 7430841
E107: TOTAL SALARIES | G107: =SUM(G104:G106) -> 10539722 | H107: =SUM(H104:H106) -> 21217990
E109: PRATHIMA INSTITUTE OF MEDICAL SCIENCES B.SC (MLT), B.Sc(AHS) & PARA MEDICAL COURSES KARIMNAGAR
E110: STATEMENT SHOWING ALLOCATION OF SALARY EXPENDITURE BETWEEN B.SC(MLT) , B.SC(AHS) & PARA MEDICAL COURSES
E111: SL NO | F111: YEAR | G111: TOTAL SALRY | H111: B.SC(MLT) | I111: B.SC(AHS) | J111: PARA MEDICAL COURSES
E112: 1 | F112: 2023-24 | G112: =G107 -> 10539722 | H112: =SUM('[1]Statement1 BSC(MLT)'!$F$29:$F$33) -> 5417269.7 | I112: =SUM('[1]Statement1 BSC(MLT)'!$H$29:$H$33) -> 5122452.3 | J112: =SUM('[1]Statement1 BSC(MLT)'!$J$29:$J$33) -> 0 | K112: =G112-SUM(H112:J112) -> 0
E113: 2 | F113: 2024-25 | G113: =H107 -> 21217990 | H113: =SUM('[1]Statement1 BSC(MLT)'!$G$29:$G$33) -> 6782424.4 | I113: =SUM('[1]Statement1 BSC(MLT)'!$I$29:$I$33) -> 14068948 | J113: =SUM('[1]Statement1 BSC(MLT)'!$K$29:$K$33) -> 366617.54 | K113: =G113-SUM(H113:J113) -> 0
E114: TOTAL SALARIES | G114: =SUM(G112:G113) -> 31757712 | H114: =SUM(H112:H113) -> 12199694 | I114: =SUM(I112:I113) -> 19191400 | J114: =SUM(J112:J113) -> 366617.54
E116: Assumptions:
...

Sheet Salary Allocation
J6: SCHEDULE-6
F7: PRATHIMA INSTITUTE OF MEDICAL SCIENCES , KARIMNAGAR
F8: STATEMENT SHOWING ALLOCATION OF SALARY EXPENDITURE BETWEEN B.SC(MLT) , B.SC(AHS) & PARA MEDICAL COURSES
F9: SL NO | G9: YEAR | H9: TOTAL SALRY | I9: B.SC(MLT) | J9: B.SC(AHS) | K9: PARA MEDICAL COURSES
F10: 1 | G10: 2023-24 | H10: 10539722 | I10: 5417269.7 | J10: 5122452.3 | K10: 0
F11: 2 | G11: 2024-25 | H11: 21217990 | I11: 6782424.4 | J11: 14068948 | K11: 366617.54
F12: TOTAL SALARIES | H12: =SUM(H10:H11) -> 31757712 | I12: =SUM(I10:I11) -> 12199694 | J12: =SUM(J10:J11) -> 19191400 | K12: =SUM(K10:K11) -> 366617.54
F14: Assumptions:
F15: 1 | G15: Salaries were allocated between B.Sc(MLT) , B.Sc(AHS) and Para Medical courses on the basis of No. of Students

Sheet SCH-7
B2: NAME OF COLLEGE PRATHIMA INSTITUTE OF MEDICAL SCIENCES
F3: ='SCH-3'!E3 -> B.Sc (MLT) , B.Sc(AHS) & PARA MEDICAL | J3: SCHEDULE -7
B4: STATEMENT OF ADMINISTRATION & OTHER EXPENSES OF THE INSTITUTION FOR THE FINANCIAL YEAR 2023-24 & 2024-25
J5: AMOUNT IN Rs.
B7: PARTICULARS | F7: FINANCIAL YEAR 2023-24 & 2024-25
F8: COURSES OFFERED
F9: B.Sc(MLT) | H9: B.Sc(AHS) | J9: PARA MEDICAL
F10: FOR THE PERIOD FROM 01/04/2024 TO 31/03/2025 (2024-25) | G10: FOR THE PERIOD FROM 01/04/2023 TO 31/03/2024 (2023-24) | H10: FOR THE PERIOD FROM 01/04/2024 TO 31/03/2025 (2024-25) | I10: FOR THE PERIOD FROM 01/04/2023 TO 31/03/2024 (2023-24) | J10: FOR THE PERIOD FROM 01/04/2024 TO 31/03/2025 (2024-25) | K10: FOR THE PERIOD FROM 01/04/2023 TO 31/03/2024 (2023-24)
F11: 1 | G11: 2 | H11: 1 | I11: 2 | J11: 5 | K11: 6
C13: Patient Drugs | F13: 0 | G13: 0 | H13: 0 | I13: 0 | J13: 0 | K13: 0
C14: Patient Diet | F14: 0 | G14: 0 | H14: 0 | I14: 0 | J14: 0 | K14: 0
C15: Consumables | F15: 0 | G15: 0 | H15: 0 | I15: 0 | J15: 0 | K15: 0
C16: Printing & Stationery | F16: 0 | G16: 0 | H16: 0 | I16: 0 | J16: 0 | K16: 0
C17: Electricity Charges | F17: 0 | G17: 0 | H17: 0 | I17: 0 | J17: 0 | K17: 0
C18: Lab Maintenance | F18: 0 | G18: 0 | H18: 0 | I18: 0 | J18: 0 | K18: 0
C19: Travelling & Converyance | F19: 0 | G19: 0 | H19: 0 | I19: 0 | J19: 0 | K19: 0
C20: Security Charges | F20: 0 | G20: 0 | H20: 0 | I20: 0 | J20: 0 | K20: 0
C21: Internet Charges | F21: 0 | G21: 0 | H21: 0 | I21: 0 | J21: 0 | K21: 0
C22: Repairs & Manitenance | F22: 0 | G22: 0 | H22: 0 | I22: 0 | J22: 0 | K22: 0
E23: Buildings | F23: 0 | G23: 0 | H23: 0 | I23: 0 | J23: 0 | K23: 0
E24: Vehicles | F24: 0 | G24: 0 | H24: 0 | I24: 0 | J24: 0 | K24: 0
E25: Computers | F25: 0 | G25: 0 | H25: 0 | I25: 0 | J25: 0 | K25: 0
E26: Furniture | F26: 0 | G26: 0 | H26: 0 | I26: 0 | J26: 0 | K26: 0
E27: Electrical Equipments | F27: 0 | G27: 0 | H27: 0 | I27: 0 | J27: 0 | K27: 0
E28: Others, if any | F28: 0 | G28: 0 | H28: 0 | I28: 0 | J28: 0 | K28: 0
C29: MCI Fee | F29: 0 | G29: 0 | H29: 0 | I29: 0 | J29: 0 | K29: 0
C30: Universtiy Affiliation Fee | F30: 0 | G30: 0 | H30: 0 | I30: 0 | J30: 0 | K30: 0
C31: Advertisement | F31: 0 | G31: 0 | H31: 0 | I31: 0 | J31: 0 | K31: 0
C32: Rent,Rates & Taxes | F32: 0 | G32: 0 | H32: 0 | I32: 0 | J32: 0 | K32: 0
C33: Telephone Charges | F33: 0 | G33: 0 | H33: 0 | I33: 0 | J33: 0 | K33: 0
C34: Seminars | F34: 0 | G34: 0 | H34: 0 | I34: 0 | J34: 0 | K34: 0
C35: Gardening | F35: 0 | G35: 0 | H35: 0 | I35: 0 | J35: 0 | K35: 0
C36: Staff welfare/Medical Aid | F36: 0 | G36: 0 | H36: 0 | I36: 0 | J36: 0 | K36: 0
C37: Other Maintenance Expenses | F37: 0 | G37: 0 | H37: 0 | I37: 0 | J37: 0 | K37: 0
C38: Postage | F38: 0 | G38: 0 | H38: 0 | I38: 0 | J38: 0 | K38: 0
C39: Library Recurring expenses | F39: 0 | G39: 0 | H39: 0 | I39: 0 | J39: 0 | K39: 0
C40: Examination expenses | F40: 0 | G40: 0 | H40: 0 | I40: 0 | J40: 0 | K40: 0
C41: Insurance | F41: 0 | G41: 0 | H41: 0 | I41: 0 | J41: 0 | K41: 0
E42: Buildings | F42: 0 | G42: 0 | H42: 0 | I42: 0 | J42: 0 | K42: 0
E43: Vehicles | F43: 0 | G43: 0 | H43: 0 | I43: 0 | J43: 0 | K43: 0
E44: Others, if any | F44: 0 | G44: 0 | H44: 0 | I44: 0 | J44: 0 | K44: 0
C45: Legal expenses | F45: 0 | G45: 0 | H45: 0 | I45: 0 | J45: 0 | K45: 0
C46: Audit fee | F46: 0 | G46: 0 | H46: 0 | I46: 0 | J46: 0 | K46: 0
C47: Inspection fee | F47: 0 | G47: 0 | H47: 0 | I47: 0 | J47: 0 | K47: 0
C48: Professional Charges | F48: 0 | G48: 0 | H48: 0 | I48: 0 | J48: 0 | K48: 0
C49: Donations | F49: 0 | G49: 0 | H49: 0 | I49: 0 | J49: 0 | K49: 0
C50: Subscriptions | F50: 0 | G50: 0 | H50: 0 | I50: 0 | J50: 0 | K50: 0
C51: Bank Charges | F51: 0 | G51: 0 | H51: 0 | I51: 0 | J51: 0 | K51: 0
C52: Games expenses | F52: 0 | G52: 0 | H52: 0 | I52: 0 | J52: 0 | K52: 0
C53: Any Other Expenses (specify head wise) | F53: 0 | G53: 0 | H53: 0 | I53: 0 | J53: 0 | K53: 0
B55: TOTAL | F55: =SUM(F13:F53) -> 0 | G55: =SUM(G13:G53) -> 0 | H55: =SUM(H13:H53) -> 0 | I55: =SUM(I13:I53) -> 0 | J55: =SUM(J13:J53) -> 0 | K55: =SUM(K13:K53) -> 0

Sheet SCH-8
E2: NAME OF THE INSTITUTION PRATHIMA INSTITUTE OF MEDICAL SCIENCES
F3: ='SCH-7'!F3 -> B.Sc (MLT) , B.Sc(AHS) & PARA MEDICAL | J3: SCHEDULE -8
B4: STATEMENT OF FINANCE COSTS OF THE INSTITUTION FOR THE FINANCIAL YEAR 2023-24 & 2024-25
J6: AMOUNT IN Rs.
B7: PARTICULARS | F7: FINANCIAL YEAR 2023-24 & 2024-25
F8: COURCES OFFERED
F9: B.Sc(MLT) | H9: B.Sc(AHS) | J9: PARA MEDICAL
F10: FOR THE PERIOD FROM 01/04/2024 TO 31/03/2025 (2024-25) | G10: FOR THE PERIOD FROM 01/04/2023 TO 31/03/2024 (2023-24) | H10: FOR THE PERIOD FROM 01/04/2024 TO 31/03/2025 (2024-25) | I10: FOR THE PERIOD FROM 01/04/2023 TO 31/03/2024 (2023-24) | J10: FOR THE PERIOD FROM 01/04/2024 TO 31/03/2025 (2024-25) | K10: FOR THE PERIOD FROM 01/04/2023 TO 31/03/2024 (2023-24)
F11: 1 | G11: 2 | H11: 3 | I11: 4 | J11: 5 | K11: 6
C13: Interest on Term Loans | F13: 0 | G13: 0
C14: Interest on Loans from Society | F14: 0 | G14: 0
C15: Interest on Working Capital Loans | F15: 0 | G15: 0
C16: Any Other Expenses (specify head wise) | F16: 0 | G16: 0
F17: 0 | G17: 0
B18: TOTAL | F18: =SUM(F13:F17) -> 0 | G18: =SUM(G13:G17) -> 0 | H18: =SUM(H13:H17) -> 0 | I18: =SUM(I13:I17) -> 0 | J18: =SUM(J13:J17) -> 0 | K18: =SUM(K13:K17) -> 0

Sheet SCH-9
B4: INSTITUE NAME | E4: PRATHIMA INSTITUTE OF MEDICAL SCIENCES
B5: COURSE | E5: ='SCH-8'!F3 -> B.Sc (MLT) , B.Sc(AHS) & PARA MEDICAL
B6: FIXED ASSETS AND DEPRECIATION OF THE INSTITUTE
I7: SCHEDULE-9
B8: BSc MLT
B9: AS ON 31/03/2024 | J9: Amount in Rs.
B10: PARTICULARS | C10: Rate of Dep. | D10: Written down value as on 31/03/2023 | E10: Additons | G10: Deletions | H10: TOTAL | I10: Depreciation FOR THE PERIOD | J10: Written down value as on 31/03/2024
E11: Before 30/09/2023 | F11: After 30/09/2023
B13: BLOCK -I (Land) | C13: 0 | D13: 0 | E13: 0 | F13: 0 | G13: 0 | H13: 0 | I13: 0 | J13: 0
B14: Capital WIP | C14: 0 | D14: 0 | E14: 0 | F14: 0 | G14: 0 | H14: 0 | I14: 0 | J14: 0
B15: BLOCK -II (Buildings) | C15: 0.0163 | D15: 0 | E15: 0 | F15: 0 | G15: 0 | H15: 0 | I15: 0 | J15: 0
B16: BLOCK -III (Medical Equipments) | C16: 0.15 | D16: 0 | E16: 0 | F16: 0 | G16: 0 | H16: 0 | I16: 0 | J16: 0
B17: BLOCK -IV (Other Equipments) | C17: 0.0707 | D17: 0 | E17: 0 | F17: 0 | G17: 0 | H17: 0 | I17: 0 | J17: 0
B18: BLOCK -V (Furniture & Fixtures) | C18: 0.095 | D18: 0 | E18: 0 | F18: 0 | G18: 0 | H18: 0 | I18: 0 | J18: 0
B19: BLOCK -VI (Vehicals) | C19: 0.095 | D19: 0 | E19: 0 | F19: 0 | G19: 0 | H19: 0 | I19: 0 | J19: 0
B20: Motor Buses | C20: 0.1131 | D20: 0 | E20: 0 | F20: 0 | G20: 0 | H20: 0 | I20: 0 | J20: 0
B21: BLOCK -VII (Computers) | C21: 0.3333 | D21: 0 | E21: 0 | F21: 0 | G21: 0 | H21: 0 | I21: 0 | J21: 0
B22: Library | C22: 0.1 | D22: 0 | E22: 0 | F22: 0 | G22: 0 | H22: 0 | I22: 0 | J22: 0
B23: TOTAL | D23: =SUM(D13:D22) -> 0 | E23: =SUM(E13:E22) -> 0 | F23: =SUM(F13:F22) -> 0 | G23: =SUM(G13:G22) -> 0 | H23: =SUM(H13:H22) -> 0 | I23: =SUM(I13:I22) -> 0 | J23: =SUM(J13:J22) -> 0
B26: BSc MLT
B27: AS ON 31/03/2025
B29: PARTICULARS | C29: Rate of Dep. | D29: Written down value as on 31/03/2024 | E29: Additons | G29: Deletions | H29: TOTAL | I29: Depreciation FOR THE PERIOD | J29: Written down value as on 31/03/2025
E30: Before 30/09/2024 | F30: After 30/09/2024
B32: BLOCK -I (Land) | C32: 0 | D32: 0 | E32: 0 | F32: 0 | G32: 0 | H32: 0 | I32: 0 | J32: 0
B33: Capital WIP | C33: 0 | D33: 0 | E33: 0 | F33: 0 | G33: 0 | H33: 0 | I33: 0 | J33: 0
B34: BLOCK -II (Buildings) | C34: 0.1 | D34: 0 | E34: 0 | F34: 0 | G34: 0 | H34: 0 | I34: 0 | J34: 0
B35: BLOCK -III (Medical Equipments) | C35: 0.15 | D35: 0 | E35: 0 | F35: 0 | G35: 0 | H35: 0 | I35: 0 | J35: 0
B36: BLOCK -IV (Other Equipments) | C36: 0.15 | D36: 0 | E36: 0 | F36: 0 | G36: 0 | H36: 0 | I36: 0 | J36: 0
B37: BLOCK -V (Furniture & Fixtures) | C37: 0.1 | D37: 0 | E37: 0 | F37: 0 | G37: 0 | H37: 0 | I37: 0 | J37: 0
B38: BLOCK -VI (Vehicals) | C38: 0.15 | D38: 0 | E38: 0 | F38: 0 | G38: 0 | H38: 0 | I38: 0 | J38: 0
B39: BLOCK -VII (Computers) | C39: 0.4 | D39: 0 | E39: 0 | F39: 0 | G39: 0 | H39: 0 | I39: 0 | J39: 0
B40: Library | C40: 0.4 | D40: 0 | E40: 0 | F40: 0 | G40: 0 | H40: 0 | I40: 0 | J40: 0
B41: TOTAL | D41: =SUM(D32:D40) -> 0 | E41: =SUM(E32:E40) -> 0 | F41: =SUM(F32:F40) -> 0 | G41: =SUM(G32:G40) -> 0 | H41: =SUM(H32:H40) -> 0 | I41: =SUM(I32:I40) -> 0 | J41: =SUM(J32:J40) -> 0
B45: The Above Rates are charged on the Written Down Value of the Assets, Rate of depreciation is appliacble as per norms.
B46: The assets purchased specially for PG Courses, Superspeciality Courses to be given separately
B47: NOTE:
B48: Furnish the details of the other courses by applying the above format.

Sheet SCH-9S
B4: SOCIETY NAME | E4: PRATHIMA EDUCATIONAL SOCIETY
B5: FIXED ASSETS AND DEPRECIATION OF THE SOCIETY / TRUST
I6: SCHEDULE-9S
B7: COLLEGE-1
B8: AS ON 31/03/2024 | J8: Amount in Rs.
B9: PARTICULARS | C9: Rate of Dep. | D9: Written down value as on 31/03/2023 | E9: Additons | G9: Deletions | H9: TOTAL | I9: Depreciation FOR THE PERIOD | J9: Written down value as on 31/03/2024
E10: Before 30/09/2023 | F10: After 30/09/2023
B12: BLOCK -I (Land) | C12: 0 | D12: 6426137 | E12: 0 | F12: 0 | G12: 0 | H12: =D12+E12+F12-G12 -> 6426137 | I12: 0 | J12: =H12-I12 -> 6426137
B13: Capital WIP | C13: 0 | D13: 0 | E13: 2446987 | F13: 11236013 | G13: 0 | H13: =D13+E13+F13-G13 -> 13683000 | I13: 0 | J13: =H13-I13 -> 13683000
B14: BLOCK -II (Buildings) | C14: 0.0163 | D14: 917836882 | E14: 0 | F14: 0 | G14: 0 | H14: =D14+E14+F14-G14 -> 917836882 | I14: 18312002 | J14: =H14-I14 -> 899524880
B15: BLOCK -III (Medical Equipments) | C15: 0.15 | D15: 39792469 | E15: 41820179 | F15: 24657213 | G15: 0 | H15: =D15+E15+F15-G15 -> 1.0626986e+08 | I15: 53268677 | J15: =H15-I15 -> 53001184 | O15: opening | P15: additions before | Q15: after | R15: total | S15: dep bef | T15: after | U15: total | V15: net
B16: BLOCK -IV (Other Equipments) | C16: 0.0707 | D16: 47962300 | E16: 6153505 | F16: 20671634 | G16: 0 | H16: =D16+E16+F16-G16 -> 74787439 | I16: 9901973 | J16: =H16-I16 -> 64885466 | M16: BLOCK -I (Land) | N16: 0 | O16: =J12 -> 6426137 | P16: =330500 -> 330500 | Q16: 0 | R16: =O16+P16+Q16 -> 6756637 | S16: =(O16+P16)*N16 -> 0 | T16: =Q16*N16*0.5 -> 0 | U16: =S16+T16 -> 0 | V16: =R16-U16 -> 6756637
B17: BLOCK -V (Furniture & Fixtures) | C17: 0.095 | D17: 4474203 | E17: 5295702 | F17: 10354633 | G17: 0 | H17: =D17+E17+F17-G17 -> 20124538 | I17: 2699841 | J17: =H17-I17 -> 17424697 | M17: Capital WIP | N17: 0 | O17: 0 | P17: 0 | Q17: 0 | R17: =O17+P17+Q17-O17 -> 0 | S17: =(O17+P17)*N17 -> 0 | T17: =Q17*N17*0.5 -> 0 | U17: =S17+T17 -> 0 | V17: =R17-U17 -> 0
B18: BLOCK -VI (Vehicals) | C18: 0.095 | D18: 15477809 | E18: 0 | F18: 100413 | G18: 0 | H18: =D18+E18+F18-G18 -> 15578222 | I18: 3954062 | J18: =H18-I18 -> 11624160 | M18: BLOCK -II (Buildings) | N18: 0.1 | O18: =J14 -> 899524880 | P18: 0 | Q18: 0 | R18: =O18+P18+Q18 -> 899524880 | S18: =(O18+P18)*N18 -> 89952488 | T18: =Q18*N18*0.5 -> 0 | U18: =S18+T18 -> 89952488 | V18: =R18-U18 -> 809572392 | W18: =#REF!+#REF! -> #REF! | X18: =U18-W18 -> #REF!
B19: Motor Buses | C19: 0.1131 | D19: 14497716 | E19: 620000 | F19: 0 | G19: 109562 | H19: =D19+E19+F19-G19 -> 15008154 | I19: 5545529 | J19: =H19-I19 -> 9462625 | M19: BLOCK -III (Medical Equipments) | N19: 0.15 | O19: =J15 -> 53001184 | P19: =18028246.6 -> 18028247 | Q19: =27097808 -> 27097808 | R19: =O19+P19+Q19 -> 98127239 | S19: =(O19+P19)*N19 -> 10654415 | T19: =Q19*N19*0.5 -> 2032335.6 | U19: =S19+T19 -> 12686750 | V19: =R19-U19 -> 85440489 | W19: =#REF!+#REF! -> #REF! | X19: =U19-W19 -> #REF!
B20: BLOCK -VII (Computers) | C20: 0.3333 | D20: 1301551.7 | E20: 1044000 | F20: 2120738 | G20: 0 | H20: =D20+E20+F20-G20 -> 4466289.7 | I20: 2848380 | J20: =H20-I20 -> 1617909.7 | M20: BLOCK -IV (Other Equipments) | N20: 0.15 | O20: =J16 -> 64885466 | P20: =343825.83 -> 343825.83 | Q20: =11869829 -> 11869829 | R20: =O20+P20+Q20 -> 77099121 | S20: =(O20+P20)*N20 -> 9784393.7 | T20: =Q20*N20*0.5 -> 890237.17 | U20: =S20+T20 -> 10674631 | V20: =R20-U20 -> 66424490 | W20: =#REF!+#REF! -> #REF! | X20: =U20-W20 -> #REF!
B21: Library | C21: 0.1 | D21: 9060306 | E21: 0 | F21: 0 | G21: 0 | H21: =D21+E21+F21-G21 -> 9060306 | I21: 3538922 | J21: =H21-I21 -> 5521384 | M21: BLOCK -V (Furniture & Fixtures) | N21: 0.1 | O21: =J17 -> 17424697 | P21: =417892 -> 417892 | Q21: =3477291 -> 3477291 | R21: =O21+P21+Q21 -> 21319880 | S21: =(O21+P21)*N21 -> 1784258.9 | T21: =Q21*N21*0.5 -> 173864.55 | U21: =S21+T21 -> 1958123.4 | V21: =R21-U21 -> 19361757 | W21: =#REF!+#REF! -> #REF! | X21: =U21-W21 -> #REF!
B22: TOTAL | D22: =SUM(D12:D21) -> 1.0568294e+09 | E22: =SUM(E12:E21) -> 57380373 | F22: =SUM(F12:F21) -> 69140644 | G22: =SUM(G12:G21) -> 109562 | H22: =SUM(H12:H21) -> 1.1832408e+09 | I22: =SUM(I12:I21) -> 100069386 | J22: =SUM(J12:J21) -> 1.0831714e+09 | M22: BLOCK -VI (Vehicals) | N22: 0.15 | O22: =J19+J18 -> 21086785 | P22: =4361700 -> 4361700 | Q22: =4742608.52 -> 4742608.5 | R22: =O22+P22+Q22 -> 30191093 | S22: =(O22+P22)*N22 -> 3817272.7 | T22: =Q22*N22*0.5 -> 355695.64 | U22: =S22+T22 -> 4172968.4 | V22: =R22-U22 -> 26018125 | W22: =#REF!+#REF! -> #REF! | X22: =U22-W22 -> #REF!
M23: BLOCK -VII (Computers) | N23: 0.4 | O23: =J20 -> 1617909.7 | P23: =977067 -> 977067 | Q23: =1559521 -> 1559521 | R23: =O23+P23+Q23 -> 4154497.7 | S23: =(O23+P23)*N23 -> 1037990.7 | T23: =Q23*N23*0.5 -> 311904.2 | U23: =S23+T23 -> 1349894.9 | V23: =R23-U23 -> 2804602.8 | W23: =#REF!+#REF! -> #REF! | X23: =U23-W23 -> #REF!
M24: Library | N24: 0.4 | O24: =J21 -> 5521384 | P24: 0 | Q24: 0 | R24: =O24+P24+Q24 -> 5521384 | S24: =(O24+P24)*N24 -> 2208553.6 | T24: =Q24*N24*0.5 -> 0 | U24: =S24+T24 -> 2208553.6 | V24: =R24-U24 -> 3312830.4 | W24: =#REF!+#REF! -> #REF! | X24: =U24-W24 -> #REF!
B25: SOCIETY NAME | E25: PRATHIMA EDUCATIONAL SOCIETY
B26: FIXED ASSETS AND DEPRECIATION OF THE SOCIETY / TRUST
I27: SCHEDULE-9S
B29: AS ON 31/03/2025 | J29: Amount in Rs.
B30: PARTICULARS | C30: Rate of Dep. | D30: Written down value as on 31/03/2024 | E30: Additons | G30: Deletions | H30: TOTAL | I30: Depreciation FOR THE PERIOD | J30: Written down value as on 31/03/2025
E31: Before 30/09/2024 | F31: After 30/09/2024
B33: BLOCK -I (Land) | C33: 0 | D33: =J12 -> 6426137 | E33: 0 | F33: 0 | G33: 0 | H33: =D33+E33+F33-G33 -> 6426137 | I33: 0 | J33: =H33-I33 -> 6426137
B34: Capital WIP | C34: 0 | D34: =J13 -> 13683000 | E34: 51789365 | F34: 0 | G34: 65472365 | H34: =D34+E34+F34-G34 -> 0 | I34: 0 | J34: =H34-I34 -> 0
B35: BLOCK -II (Buildings) | C35: 0.0163 | D35: =J14 -> 899524880 | E35: 0 | F35: 65472365 | G35: 0 | H35: =D35+E35+F35-G35 -> 964997245 | I35: 18314918 | J35: =H35-I35 -> 946682327
B36: BLOCK -III (Medical Equipments) | C36: 0.15 | D36: =J15 -> 53001184 | E36: 15800746 | F36: 16456700 | G36: 0 | H36: =D36+E36+F36-G36 -> 85258630 | I36: 54184481 | J36: =H36-I36 -> 31074149
B37: BLOCK -IV (Other Equipments) | C37: 0.0707 | D37: =J16 -> 64885466 | E37: 16445052 | F37: 22016598 | G37: 0 | H37: =D37+E37+F37-G37 -> 1.0334712e+08 | I37: 11931733 | J37: =H37-I37 -> 91415383
B38: BLOCK -V (Furniture & Fixtures) | C38: 0.095 | D38: =J17 -> 17424697 | E38: 53902 | F38: 2960030 | G38: 0 | H38: =D38+E38+F38-G38 -> 20438629 | I38: 3629011 | J38: =H38-I38 -> 16809618
B39: BLOCK -VI (Vehicals) | C39: 0.095 | D39: =J18 -> 11624160 | E39: 4215431 | F39: 0 | G39: 0 | H39: =D39+E39+F39-G39 -> 15839591 | I39: 4317483 | J39: =H39-I39 -> 11522108
B40: Motor Buses | C40: 0.1131 | D40: =J19 -> 9462625 | E40: 0 | F40: 0 | G40: 5094 | H40: =D40+E40+F40-G40 -> 9457531 | I40: 4310123 | J40: =H40-I40 -> 5147408
B41: BLOCK -VII (Computers) | C41: 0.3333 | D41: =J20 -> 1617909.7 | E41: 995229 | F41: 1554545 | G41: 0 | H41: =D41+E41+F41-G41 -> 4167683.7 | I41: 2593937 | J41: =H41-I41 -> 1573746.7
B42: Library | C42: 0.1 | D42: =J21 -> 5521384 | E42: 0 | F42: 3535239 | G42: 0 | H42: =D42+E42+F42-G42 -> 9056623 | I42: 2615702 | J42: =H42-I42 -> 6440921
B43: TOTAL | D43: =SUM(D33:D42) -> 1.0831714e+09 | E43: =SUM(E33:E42) -> 89299725 | F43: =SUM(F33:F42) -> 111995477 | G43: =SUM(G33:G42) -> 65477459 | H43: =SUM(H33:H42) -> 1.2189892e+09 | I43: =SUM(I33:I42) -> 101897388 | J43: =SUM(J33:J42) -> 1.1170918e+09

Sheet SCH-10
B2: NAME OF THE INSTITUTION PRATHIMA INSTITUTE OF MEDICAL SCIENCES
F3: ='SCH-9'!E5 -> B.Sc (MLT) , B.Sc(AHS) & PARA MEDICAL | J3: SCHEDULE -10
B4: STATEMENT OF REVENUE GRANTS RECEIVED & UTILISED BY THE INSTITUTION FOR THE FINANCIAL YEARS 2023-24 & 2024-25
J5: AMOUNT IN Rs.
B7: PARTICULARS | F7: FINANCIAL YEAR 2023-24 & 2024-25
F8: COURSES OFFERED
F9: B.Sc(MLT) | H9: B.Sc(AHS) | J9: PARA MEDICAL
F10: FOR THE PERIOD FROM 01/04/2024 TO 31/03/2025 (2024-25) | G10: FOR THE PERIOD FROM 01/04/2023 TO 31/03/2024 (2023-24) | H10: FOR THE PERIOD FROM 01/04/2024 TO 31/03/2025 (2024-25) | I10: FOR THE PERIOD FROM 01/04/2023 TO 31/03/2024 (2023-24) | J10: FOR THE PERIOD FROM 01/04/2024 TO 31/03/2025 (2024-25) | K10: FOR THE PERIOD FROM 01/04/2023 TO 31/03/2024 (2023-24)
F11: 1 | G11: 2 | H11: 3 | I11: 4 | J11: 5 | K11: 6
C13: Grants Received (Specify Head wise)
E14: a) | F14: NIL
E15: b)
B17: TOTAL GRANTS | F17: =SUM(F15:F16) -> 0 | G17: =SUM(G15:G16) -> 0 | H17: =SUM(H15:H16) -> 0 | I17: =SUM(I15:I16) -> 0 | J17: =SUM(J15:J16) -> 0 | K17: =SUM(K15:K16) -> 0
C19: Grant Utilised towards
E20: Lab Maintenance (including Cosumable stores)
E21: Travelling & Converyance
E22: Internet Charges
E23: Advertisement | F23: NIL
E24: Seminars
E25: Postage
E26: Legal expenses
E27: Audit fee
E28: Inspection fee
E29: Professional Charges
E30: Bank Charges
E31: Any Other Expenses (specify head wise)
B33: TOTAL | F33: =+SUM(F19:F31) -> 0 | G33: =+SUM(G19:G31) -> 0 | H33: =+SUM(H19:H31) -> 0 | I33: =+SUM(I19:I31) -> 0 | J33: =+SUM(J19:J31) -> 0 | K33: =+SUM(K19:K31) -> 0
B34: UNUTILISED GRANTS | F34: =+F17-F33 -> 0 | G34: =+G17-G33 -> 0 | H34: =+H17-H33 -> 0 | I34: =+I17-I33 -> 0 | J34: =+J17-J33 -> 0 | K34: =+K17-K33 -> 0

Sheet SCH-11
C2: NAME OF COLLEGE PRATHIMA INSTITUTE OF MEDICAL SCIENCES
C3: ='SCH-10'!F3 -> B.Sc (MLT) , B.Sc(AHS) & PARA MEDICAL | D3: SCHEDULE -11
B5: STATUS OF UTILISATION OF AMOUNTS COLLECTED UNDER NRI QUOTA FOR THE ACADEMIC YEAR 2023-24 & 2024-25
E6: AMOUNT IN Rs.
B7: PARTICULARS | D7: FOR THE PERIOD FROM 01/04/2024 TO 31/03/2025 (2024-25) | E7: FOR THE PERIOD FROM 01/04/2023 TO 31/03/2024 (2023-24)
D9: 1 | E9: 2
B10: FEE COLLECTED UNDER NRI CATEGORY | D10: 0 | E10: 0
B12: TOTAL FEE COLLECTED (P) | D12: =SUM(D10) -> 0 | E12: =SUM(E10) -> 0
B13: AMOUNT UTILISED
C14: Q) RUNNING AND MAINTENANCE OF MEDICAL COLLEGE | D14: 0 | E14: 0
C15: R)
C16: S)
B17: TOTAL AMOUNT UTILISED (T=Q+R+S) | D17: =D14+D15+D16 -> 0 | E17: =E14+E15+E16 -> 0
B19: SURPLUS (IF ANY) (U=(P-T)) | D19: =D12-D17 -> 0 | E19: =E12-E17 -> 0

Sheet SCH-12
C3: NAME OF THE COLLEGE
C4: PRATHIMA INSTITUTE OF MEDICAL SCIENCES
C5: COURSE B.Sc (MLT) , B.Sc(AHS) & PARA MEDICAL
D6: SCHEDULE -12
B7: STATEMENT FOR UTILISATION OF AMOUNT ALLOWED TOWARDS FURTHERENCE OF EDUCATION FOR THE ACADEMIC YEAR 2023-24 & 2024-25
D8: AMOUNT IN Rs.
B9: PARTICULARS | D9: FOR THE PERIOD FROM 01/04/23 TO 31/03/24 (2023-24) | E9: FOR THE PERIOD FROM 01/04/24 TO 31/03/25 (2024-25)
D11: 1 | E11: 2
B12: AMOUNT ALLOWED FOR THE YEAR (Fee Collected for the year 2024-25 and also income generated from other sources) | D12: NIL | E12: NIL
B14: TOTAL AMOUNT (A)
B15: AMOUNT UTILISED (for the period 01.04.2024 to 31.03.2025
C16: 1)
C17: 2)
C18: 3)
B23: TOTAL AMOUNT UTILISED (B=1+2+3)
B25: SURPLUS (IF ANY) (C=(A-B))

Sheet SCH-13
B2: NAME OF THE COLLEGE PRATHIMA INSTITUTE OF MEDICAL SCIENCES
H3: SCHEDULE -13
B4: COURSE B.Sc (MLT) , B.Sc(AHS) & PARA MEDICAL | H4: AMOUNT IN Rs.
B5: DETAILS OF FIXED DEPOSITS UPTO 31/03/2024
B7: S.No. | C7: NAME OF THE BANK | D7: FDR NO. | E7: DATE OF INVESTMENT | F7: OPENING BALANCE AS ON 01.04.2023 | G7: INVESTED DURING THE YEAR | H7: MATURED DURING THE YEAR | I7: CLOSING BALANCE AS ON 31.03.2024
F8: A | G8: B | H8: C | I8: D= (A+B-C)
I9: =+F9+G9+H9 -> 0
C10: NIL
B12: GRAND TOTAL | F12: =SUM(F9:F11) -> 0 | G12: =SUM(G9:G11) -> 0 | H12: =SUM(H9:H11) -> 0 | I12: =SUM(I9:I11) -> 0
B14: DETAILS OF FIXED DEPOSITS UPTO 31/03/2025
B16: S.No. | C16: NAME OF THE BANK | D16: FDR NO. | E16: DATE OF INVESTMENT | F16: OPENING BALANCE AS ON 01.04.2024 | G16: INVESTED DURING THE YEAR | H16: MATURED DURING THE YEAR | I16: CLOSING BALANCE AS ON 31.03.2025
F17: A | G17: B | H17: C | I17: D= (A+B-C)
I18: =+F18+G18+H18 -> 0
C19: NIL
B21: GRAND TOTAL | F21: =SUM(F18:F20) -> 0 | G21: =SUM(G18:G20) -> 0 | H21: =SUM(H18:H20) -> 0 | I21: =SUM(I18:I20) -> 0
B23: NOTE: UPLOAD SCANNED COPIES OF FDR RECEIPTS IN SUPPORT OF THE ABOVE INFORMATION.

Sheet SCH-13S
B2: NAME OF THE SOCIETY PRATHIMA EDUCATIONAL SOCIETY | I2: SCHEDULE -13 S
I3: AMOUNT IN Rs.
B4: DETAILS OF FIXED DEPOSITS UPTO 31/03/2025
B6: S.No. | C6: NAME OF THE BANK | D6: FDR NO. | E6: DATE OF INVESTMENT | F6: OPENING BALANCE AS ON 01.04.2024 | G6: INVESTED DURING THE YEAR | H6: INTEREST DURING THE YEAR | I6: MATURED DURING THE YEAR | J6: CLOSING BALANCE AS ON 31.03.2025
F7: A | G7: B | H7: C | I7: D | J7: D= (A+B+C-D)
B8: 1 | C8: THE COSMOS CO OP BANK LTD | D8: 0302001071619 | E8: 12.04.2014 | F8: 299536 | G8: 0 | H8: 15207 | I8: 314743 | J8: 0
B9: 2 | C9: THE COSMOS CO OP BANK LTD | D9: 0302001050014 | E9: 29.05.2012 | F9: 299540 | G9: 0 | H9: 15207 | I9: 314747 | J9: 0
B10: 3 | C10: THE COSMOS CO OP BANK LTD | D10: 0302001077729 | E10: 11.06.2015 | F10: 1816268 | G10: 0 | H10: 104239 | I10: 1920507 | J10: 0
B11: 4 | C11: THE COSMOS CO OP BANK LTD | D11: 0302001086392 | E11: 08.06.2017 | F11: 963241 | G11: 0 | H11: 62738 | I11: 1025979 | J11: 0
B12: 5 | C12: THE COSMOS CO OP BANK LTD | D12: 0302001086408 | E12: 08.06.2017 | F12: 595234 | G12: 0 | H12: 38769 | I12: 634003 | J12: 0
B13: 6 | C13: THE COSMOS CO OP BANK LTD | D13: 0302001095309 | E13: 15.02.2019 | F13: 199274 | G13: 0 | H13: 11235 | I13: 1124 | J13: 209385
B14: 7 | C14: THE COSMOS CO OP BANK LTD | D14: 03028330134 | E14: 09.02.2023 | F14: 2000000 | G14: 0 | H14: 145000 | I14: 145000 | J14: 2000000
B15: 8 | C15: THE COSMOS CO OP BANK LTD | D15: 06928330107 | E15: 09.02.2023 | F15: 2000000 | G15: 0 | H15: 145000 | I15: 145000 | J15: 2000000
B16: 9 | C16: THE COSMOS CO OP BANK LTD | D16: 9152833037 | E16: 09.02.2023 | F16: 2000000 | G16: 0 | H16: 145000 | I16: 145000 | J16: 2000000
B17: 10 | C17: THE COSMOS CO OP BANK LTD | D17: 91328330125 | E17: 09.02.2023 | F17: 2000000 | G17: 0 | H17: 145000 | I17: 145000 | J17: 2000000
B18: 11 | C18: THE COSMOS CO OP BANK LTD | D18: 0482833046 | E18: 09.02.2023 | F18: 2000000 | G18: 0 | H18: 145000 | I18: 145000 | J18: 2000000
B19: 12 | C19: THE COSMOS CO OP BANK LTD | D19: 03015000154246 | E19: 28.02.2023 | F19: 1050659 | G19: 0 | H19: 63713 | I19: 6371 | J19: 1108001
B20: 13 | C20: THE COSMOS CO OP BANK LTD | D20: 9152001023995 | E20: 30.09.2023 | F20: 72492176 | G20: 0 | H20: 5745772 | I20: 574577 | J20: 77663371
B21: 14 | C21: THE COSMOS CO OP BANK LTD | D21: 03020010112215 | E21: 30.09.2023 | F21: 155340379 | G21: 0 | H21: 12312369 | I21: 1231238 | J21: 166421510
B22: 15 | C22: THE COSMOS CO OP BANK LTD | D22: 9132001016852 | E22: 30.09.2023 | F22: 31068076 | G22: 0 | H22: 2462474 | I22: 246247 | J22: 33284303
B23: 16 | C23: THE COSMOS CO OP BANK LTD | D23: 9132001016861 | E23: 30.09.2023 | F23: 10356025 | G23: 0 | H23: 820824 | I23: 82083 | J23: 11094766
B24: 17 | C24: THE COSMOS CO OP BANK LTD | D24: 03028340161 | E24: 27.12.2033 | F24: 5000000 | G24: 0 | H24: 465000 | I24: 465000 | J24: 5000000
B25: 18 | C25: THE COSMOS CO OP BANK LTD | D25: 03015000161558 | E25: 25.04.2024 | F25: 0 | G25: 50000000 | H25: 728767 | I25: 50728767 | J25: 0
B26: 19 | C26: THE COSMOS CO OP BANK LTD | D26: 03015000161565 | E26: 25.04.2024 | F26: 0 | G26: 50000000 | H26: 865753 | I26: 50865753 | J26: 0
B27: 20 | C27: THE COSMOS CO OP BANK LTD | D27: 03015000164795 | E27: 20.11.2024 | F27: 0 | G27: 50000000 | H27: 747945 | I27: 74795 | J27: 50673150
B28: 21 | C28: THE COSMOS CO OP BANK LTD | D28: 03015000164801 | E28: 20.11.2024 | F28: 0 | G28: 50000000 | H28: 747945 | I28: 74794 | J28: 50673151
B29: 22 | C29: THE COSMOS CO OP BANK LTD | D29: 03015000164818 | E29: 20.11.2024 | F29: 0 | G29: 50000000 | H29: 747945 | I29: 74795 | J29: 50673150
... B33: 26 | C33: THE COSMOS CO OP BANK LTD | D33: 03020010115544 | E33: 20.05.2024 | F33: 0 | G33: 50000000 | H33: 1850731 | I33: 51850731 | J33: 0
B34: GRAND TOTAL | F34: =SUM(F8:F33) -> 289480408 | G34: =SUM(G8:G33) -> 450000000 | H34: =SUM(H8:H33) -> 32480235 | I34: =SUM(I8:I33) -> 315159856 | J34: =SUM(J8:J33) -> 456800787
B36: DETAILS OF FIXED DEPOSITS UPTO 31/03/2024
B38: S.No. | C38: NAME OF THE BANK | D38: FDR NO. | E38: DATE OF INVESTMENT | F38: OPENING BALANCE AS ON 01.04.2023 | G38: INVESTED DURING THE YEAR | H38: INTEREST DURING THE YEAR | I38: MATURED DURING THE YEAR | J38: CLOSING BALANCE AS ON 31.03.2024
F39: A | G39: B | H39: C | I39: D | J39: D= (A+B+C-D)
B40: 1 | C40: THE COSMOS CO OP BANK LTD | D40: 0301500068642 | E40: 13.09.2011 | F40: 101739 | G40: 0 | H40: 6047 | I40: 107786 | J40: 0
B41: 2 | C41: THE COSMOS CO OP BANK LTD | D41: 0302001050014 | E41: 29.05.2012 | F41: 128407 | G41: 0 | H41: 7704 | I41: 136111 | J41: 0
B42: 3 | C42: THE COSMOS CO OP BANK LTD | D42: 0302001071619 | E42: 12.04.2014 | F42: 281065 | G42: 0 | H42: 20462 | I42: 1991 | J42: 299536
B43: 4 | C43: THE COSMOS CO OP BANK LTD | D43: 0302001071628 | E43: 12.04.2014 | F43: 281069 | G43: 0 | H43: 20462 | I43: 1991 | J43: 299540
B44: 5 | C44: THE COSMOS CO OP BANK LTD | D44: 0302001077729 | E44: 11.06.2015 | F44: 1724439 | G44: 0 | H44: 102031 | I44: 10202 | J44: 1816268
B45: 6 | C45: THE COSMOS CO OP BANK LTD | D45: 03015000119757 | E45: 31.03.2018 | F45: 2968742 | G45: 0 | H45: 146026 | I45: 3114768 | J45: 0
B46: 7 | C46: THE COSMOS CO OP BANK LTD | D46: 0302001086392 | E46: 08.06.2017 | F46: 911212 | G46: 0 | H46: 62046 | I46: 10017 | J46: 963241
B47: 8 | C47: THE COSMOS CO OP BANK LTD | D47: 0302001086408 | E47: 08.06.2017 | F47: 560746 | G47: 0 | H47: 38319 | I47: 3831 | J47: 595234
B48: 9 | C48: THE COSMOS CO OP BANK LTD | D48: 03028280198 | E48: 16.03.2018 | F48: 5000000 | G48: 0 | H48: 194220 | I48: 5194220 | J48: 0
B49: 10 | C49: THE COSMOS CO OP BANK LTD | D49: ,0302001091349 | E49: 17.08.2018 | F49: 130164 | G49: 0 | H49: 3813.5 | I49: 133977.5 | J49: 0
B50: 11 | C50: THE COSMOS CO OP BANK LTD | D50: 0302001095309 | E50: 15.02.2019 | F50: 190028 | G50: 0 | H50: 10274 | I50: 1028 | J50: 199274
B51: 12 | C51: THE COSMOS CO OP BANK LTD | D51: 03028330134 | E51: 09.02.2023 | F51: 2000000 | G51: 0 | H51: 145000 | I51: 145000 | J51: 2000000
B52: 13 | C52: THE COSMOS CO OP BANK LTD | D52: 06928330107 | E52: 09.02.2023 | F52: 2000000 | G52: 0 | H52: 145000 | I52: 145000 | J52: 2000000
B53: 14 | C53: THE COSMOS CO OP BANK LTD | D53: 9152833037 | E53: 09.02.2023 | F53: 2000000 | G53: 0 | H53: 145000 | I53: 145000 | J53: 2000000
B54: 15 | C54: THE COSMOS CO OP BANK LTD | D54: 91328330125 | E54: 09.02.2023 | F54: 2000000 | G54: 0 | H54: 145000 | I54: 145000 | J54: 2000000
B55: 16 | C55: THE COSMOS CO OP BANK LTD | D55: 0482833046 | E55: 09.02.2023 | F55: 2000000 | G55: 0 | H55: 145000 | I55: 145000 | J55: 2000000
B56: 17 | C56: THE COSMOS CO OP BANK LTD | D56: 03015000154246 | E56: 28.02.2023 | F56: 1000000 | G56: 0 | H56: 56288 | I56: 5629 | J56: 1050659
B57: 18 | C57: THE COSMOS CO OP BANK LTD | D57: 9151500016454 | E57: 28.03.2023 | F57: 20000000 | G57: 0 | H57: 557952 | I57: 20557952 | J57: 0
B58: 19 | C58: THE COSMOS CO OP BANK LTD | D58: 913150008556 | E58: 28.03.2023 | F58: 30000000 | G58: 0 | H58: 836927 | I58: 30836927 | J58: 0
B59: 20 | C59: THE COSMOS CO OP BANK LTD | D59: 9151500016445 | E59: 28.03.2023 | F59: 50000000 | G59: 0 | H59: 1394878 | I59: 51394878 | J59: 0
B60: 21 | C60: THE COSMOS CO OP BANK LTD | D60: 0481500024514 | E60: 28.03.2023 | F60: 50000000 | G60: 0 | H60: 1394878 | I60: 51394878 | J60: 0
B61: 22 | C61: THE COSMOS CO OP BANK LTD | D61: 03015000154956 | E61: 28.03.2023 | F61: 50000000 | G61: 0 | H61: 1394878 | I61: 51394878 | J61: 0
B62: 23 | C62: THE COSMOS CO OP BANK LTD | D62: 0691500057646 | E62: 28.03.2023 | F62: 50000000 | G62: 0 | H62: 1394878 | I62: 51394878 | J62: 0
B63: 24 | C63: THE COSMOS CO OP BANK LTD | D63: 03015000155137 | E63: 03.04.2023 | F63: 0 | G63: 100000000 | H63: 2237130 | I63: 102237130 | J63: 0
B64: 25 | C64: THE COSMOS CO OP BANK LTD | D64: 03015000155410 | E64: 17.04.2023 | F64: 0 | G64: 50000000 | H64: 1060247 | I64: 51060247 | J64: 0
B65: 26 | C65: THE COSMOS CO OP BANK LTD | D65: 03015000155427 | E65: 17.04.2023 | F65: 0 | G65: 50000000 | H65: 1060247 | I65: 51060247 | J65: 0
B66: 27 | C66: THE COSMOS CO OP BANK LTD | D66: 03015000155649 | E66: 05.05.2023 | F66: 0 | G66: 50000000 | H66: 596918 | I66: 50596918 | J66: 0
... B78: 39 | C78: THE COSMOS CO OP BANK LTD | D78: 03028340161 | E78: 26.12.2023 | F78: 0 | G78: 5000000 | H78: 122500 | I78: 122500 | J78: 5000000
B79: GRAND TOTAL | F79: =SUM(F40:F78) -> 273277611 | G79: =SUM(G40:G78) -> 865000000 | H79: =SUM(H40:H78) -> 29693262 | I79: =SUM(I40:I78) -> 8.7849046e+08 | J79: =SUM(J40:J78) -> 289480408
B81: NOTE-1: TDS PAID BY BANKS SHOWN IN MATURED DURING THE YEAR
B82: NOTE-2: UPLOAD SCANNED COPIES OF FDR RECEIPTS IN SUPPORT OF THE ABOVE INFORMATION.

Sheet SCH-14
C2: NAME OF THE COLLEGE PRATHIMA INSTITUTE OF MEDICAL SCIENCES
C3: COURSE B.Sc (MLT) , B.Sc(AHS) & PARA MEDICAL | H3: SCHEDULE -14
H5: AMOUNT IN Rs.
C6: DETAILS OF LOANS FROM SOCIETIES AS ON 31/03/2025
C8: S.No. | D8: NAME OF THE SOCIETY | E8: PAN | F8: OPENING BALANCE OF LOAN AMOUNT AS ON 01.04.2024 | G8: LOAN RECEIVED DURING THE YEAR 2024-25 | H8: LOAN REPAID DURING THE YEAR 2024-25 | I8: CLOSING BALANCE OF LOAN AMOUNT AS ON 31.03.2025 | J8: INTEREST FOR THE YEAR 2024-25
C9: 1 | D9: 2 | E9: 3 | F9: 4 | G9: 5 | H9: 6 | I9: 7= (4+5-6) | J9: 8
I10: =F10+G10+H10 -> 0
D11: NIL
I12: =F12+G12+H12 -> 0
C13: GRAND TOTAL | F13: =SUM(F10:F12) -> 0 | G13: =SUM(G10:G12) -> 0 | H13: =SUM(H10:H12) -> 0 | I13: =SUM(I10:I12) -> 0 | J13: =SUM(J10:J12) -> 0
C16: DETAILS OF LOANS FROM FINANCIAL INSTITUTIONS/ BANKS AS ON 31/03/2025
C18: S.No. | D18: NAME OF THE FINANCIAL INSTITUTION/ BANK | E18: OPENING BALANCE OF LOAN AMOUNT AS ON 01.04.2024 | F18: LOAN RECEIVED DURING THE YEAR 2024-25 | G18: LOAN REPAID DURING THE YEAR 2024-25 | H18: CLOSING BALANCE OF LOAN AMOUNT AS ON 31.03.2025 | I18: INTEREST FOR THE YEAR 2024-25
C19: 1 | D19: 2 | E19: 3 | F19: 4 | G19: 5 | H19: 6=(3+4-5) | I19: 7
H20: =E20+F20+G20 -> 0
D21: NIL
H22: =E22+F22+G22 -> 0
C23: GRAND TOTAL | E23: =SUM(E20:E22) -> 0 | F23: =SUM(F20:F22) -> 0 | G23: =SUM(G20:G22) -> 0 | H23: =SUM(H20:H22) -> 0 | I23: =SUM(I20:I22) -> 0
C27: DETAILS OF LOANS FROM OTHERS AS ON 31/03/2025
L29: AMOUNT IN Rs.
C30: S.No. | D30: NAME | E30: ADDRESS | F30: PAN | G30: OPENING BALANCE OF LOAN AMOUNT AS ON 01.04.2025 | H30: LOAN RECEIVED DURING THE YEAR 2024-25 | I30: LOAN REPAID DURING THE YEAR 2024-25 | J30: CLOSING BALANCE OF LOAN AMOUNT AS ON 31.03.2025 | K30: WHETHER LOAN RECEIVED IN CASH/ THROUGH BANK | L30: WHETHER LOAN REPAID IN CASH/ THROUGH BANK | M30: INTEREST FOR THE YEAR 2024-25
C31: 1 | D31: 2 | E31: 3 | F31: 4 | G31: 5 | H31: 6 | I31: 7 | J31: 8=(5+6-7) | K31: 9 | L31: 10 | M31: 11
J32: =G32+H32+I32 -> 0
D33: NIL
J34: =G34+H34+I34 -> 0
C35: GRAND TOTAL | G35: =SUM(G32:G34) -> 0 | H35: =SUM(H32:H34) -> 0 | I35: =SUM(I32:I34) -> 0 | J35: =SUM(J32:J34) -> 0 | K35: =SUM(K32:K34) -> 0 | L35: =SUM(L32:L34) -> 0 | M35: =SUM(M32:M34) -> 0

Sheet SCH -15
B2: NAME OF THE COLLEGE PRATHIMA INSTITUTE OF MEDICAL SCIENCES
B3: COURSE B.Sc (MLT) , B.Sc(AHS) & PARA MEDICAL
E5: SCHEDULE -15
B7: CORPUS/CAPITAL FUND
H8: AMOUNT IN Rs.
B9: PARTICULARS | G9: As on | H9: As on
G10: 45382 | H10: 45747
B11: Opening Balance | G11: 0 | H11: 0
B12: Add: | C12: Surplus/ (Deficit) | G12: ='SCH-22 Collegewise BS 24-25'!G14 -> -213722 | H12: ='SCH-22 Collegewise BS 24-25'!F14 -> -1362490
B13: Add | C13: Corpus Fund donations | G13: 0 | H13: 0
B14: Closing Balance | G14: =G11+G12+G13 -> -213722 | H14: =H11+H12+H13 -> -1362490

Sheet SCH-16
D2: NAME OF THE COLLEGE PRATHIMA INSTITUTE OF MEDICAL SCIENCES
D3: COURSE B.Sc (MLT) , B.Sc(AHS) & PARA MEDICAL | J3: SCHEDULE -16
J5: AMOUNT IN Rs.
B7: STATEMENT OF CAPITAL GRANTS RECEIVED & UTILISED BY THE INSTITUTION FOR 2023-24 & 2024-25
B10: STATEMENT OF CAPITAL GRANTS RECEIVED & UTILISED BY THE INSTITUTION FOR 2024-25
B12: PARTICULARS | E12: ADDRESS | F12: PURPOSE FOR WHICH GRANT WAS RECEIVED | G12: DATE OF RECEIPT | H12: FOR THE PERIOD 01/04/2024 TO 31/03/2025
H13: OPENING BALANCE AS ON 01/04/2024 | I13: GRANTS RECEIVED DURING THE YEAR | J13: GRANTS UTILISED DURING THE YEAR | K13: CLOSING BALANCE AS ON 31/03/2025
E16: 1 | F16: 2 | G16: 3 | H16: 4 | I16: 5 | J16: 6 | K16: 7=(4+5-6)
C17: Grant Received from | K17: =+H17+I17+J17 -> 0
D18: a)
D19: b) | E19: NIL
D20: c)
B21: TOTAL | E21: =SUM(E17:E20) -> 0 | F21: =SUM(F17:F20) -> 0 | G21: =SUM(G17:G20) -> 0 | H21: =SUM(H17:H20) -> 0 | I21: =SUM(I17:I20) -> 0 | J21: =SUM(J17:J20) -> 0 | K21: =SUM(K17:K20) -> 0
B23: BREAK UP OF GRANTS UTILISED
C24: =+D18 -> a)
C25: PARTICULARS | F25: AMOUNT
C26: A
C27: B
C28: C
C29: D
D30: TOTAL
C31: =+D19 -> b)
C32: PARTICULARS | F32: AMOUNT
C33: A
C34: B
C35: C
C36: D
D37: TOTAL
C38: =+D20 -> c)
C39: PARTICULARS | F39: AMOUNT
C40: A
C41: B
C42: C
C43: D
D44: TOTAL
B47: STATEMENT OF CAPITAL GRANTS RECEIVED & UTILISED BY THE INSTITUTION FOR 2023-24
B49: PARTICULARS | E49: ADDRESS | F49: PURPOSE FOR WHICH GRANT WAS RECEIVED | G49: DATE OF RECEIPT | H49: FOR THE PERIOD 01/04/2023 TO 31/03/2024
H50: OPENING BALANCE AS ON 01/04/2023 | I50: GRANTS RECEIVED DURING THE YEAR | J50: GRANTS UTILISED DURING THE YEAR | K50: CLOSING BALANCE AS ON 31/03/2024
E53: 1 | F53: 2 | G53: 3 | H53: 4 | I53: 5 | J53: 6 | K53: 7=(4+5-6)
C54: Grant Received from | K54: =+H54+I54+J54 -> 0
D55: a)
D56: b) | E56: NIL
D57: c)
B58: TOTAL | E58: =SUM(E54:E57) -> 0 | F58: =SUM(F54:F57) -> 0 | G58: =SUM(G54:G57) -> 0 | H58: =SUM(H54:H57) -> 0 | I58: =SUM(I54:I57) -> 0 | J58: =SUM(J54:J57) -> 0 | K58: =SUM(K54:K57) -> 0
B60: BREAK UP OF GRANTS UTILISED
C61: =+D55 -> a)
C62: PARTICULARS | F62: AMOUNT
C63: A
C64: B
C65: C
C66: D
D67: TOTAL
C68: =+D56 -> b)
C69: PARTICULARS | F69: AMOUNT
C70: A
C71: B
C72: C
C73: D
D74: TOTAL
C75: =+D57 -> c)
C76: PARTICULARS | F76: AMOUNT
C77: A
C78: B
C79: C
C80: D
D81: TOTAL

Sheet SCH-17
D2: NAME OF THE COLLEGE PRATHIMA INSTITUTE OF MEDICAL SCIENCES | L2: SCHEDULE -17
D3: COURSE B.Sc (MLT) , B.Sc(AHS) & PARA MEDICAL | L3: AMOUNT IN Rs.
B5: STATEMENT OF LAND & BUILDINGS (COLLEGE & HOSPITAL) ACQUIRED/ CONSTRUCTED BY THE INSTITUTIONFOR THE FINANCIAL YEARS 2023-24 & 2024-25
C8: LAND DETAILS | I8: CONSTRUCTION
C9: LAND DETAILS | E9: AREA IN SQ YARDS | F9: DATE OF PURCHASE | G9: COST Rs. | H9: LOCATION OF THE PROPERTY | I9: DATE OF COMPLETION OF CONSTRUCTION | J9: PLINTH AREA OF CONSTRUCTION | K9: PURPOSE OF CONSTRUCITON | L9: COST OF CONSTUCTION | M9: PRESENT WRITTEN DOWN VALUE 31/03/2024
C10: A
C11: B | D11: NIL
C12: C
D13: TOTAL | E13: =SUM(E10:E12) -> 0 | G13: =SUM(G10:G12) -> 0 | J13: =SUM(J10:J12) -> 0 | L13: =SUM(L10:L12) -> 0
C16: LAND DETAILS | I16: CONSTRUCTION
C17: LAND DETAILS | E17: AREA IN SQ YARDS | F17: DATE OF PURCHASE | G17: COST Rs. | H17: LOCATION OF THE PROPERTY | I17: DATE OF COMPLETION OF CONSTRUCTION | J17: PLINTH AREA OF CONSTRUCTION | K17: PURPOSE OF CONSTRUCITON | L17: COST OF CONSTUCTION | M17: PRESENT WRITTEN DOWN VALUE 31/03/2025
C18: A
C19: B | D19: NIL
C20: C
D21: TOTAL | E21: =SUM(E18:E20) -> 0 | G21: =SUM(G18:G20) -> 0 | J21: =SUM(J18:J20) -> 0 | L21: =SUM(L18:L20) -> 0

Sheet SCH-18
B2: NAME OF THE COLLEGE PRATHIMA INSTITUTE OF MEDICAL SCIENCES
B3: COURSE B.Sc (MLT) , B.Sc(AHS) & PARA MEDICAL
H4: SCHEDULE -18
B5: STATEMENT OFDEPARTMENT WISE MEDICAL EQUIPMENTS (COLLEGE & HOSPITAL) ACQUIRED BY THE INSTITUTION FOR THE FINANCIAL YEARS FOR 2023-24 & 2024-25
B7: ANY ADDITIONAL EQUIPMENTS PURCHASED FOR PG COURSES & SUPER SPECIALTITY COURSES TO BE GIVEN SEPARATELY
I9: AMOUNT IN Rs.
C10: S NO. | D10: NAME OF THE EQUIPMENT | E10: DEPARTMENT | F10: DATE OF PURCHASE | G10: PLACE OF INSTALLATION/ PUT IN TO USE | H10: COST IN RS. | I10: PRESENT WRITTEN DOWN VALUE AS ON 31/03/2024
C11: 1
C12: 2 | D12: NIL
C13: 3
D14: TOTAL | H14: =SUM(H11:H13) -> 0
I16: AMOUNT IN Rs.
C17: S NO. | D17: NAME OF THE EQUIPMENT | E17: DEPARTMENT | F17: DATE OF PURCHASE | G17: PLACE OF INSTALLATION/ PUT IN TO USE | H17: COST IN RS. | I17: PRESENT WRITTEN DOWN VALUE AS ON 31/03/2025
C18: 1
C19: 2 | D19: NIL
C20: 3
D21: TOTAL | H21: =SUM(H18:H20) -> 0

Sheet SCH-19
H2: SCHEDULE -19
B3: NAME OF THE COLLEGE PRATHIMA INSTITUTE OF MEDICAL SCIENCES
B4: COURSE B.Sc (MLT) , B.Sc(AHS) & PARA MEDICAL
B5: STATEMENT OF DEPARTMENT WISE OTHER EQUIPMENTS (COLLEGE & HOSPITAL) PURCHASED/ACQUIRED BY THE INSTITUTION FOR THE FINANCIAL YEARS FOR 2023-24 & 2024-25
B7: ANY ADDITIONAL EQUIPMENTS PURCHASED FOR PG COURSES & SUPER SPECIALTITY COURSES TO GIVEN SEPARATELY
H9: AMOUNT IN Rs.
C10: S NO. | D10: NAME OF THE EQUIPMENT | E10: DEPARTMENT | F10: DATE OF PURCHASE | G10: PALCE OF INSTALLATION/ PUT IN TO USE | H10: COST IN RS. | I10: PRESENT WRITTEN DOWN VALUE AS ON 31/03/2024
C11: A
C12: B | D12: NIL
C13: C
D14: TOTAL | H14: =SUM(H11:H13) -> 0
H16: AMOUNT IN Rs.
C17: S NO. | D17: NAME OF THE EQUIPMENT | E17: DEPARTMENT | F17: DATE OF PURCHASE | G17: PALCE OF INSTALLATION/ PUT IN TO USE | H17: COST IN RS. | I17: PRESENT WRITTEN DOWN VALUE AS ON 31/03/2025
C18: A
C19: B | D19: NIL
C20: C
D21: TOTAL | H21: =SUM(H18:H20) -> 0

Sheet SCH-20
B2: NAME OF THE COLLEGE PRATHIMA INSTITUTE OF MEDICAL SCIENCES | I2: SCHEDULE -20
B3: COURSE B.Sc (MLT) , B.Sc(AHS) & PARA MEDICAL
B5: STATEMENT OFDEPARTMENT WISE OTHER ASSETS (COLLEGE & HOSPITAL) PURCHASED/ACQUIRED BY THE INSTITUTION FOR THE FINANCIAL YEARS FOR 2023-24 & 2024-25
B7: ANY ADDITIONAL EQUIPMENTS PURCHASED FOR PG COURSES & SUPER SPECIALTITY COURSES TO BE GIVEN SEPARATELY
I9: AMOUNT IN Rs.
C10: S NO. | D10: NAME OF THE ASSET | E10: DEPARTMENT | F10: DATE OF PURCHASE | G10: PALCE OF INSTALLATION/ PUT IN TO USE | H10: COST IN RS. | I10: PRESENT WRITTEN DOWN VALUE AS ON 31/03/2024
C11: A
C12: B | D12: NIL
C13: C
D14: TOTAL | H14: =SUM(H11:H13) -> 0
I16: AMOUNT IN Rs.
C17: S NO. | D17: NAME OF THE ASSET | E17: DEPARTMENT | F17: DATE OF PURCHASE | G17: PALCE OF INSTALLATION/ PUT IN TO USE | H17: COST IN RS. | I17: PRESENT WRITTEN DOWN VALUE AS ON 31/03/2025
C18: A
C19: B | D19: NIL
C20: C
D21: TOTAL | H21: =SUM(H18:H20) -> 0

Sheet SCH-21 I&E Society
B2: NAME OF THE SOCIETY PRATHIMA EDUCATIONAL SOCIETY
F3: SCHEDULE - 21
B4: INCOME & EXPENDITURE STATEMENT OF THE SOCIETY FOR THE FINANCIAL YEAR 2023-24 & 2024-25
B5: PARTICULARS | F5: AMOUNT IN RS.
F6: FOR THE PERIOD FROM 01/04/2023 TO 31/03/2024 | G6: FOR THE PERIOD FROM 01/04/2024 TO 31/03/2025
B7: INCOME:
C8: Fee Collection | F8: 1132356825 | G8: 1335340600
E9: Less Development Fund (NRI) | F9: 0 | G9: 0
E10: Net Collection : (Fee Collection - Development Fund) | F10: 1132356825 | G10: 1335340600
E11: Special fee | F11: 0 | G11: 0
C12: OTHER INCOME
D13: Income from Patients | F13: 2.2669178e+08 | G13: 2.6459093e+08
D14: Interest Received | F14: 0 | G14: 0
D15: College Bus FeeCollections | F15: 0 | G15: 0
D16: Interest on AICTE FDRs | F16: 29693262 | G16: 32480235
D17: Interest on Electricity Deposits | F17: 32609 | G17: 845281
D18: Surplus from Seminars | F18: 0 | G18: 0
D19: Miscellaneous Income | F19: 31138052 | G19: 1891964.1
D20: Any other Income (specify Head-wise)
E21: Pharmacy Sales | F21: 11828455 | G21: 14880580
E22: Hostel / Other Fee | F22: 1.3558956e+08 | G22: 1.4558773e+08
C23: Revenue Grants
C24: Donations & Contributions
B25: TOTAL INCOME | F25: =+SUM(F10:F24) -> 1.5673305e+09 | G25: =+SUM(G10:G24) -> 1.7956173e+09
B27: EXPENDITURE
C28: SALARIES
D29: Department wise Staff (Clinical) Salaries | F29: 241498762 | G29: 213010978
E30: Eligible Staff
D31: Department wise Staff (Non-Clinical) Salaries | F31: 78210975 | G31: 90924931
E32: Eligible Staff
D33: Ancillary Serivices Staff Salaries | F33: 121199093 | G33: 147603759
E34: Eligible Staff
C36: Administrative & Other Expenses | F36: 8.8900253e+08 | G36: 9.1058733e+08
C37: Finance Costs | F37: 30890897 | G37: 32521821
C38: Depreciation | F38: 1.0006939e+08 | G38: 1.0189739e+08
C39: Utilisation of Revenue Grants | F39: 0 | G39: 0
B40: TOTAL EXPENDITURE | F40: =+SUM(F27:F39) -> 1.4608716e+09 | G40: =+SUM(G27:G39) -> 1.4965462e+09
C41: Surplus/ (Deficit) | F41: =+F25-F40 -> 1.0645889e+08 | G41: =+G25-G40 -> 2.9907112e+08
B42: SANCTIONED INTAKE / APPROVED BY UNIVERSITY | F42: 2249 | G42: 2500
B43: AVERAGE EXPENDITURE PER STUDENT | F43: =F40/F42 -> 649564.98 | G43: =G40/G42 -> 598618.48

Sheet SCH-22 Collegewise BS 24-25
B1: The following tables should be used for all other programmes offered in the college
F2: SCHEDULE-21
B3: NAME OF THE COLLEGE
E4: PRATHIMA INSTITUTE OF MEDICAL SCIENCES
B5: COURSE B.Sc (MLT) , B.Sc(AHS) & PARA MEDICAL
B6: BALANCE SHEET OF THE INSTITUTION
F7: AMOUNT IN RS.
B8: PARTICULARS | F8: AS ON 31-03-2025 | G8: AS ON 31-03-2024
B10: LIABILITIES:
C11: CAPITAL FUND: | F11: =SUM(F12:F14) -> -1362490 | G11: =SUM(G12:G14) -> -213722
D12: Opening Balance | G12: 0
D13: Add: Received | G13: 0
D14: Add: Excess of Income over Expenditure | F14: -1362490 | G14: -213722
D15: Others (Specify)
C17: NON CURRENT LIABILITIES:
D18: Term Loans/Unsecured Loans: | F18: =F19+F23 -> 3506000 | G18: =G19+G23 -> 1010000
E19: Banks/Financial Institutions | G19: =G20+G21 -> 0
E20: Term Loans from Banks
E21: Working Capital Loans from Banks
E22: Society
E23: Others | F23: 3506000 | G23: 1010000
D24: Other Non Current Liabilitites (Specify)
C25: CURRENT LIABILITIES: | F25: =SUM(F26:F35) -> 225000 | G25: =SUM(G26:G35) -> 172000
D26: Un-Utilized Grants
D27: Sundry Creditors
D28: Outstanding Liabilities & Provisions (Specify)
D29: Provision for Expenses
D30: Salaries Payable
D32: Other Current Liabilities (Specify)
E33: Students | F33: 225000 | G33: 172000
E34: Statutory Dues
E35: Credit Balances in Current A/c
D36: Nursing Assets
D37: Prathima Educational Society PG Liabilities | F37: =F59-F25-F18-F11 -> 20014790 | G37: =G59-G25-G18-G11 -> 11885022
B38: TOTAL LIABILITIES | F38: =F25+F18+F11+F36+F37 -> 22383300 | G38: =G25+G18+G11+G36+G37 -> 12853300
B40: ASSETS: | F40: AS ON 31-03-2025 | G40: AS ON 31-03-2024
C41: NON CURRENT ASSETS:
D42: Fixed Assets:
E43: Closing Balance | F43: 0 | G43: 0
D45: Fixed Deposits (including Interest Accrued)
D46: Other Deposits
D47: Loans & Advances
D48: Other Non Current Asset Specify
C49: CURRENT ASSETS: | F49: =SUM(F50:F56) -> 22383300 | G49: =SUM(G50:G56) -> 12853300
D50: Tuition Fee Receivable | F50: 22383300 | G50: 12853300
D51: Other Current Asset Specify
D52: Health Schemes
D53: TDS Receivables
D54: Cash at Bank
D55: Cash on Hand
D56: Other Current Assets
D57: PG Liabilities
D58: Prathima Educational Society Nursing Assets
B59: TOTAL ASSETS | F59: =F49+F47+F45+F43+F57+F58+F46 -> 22383300 | G59: =G49+G47+G45+G43+G57+G58+G46 -> 12853300

Sheet SCH-22 BS Society
B4: SCHEDULE-22
B5: NAME OF THE SOCIETY | D5: PRATHIMA EDUCATIONAL SOCIETY
E6: AMOUNT IN Rs.
B7: BALANCE SHEET OF THE SOCIETY / TRUST
B9: LIABILITIES | C9: As on 31/03/2025 | D9: As on 31/03/2024 | E9: ASSETS | F9: As on 31/03/2025 | G9: As on 31/03/2024
B12: Capital Fund | C12: 1.71968e+09 | D12: 1.4206088e+09 | E12: Fixed Assets | F12: 1.1170918e+09 | G12: 1.0831714e+09
B14: Unutilised Grants & Donations | E14: Interest Accrued on Fixed Deposits
B16: Term Loans from Banks | C16: 195705325 | D16: 233428308 | E16: Fixed Deposits | F16: 456900787 | G16: 289580408
B18: Working Capital Loans from Banks | C18: 7751546.5 | D18: 56527411 | E18: Deposits With Others | F18: 9530398 | G18: 8558318
B20: Loans from Society | E20: Loans & Advances | F20: 85985283 | G20: 83550120
B22: Loans from Others | C22: 97063939 | D22: 85752939 | E22: Tuition Fee Receivable | F22: 3.536278e+08 | G22: 3.6447868e+08
B24: Outstanding Expenses (if any) | E24: Any other Assets (Specify)
B25: Salaries Payables | C25: 629426.99 | D25: 804646.99 | E25: Health Schemes | F25: 1.3769156e+08 | G25: 1.23965e+08
B26: Provision for Expenses | C26: 0 | D26: 0 | E26: TDS Receivable | F26: 45955426 | G26: 42109286
E27: Other Current Assets | F27: 53255286 | G27: 56305913
B28: Liabilities (Specify)
B29: Any other Liabilities (Specify) | E29: Closing Balances
B30: Caution Depost | E30: Cash on Hand | F30: 3283368.5 | G30: 4162441.6
B31: Stipend Fee | E31: Cash at Bank (Specify Bank wise) | F31: 51075373 | G31: 89831923
B32: Fee Advance | C32: 28605545 | D32: 88973146
B33: Statutory Dues | C33: 66539581 | D33: 67132138
B34: Sundry Creditors | C34: 1.9719819e+08 | D34: 1.913011e+08
B35: Credit Balances in Current A/c | C35: 1223551.9 | D35: 1184993.8
B36: TOTAL | C36: =+SUM(C12:C35) -> 2.3143971e+09 | D36: =+SUM(D12:D35) -> 2.1457135e+09 | E36: TOTAL | F36: =+SUM(F12:F34) -> 2.3143971e+09 | G36: =+SUM(G12:G34) -> 2.1457135e+09
F38: =C36-F36 -> 0.12999916 | G38: =D36-G36 -> 0.12343407

Sheet SCH-23
B2: NAME OF THE INSTITUTION PRATHIMA INSTITUTE OF MEDICAL SCIENCES
C3: COURSE B.Sc (MLT) , B.Sc(AHS) & PARA MEDICAL | D3: COURSE B.Sc MLT | I3: SCHEDULE - 23
J4: SCHEDULE-23
B5: STATEMENT OF LEGAL EXPENDITURE (PROGRAMME WISE)
I6: AMOUNT IN Rs.
B7: S. No. | C7: CASE/WP NUMBER | D7: BRIEF DETAILS (UPTO 1000 CHARACTERS) | E7: NAME OF THE ADVOCATE | F7: PAN OF ADVOCATE | G7: AMOUNT PAID TO ADVOCATE | H7: TDS | I7: STAMP DUTY/COURT FEE | J7: OTHER EXPENSES | K7: TOTAL EXPENDITURE AS ON 31/03/2025
B9: NIL
B11: TOTAL | H11: =SUM(H9:H10) -> 0 | I11: =SUM(I9:I10) -> 0 | J11: =SUM(J9:J10) -> 0 | K11: =SUM(K9:K10) -> 0
C13: Furnish the details of the other courses by applying the above format.

Sheet Sch-24 B.Sc(MLT) & B.sc(AHS)
B2: NAME OF THE COLLEGE PRATHIMA INSTITUTE OF MEDICAL SCIENCES
C3: COURSE B.Sc(MLT) , B.Sc(AHS) & PARA MEDICAL
B5: OTHER INFORMATION (RESULTS ETC.)
D6: SCHEDULE -24
C8: COLLEGE CODE 317
B10: S. No. | C10: PARTICULARS | D10: B.Sc MLT
D11: 2024-25 | E11: 2023-24
B13: 1 | C13: YEAR OF ESTABLISHMENT | D13: 2010
B14: 2 | C14: % OF ADMITED STUDENT TO SANCTIONED STUDENTS | D14: 100 | E14: 100
B15: 3 | C15: PASS PERCENTAGE IN FINAL YEAR | D15: EXAMS NOT YET HELD | E15: 56
B16: 4 | C16: RATIO OF QUALIFIED FACULTY TO SANCTIONED STUDENTS | D16: 24:50 | E16: 24:50
B17: 5 | C17: ACCREDATION BY NATIONAL AGENCIES | D17: NOT OBTAINED
B19: TOTAL POINTS
C21: COLLEGE CODE 610
B23: S. No. | C23: PARTICULARS | D23: B.Sc AHS
D24: 2024-25 | E24: 2023-24
B26: 1 | C26: YEAR OF ESTABLISHMENT | D26: 2023
B27: 2 | C27: % OF ADMITED STUDENT TO SANCTIONED STUDENTS | D27: 76 | E27: 65
B28: 3 | C28: PASS PERCENTAGE IN FINAL YEAR | D28: EXAMS NOT YET HELD | E28: 40
B29: 4 | C29: RATIO OF QUALIFIED FACULTY TO SANCTIONED STUDENTS | D29: 85:220 | E29: 85:220
B30: 5 | C30: ACCREDATION BY NATIONAL AGENCIES | D30: NOT OBTAINED
B32: TOTAL POINTS
B34: NOTE: Include the above information for all the Colleges run by the Society

Sheet SCH-25MLT
B2: NAME OF THE COLLEGE PRATHIMA INSTITUTE OF MEDICAL SCIENCES
B3: COURSE B.Sc (MLT) , B.Sc(AHS) & PARA MEDICAL
B4: DETAILS OF SALARY PAYMENT AS PER FORM 24Q
F5: SCHEDULE - 25
B7: PARTICULARS | D7: Gross Salary | E7: Total Deductions | F7: Taxable Salary | G7: TDS Deducted
B9: Salary payments as per Form 24 Q for the year 2024-25 | D9: 21217990 | E9: 0 | F9: 11888636 | G9: 1197201
B14: PARTICULARS | D14: Gross Salary | E14: Total Deductions | F14: Taxable Salary | G14: TDS Deducted
B16: Salary payments as per Form 24 Q for the year 2023-24 | D16: 10539722 | E16: 0 | F16: 4432700 | G16: 746522
B21: Note: Attachment Form 24 Q

Sheet SCH-26MLT
B2: NAME OF THE INSTITUTION : PRATHIMA INSTITUTE OF MEDICAL SCIENCES
D3: ='SCH-25MLT'!B3 -> COURSE B.Sc (MLT) , B.Sc(AHS) & PARA MEDICAL
B4: DETAILS OF EXPENDIDTURE ON WHICH TAX DEDUCTED AS PER IT ACT
G6: SCHEDULE - 26
G7: AMOUNT IN Rs.
C9: HEAD OF EXPENDITURE | E9: Total Amount as per Audited Statements | F9: Amount on which Tax Deducted | G9: TDS Amount | H9: Section Under which Tax Deducted
C10: YEAR 2024-25:
C11: 1 | D11: Contractors | E11: 0 | F11: 0 | G11: 0 | H11: 194C
C12: 2 | D12: Professionals / Consultants | E12: 0 | F12: 0 | G12: 0 | H12: 194JB | K12: 194JB
C13: 3 | D13: Rent | E13: 0 | F13: 0 | G13: 0 | H13: 194IB | K13: 194IB
C14: TOTAL | E14: =SUM(E11:E13) -> 0 | F14: =SUM(F11:F13) -> 0 | G14: =SUM(G11:G13) -> 0
C17: HEAD OF EXPENDITURE | E17: Total Amount as per Audited Statements | F17: Amount on which Tax Deducted | G17: TDS Amount | H17: Section Under which Tax Deducted
C18: YEAR 2023-24:
C19: 1 | D19: Contractors | E19: 0 | F19: 0 | G19: 0 | H19: 194C | J19: =G19/F19 -> #DIV/0!
C20: 2 | D20: Professionals / Consultants | E20: 0 | F20: 0 | G20: 0 | H20: 194JB | J20: =G20/F20 -> #DIV/0!
C21: 3 | D21: Rent | E21: 0 | F21: 0 | G21: 0 | H21: 194IB | J21: =G21/F21 -> #DIV/0!
C22: TOTAL | E22: =SUM(E19:E21) -> 0 | F22: =SUM(F19:F21) -> 0 | G22: =SUM(G19:G21) -> 0
B25: Note: Attachment Form 26 Q

Sheet Sch-27 Coursewise BS 24-25
B1: The following tables should be used for all other programmes offered in the college
F2: SCHEDULE - 27
B3: PRATHIMA INSTITUTE OF MEDICAL SCIENCES
B4: BSC(MLT) , BSC(AHS) & PARA MEDICAL
B5: BALANCE SHEET OF THE INSTITUTION
F6: AMOUNT IN Rs.
B7: PARTICULARS | F7: AS ON 31/03/2025 | I7: AS ON 31/12/2024
F8: BSC(MLT) | G8: BSC(AHS) | H8: PARA MEDICAL | I8: BSC(MLT) | J8: BSC(AHS) | K8: PARA MEDICAL
B9: LIABILITIES:
C10: CAPITAL FUND: | F10: =SUM(F11:F13) -> -2566924.4 | G10: =SUM(G11:G13) -> 1411052 | H10: =SUM(H11:H13) -> -206617.54 | I10: =SUM(I11:I13) -> -1346269.7 | J10: =SUM(J11:J13) -> 1132547.7 | K10: =SUM(K11:K13) -> 0
D11: Opening Balance | F11: 0 | G11: 0 | H11: 0 | I11: 0 | J11: 0 | K11: 0
D12: Add: Received | F12: 0 | G12: 0 | H12: 0 | I12: 0 | J12: 0 | K12: 0
D13: Add: Excess of Income over Expenditure | F13: -2566924.4 | G13: 1411052 | H13: -206617.54 | I13: -1346269.7 | J13: 1132547.7 | K13: 0
D14: Others (Specify)
C16: NON CURRENT LIABILITIES:
D17: Term Loans/Unsecured Loans: | F17: =F18+F22 -> 786000 | G17: =G18+G22 -> 2720000 | H17: =H18+H22 -> 0 | I17: =I18+I22 -> 140000 | J17: =J18+J22 -> 870000 | K17: =K18+K22 -> 0
E18: Banks/Financial Institutions | F18: =F19+F20 -> 0 | G18: =G19+G20 -> 0 | H18: =H19+H20 -> 0 | I18: =I19+I20 -> 0 | J18: =J19+J20 -> 0 | K18: =K19+K20 -> 0
E19: Term Loans from Banks | F19: 0 | G19: 0 | H19: 0 | I19: 0 | J19: 0 | K19: 0
E20: Working Capital Loans from Banks | F20: 0 | G20: 0 | H20: 0 | I20: 0 | J20: 0 | K20: 0
E21: Society | F21: 0 | G21: 0 | H21: 0 | I21: 0 | J21: 0 | K21: 0
E22: Others | F22: 786000 | G22: 2720000 | H22: 0 | I22: 140000 | J22: 870000 | K22: 0
D23: Other Non Current Liabilitites (Specify)
C24: CURRENT LIABILITIES: | F24: =SUM(F25:F34) -> 225000 | G24: =SUM(G25:G34) -> 0 | H24: =SUM(H25:H34) -> 0 | I24: =SUM(I25:I34) -> 172000 | J24: =SUM(J25:J34) -> 0 | K24: =SUM(K25:K34) -> 0
D25: Un-Utilized Grants | F25: 0 | G25: 0 | H25: 0 | I25: 0 | J25: 0 | K25: 0
D26: Sundry Creditors | F26: 0 | G26: 0 | H26: 0 | I26: 0 | J26: 0 | K26: 0
D27: Outstanding Liabilities & Provisions (Specify) | F27: 0 | G27: 0 | H27: 0 | I27: 0 | J27: 0 | K27: 0
D28: Provision for Expenses | F28: 0 | G28: 0 | H28: 0 | I28: 0 | J28: 0 | K28: 0
D29: Salaries Payable | F29: 0 | G29: 0 | H29: 0 | I29: 0 | J29: 0 | K29: 0
D31: Other Current Liabilities (Specify)
E32: Students | F32: 225000 | G32: 0 | H32: 0 | I32: 172000 | J32: 0 | K32: 0
E33: Statutory Dues | F33: 0 | G33: 0 | H33: 0 | I33: 0 | J33: 0 | K33: 0
E34: Credit Balances in Current A/c | F34: 0 | G34: 0 | H34: 0 | I34: 0 | J34: 0 | K34: 0
D35: Inter Adjustements | F35: =F55-F24-F17-F10 -> 10570224 | G35: =G55-G24-G17-G10 -> 9037948 | H35: =H55-H24-H17-H10 -> 406617.54 | I35: =I55-I24-I17-I10 -> 11348070 | J35: =J55-J24-J17-J10 -> 536952.3 | K35: =K55-K24-K17-K10 -> 0
B36: TOTAL LIABILITIES | F36: =F24+F17+F10+F35 -> 9014300 | G36: =G24+G17+G10+G35 -> 13169000 | H36: =H24+H17+H10+H35 -> 200000 | I36: =I24+I17+I10+I35 -> 10313800 | J36: =J24+J17+J10+J35 -> 2539500 | K36: =K24+K17+K10+K35 -> 0
B38: ASSETS: | F38: BSC(MLT) | G38: BSC(AHS) | H38: PARA MEDICAL | I38: BSC(MLT) | J38: BSC(AHS) | K38: PARA MEDICAL
C39: NON CURRENT ASSETS:
D40: Fixed Assets:
E41: Closing Balance | F41: 0 | G41: 0 | H41: 0 | I41: 0 | J41: 0 | K41: 0
D43: Fixed Deposits (including Interest Accrued) | F43: 0 | G43: 0 | H43: 0 | I43: 0 | J43: 0 | K43: 0
D44: Other Deposits | F44: 0 | G44: 0 | H44: 0 | I44: 0 | J44: 0 | K44: 0
D45: Loans & Advances | F45: 0 | G45: 0 | H45: 0 | I45: 0 | J45: 0 | K45: 0
D46: Other Non Current Asset Specify | F46: 0 | G46: 0 | H46: 0 | I46: 0 | J46: 0 | K46: 0
C47: CURRENT ASSETS: | F47: =SUM(F48:F54) -> 9014300 | G47: =SUM(G48:G54) -> 13169000 | H47: =SUM(H48:H54) -> 200000 | I47: =SUM(I48:I54) -> 10313800 | J47: =SUM(J48:J54) -> 2539500 | K47: =SUM(K48:K54) -> 0
D48: Tuition Fee Receivable | F48: 9014300 | G48: 13169000 | H48: 200000 | I48: 10313800 | J48: 2539500 | K48: 0
D49: Other Current Asset Specify
D50: Health Schemes | F50: 0 | G50: 0 | H50: 0 | I50: 0 | J50: 0 | K50: 0
D51: TDS Receivables | F51: 0 | G51: 0 | H51: 0 | I51: 0 | J51: 0 | K51: 0
D52: Cash at Bank | F52: 0 | G52: 0 | H52: 0 | I52: 0 | J52: 0 | K52: 0
D53: Cash on Hand | F53: 0 | G53: 0 | H53: 0 | I53: 0 | J53: 0 | K53: 0
D54: Other Current Assets | F54: 0 | G54: 0 | H54: 0 | I54: 0 | J54: 0 | K54: 0
B55: TOTAL ASSETS | F55: =F47+F45+F43+F41+F44 -> 9014300 | G55: =G47+G45+G43+G41+G44 -> 13169000 | H55: =H47+H45+H43+H41+H44 -> 200000 | I55: =I47+I45+I43+I41+I44 -> 10313800 | J55: =J47+J45+J43+J41+J44 -> 2539500 | K55: =K47+K45+K43+K41+K44 -> 0
F56: =F55-F36 -> 0 | G56: =G55-G36 -> 0 | H56: =H55-H36 -> 0 | I56: =I55-I36 -> 0 | J56: =J55-J36 -> 0 | K56: =K55-K36 -> 0

Sheet Sheet1

Sheet Sheet2

Sheet Sheet3
